Workbook
Name _Hlk192850226: 'L1 ANDA EXTR Ceuta Melilla'!$C$25
Name _Hlk193094503: '% admitidos'!$A$50
Name _Hlk193097860: '% admitidos'!$A$142
Name _Hlk202344527: 'L9 CANAR'!$H$69

Sheet RESUMEN LOTES
C2: NOTA IMPORTANTE: resumen informativo, no válido como oferta
B4: Resumen ofertado por lote
B6: Lote | C6: Detalle CC.AA. Y Ciudades Autonomas | E6: VALOR ESTIMADO MAXIMO | G6: Importe oferta | I6: % descto. ofertado
B7: 1 | C7: CCAA Andalucía y Extremadura, Ciudades Autónomas de Ceuta y Melilla | E7: 40800 | G7: =+TRUNC('L1 ANDA EXTR Ceuta Melilla'!$G$18,2) -> 0 | I7: =+IF(LEN(G7)>0,+(G7-E7)/E7,"") -> -1
B8: 2 | C8: CCAA Aragón, Navarra, La Rioja y el País Vasco. | E8: 28400 | G8: =+TRUNC('L2 ARAG NAVA RIOJ PVASC'!$G$18,2) -> 0 | I8: =+IF(LEN(G8)>0,+(G8-E8)/E8,"") -> -1
B9: 3 | C9: Comunidad de Madrid, sede Prado del Rey | E9: 77100 | G9: =+TRUNC('L3 MADR (Prado Rey)'!$G$18,2) -> 0 | I9: =+IF(LEN(G9)>0,+(G9-E9)/E9,"") -> -1
B10: 4 | C10: Comunidad de Madrid, sede Torrespaña, Dehesa de la Villa (IRTVE), inmuebles sin uso. | E10: 44800 | G10: =+TRUNC('L4 MADR (TorreEspaña y resto)'!$G$18,2) -> 0 | I10: =+IF(LEN(G10)>0,+(G10-E10)/E10,"") -> -1
B11: 5 | C11: CCAA Valencia, Castilla-La Mancha, Illes Balears y Murcia. | E11: 31000 | G11: =+TRUNC('L5 VALE CMAN BALE MURC'!$G$18,2) -> 0 | I11: =+IF(LEN(G11)>0,+(G11-E11)/E11,"") -> -1
B12: 6 | C12: CCAA Cantabria, Castilla-León y Asturias. | E12: 28400 | G12: =+TRUNC('L6 CANT CLEON ASTU'!$G$18,2) -> 0 | I12: =+IF(LEN(G12)>0,+(G12-E12)/E12,"") -> -1
B13: 7 | C13: Comunidad Autónoma de Cataluña. | E13: 50300 | G13: =+TRUNC('L7 CATAL'!$G$18,2) -> 0 | I13: =+IF(LEN(G13)>0,+(G13-E13)/E13,"") -> -1
B14: 8 | C14: Comunidad Autónoma de Galicia. | E14: 25700 | G14: =+TRUNC('L8 GALIC'!$G$18,2) -> 0 | I14: =+IF(LEN(G14)>0,+(G14-E14)/E14,"") -> -1
B15: 9 | C15: Comunidad Autónoma de Canarias. | E15: 10300 | G15: =+TRUNC('L9 CANAR'!$G$18,2) -> 0 | I15: =+IF(LEN(G15)>0,+(G15-E15)/E15,"") -> -1
C17: TOTAL OFERTAS EXPEDIENTE S-01533-2025 | E17: =SUM(E7:E16) -> 336800 | G17: =+SUM(G7:G15) -> 0 | I17: =+IF(LEN(G17)>0,+SUM(I7:I15)/COUNTIFS((G7:G15),">0"),"") -> #DIV/0! | J17: dscto medio

Sheet INSTRUCCIONES
B2: NO SE INTRODUCIRA NINGUN IMPORTE EN "Anx I pg 1 oferta", todos se obtienen por cálculo automático
B4: NO SE INTRODUCIRA NINGUN IMPORTE TABLA "Desglose 3" de cada lote, todos se obtienen por cálculo automático
B13: DEBEN SEGUIRSE 4 PASOS PARA OBTENER LA OFERTA CON ESTE FICHERO EXCEL
A15: 1) | B15: OFERTAR EL IMPORTE TOTAL DEL LOTE SELECCIONADO (Tabla DESGLOSE 1)
A17: 2) | B17: OFERTAR EL DETALLE INDIVIDUAL DE SEDES DEL LOTE (Tabla DESGLOSE 2)
B19: IMPORTANTE: SI SE DESEA OFERTAR MÁS DE UN LOTE SE REPETIRAN PASOS 1) y 2) HASTA HABER OFERTADO TODOS LOS LOTES
A21: 3) | B21: COMPLETAR DATOS (Anx I pg 1 oferta) Y SOBRE TODO EL CAMPO "Fdo."
A23: 4) | B23: IMPRIMIR en pdf (Anx I pg 1 oferta) y TABLAS DESGLOSE 1 + DESGLOSE 2 DE TODOS LOS LOTES OFERTADOS.
B25: PASO 5:
B26: PRESENTAR OFERTA FIRMADA EN EXCEL EN CADA UNO DE LOS LOTES OFERTADOS (pag.1 + desglose precio del lote)
B27: y, OBLIGATORIAMENTE este fichero EXCEL CUMPLIMENTADO
B31: Es imprescindible respetar este orden para obtener los resultados esperados.
B33: GRAFICAMENTE, SE REPASAN LAS FASES (se toma como ejemplo el LOTE 9 - CANARIAS)
A37: 1) | B37: OFERTAR EL IMPORTE TOTAL DEL LOTE SELECCIONADO (Tabla DESGLOSE 1)
A81: 2) | B81: OFERTAR EL DETALLE INDIVIDUAL DE SEDES DEL LOTE (Tabla DESGLOSE 2)
B83: AL OFERTAR UN IMPORTE TOTAL DEL LOTE SE DESPLIEGA UNA LISTA DE OPCIONES DE IMPORTES VÁLIDOS PARA CADA SEDE
B120: Y UNOS MENSAJES DE CHEQUEO A LA DERECHA QUE SE IRAN MODIFICANDO SEGÚN SE COMPLETEN LAS CELDAS EN AMARILLO
B143: El importe de la sede de mayor ponderación en el lote se cumplimenta autómaticamente con el total ofertado por el licitador
B168: La sede de mayor ponderación L09-02 se reajusta automáticamente cada vez que se oferta una sede. A la derecha, el check indica el num. de sedes pendientes de ofertar
B169: Mientras no se completen todos los lotes, la sede L09-02 nos avisará del error, indicando (a la derecha) que el importe máximo admitido son 4.518 € y, hasta el momento los 8.141 €
B170: de la columna "IMPORTE ofertado" no son correctos
B172: Si se oferta un importe por encima o por debajo de los valores propuestos en rojo, el check avisará sobre el importe ofertado y cual es la cantidad mínima o máxima admitida
B173: en CT TVE Tenerife (L09-03) de siguiente ejemplo la cantidad ofertada (2.540 €) es incorrecta por ser inferior a la mínima admitida (2.544 €)
B201: Se admite cualquier valor siempre que esté comprendido entre el mínimo y el máximo detallados debajo de cada sede.
B202: Se admiten 2 decimales pero se sugiere ofertar las sedes sin decimales, solo la de mayor ponderación incluiría decimales
B203: si fueran necesarios para alcanzar el TOTAL OFERTA LOTE de tabla desglose 1.
B205: Una vez ofertadas TODAS las sedes del lote con valores admitidos todas las cantidades se dan por correctas (ok a la derecha)
... B504: UNA VEZ COMPLETADOS TODOS LOS LOTES A OFERTAR CONTINUAMOS EN PASO 3)
A509: 3) | B509: COMPLETAR DATOS (Anx I pg 1 oferta) Y SOBRE TODO EL CAMPO "Fdo."
B511: Cumplimentados los datos del licitador, vemos un AVISO EN ROJO antes de campo "Fdo."
B547: QUE DESAPARECE CUANDO INTRODUCIMOS EL NOMBRE DEL FIRMANTE
B584: tambien han desaparecido los importes maximo - medio - minimo del detalle de sedes en Desglose 2
B631: y podemos obtener la oferta en PDF para su firma
A634: 4) | B634: IMPRIMIR en pdf (Anx I pg 1 oferta) y TABLAS DESGLOSE 1 + DESGLOSE 2 DE TODOS LOS LOTES OFERTADOS.
B636: Las hojas están ya configuradas para su impresión directa,
B638: al seleccionar en barra de tareas
B649: e imprimir
B700: Previsualizamos la pg 1 de la oferta
B745: y después de imprimirla se procede igual en la/s página/s de cada lote ofertado
B789: MUY IMPORTANTE:
B790: Recuerde que debe introducir en el sobre C del lote ofertado SIEMPRE 2 páginas: la pag.1 + la página con tablas Desglose 1 + Desglose 2 del lote ofertado

Sheet Anx I pg 1 oferta
A2: NOTA IMPORTANTE: ESTE ANEXO I Y TABLA/S DESGLOSE DE PRECIO SE PRESENTARAN FIRMADOS EN FORMATO PDF
J5: “A.T. para redacción de auditorías energéticas y certificados energéticos de SEDES CRTVE "
J7: Expediente n.º S/01533/2025
A9: ANEXO I: MODELO DE PROPOSICIÓN ECONÓMICA
A12: D./Dª | F12: con D.N.I./NIE número
A13: (Nombre y dos apellidos)
A15: actuando en calidad de apoderado de la empresa
F16: (nombre o razón social)
A18: con NIF | C18: y domicilio social en
A20: conforme acredita con Poder.
A22: Se compromete a prestar el servicio con estricta sujeción a todas las condiciones técnicas y legales que se contienen en
A23: las Condiciones Generales de Contratación y de Condiciones Técnicas Particulares que ha examinado y expresamente
A24: acepta, señalando como características de su proposición las siguientes:
A26: A. El precio máximo ofertado, expresado sin IVA u otros impuestos indirectos equivalentes, es
A28: de | B28: =+IF(ISNUMBER($H$48),IF($H$48<=336800,$H$48,"ERROR: no debe superar 336.800,00 "),"error, falta importe TOTAL OFERTA") -> 0 | D28: €
A30: Las proposiciones económicas incluirán un único precio para cada prestación, aplicable en cada uno de los años de ejecución del contrato, incluyendo los años de posibles prórrogas, en su caso.
A32: Las proposiciones económicas no podrán superar superar el importe total para cada uno de los lotes del valor estimado indicado en el PCAP cláusula 3ª.
A34: Será obligatorio cumplimentar todos los campos de los formularios en caso contrario se desestimará oferta.
A36: En caso de discrepancia entre el importe del precio unitario y el importe indicado en las casillas de estimación anual, prevalecerá el importe del precio unitario de cada servicio, y se corregirá el cálculo partiendo del precio unitario indicado.
A38: =+$B$18&"T0_cab" -> T0_cab | B38: LOTE | C38: Descripción | G38: Importe oferta
A39: =+$B$18&"T0_L01" -> T0_L01 | B39: 1 | C39: =+IF(OR('L1 ANDA EXTR Ceuta Melilla'!G18=0,LEN('L1 ANDA EXTR Ceuta Melilla'!G18)=0),"CCAA Andalucía y Extremadura, Ciudades Autónomas de Ceuta y Melilla",IF(OR('L1 ANDA EXTR Ceuta Melilla'!G18<0,+'L1 ANDA EXTR Ceuta Melilla'!G18/'L1 ANDA EXTR Ceuta Melilla'!G18<>1,'L1 ANDA EXTR Ceuta Melilla'!G18<>TRUNC('L1 ANDA EXTR Ceuta Melilla'!G18,2)),"REVISE IMPORTES OFERTADOS EN LOTE 1","CCAA Andalucía y Extremadura, Ciudades Autónomas de Ceuta y Melilla")) -> CCAA Andalucía y Extremadura, Ciudades Autónomas de Ceuta y Melilla | H39: =+IF(OR('L1 ANDA EXTR Ceuta Melilla'!G18=0,LEN('L1 ANDA EXTR Ceuta Melilla'!G18)=0),"",IF(OR('L1 ANDA EXTR Ceuta Melilla'!G18<0,+'L1 ANDA EXTR Ceuta Melilla'!G18/'L1 ANDA EXTR Ceuta Melilla'!G18<>1,'L1 ANDA EXTR Ceuta Melilla'!G18<>TRUNC('L1 ANDA EXTR Ceuta Melilla'!G18,2)),"error imp.lote",IF('L1 ANDA EXTR Ceuta Melilla'!G18=SUM('L1 ANDA EXTR Ceuta Melilla'!G13:G17),+'L1 ANDA EXTR Ceuta Melilla'!G18,"")))
A40: =+$B$18&"T0_L02" -> T0_L02 | B40: 2 | C40: =+IF(OR('L2 ARAG NAVA RIOJ PVASC'!G18=0,LEN('L2 ARAG NAVA RIOJ PVASC'!G18)=0),"CCAA Aragón, Navarra, La Rioja y el País Vasco.",IF(OR('L2 ARAG NAVA RIOJ PVASC'!G18<0,+'L2 ARAG NAVA RIOJ PVASC'!G18/'L2 ARAG NAVA RIOJ PVASC'!G18<>1,'L2 ARAG NAVA RIOJ PVASC'!G18<>TRUNC('L2 ARAG NAVA RIOJ PVASC'!G18,2)),"REVISE IMPORTES OFERTADOS EN LOTE 2","CCAA Aragón, Navarra, La Rioja y el País Vasco.")) -> CCAA Aragón, Navarra, La Rioja y el País Vasco. | H40: =+IF(OR('L2 ARAG NAVA RIOJ PVASC'!G18=0,LEN('L2 ARAG NAVA RIOJ PVASC'!G18)=0),"",IF(OR('L2 ARAG NAVA RIOJ PVASC'!G18<0,+'L2 ARAG NAVA RIOJ PVASC'!G18/'L2 ARAG NAVA RIOJ PVASC'!G18<>1,'L2 ARAG NAVA RIOJ PVASC'!G18<>TRUNC('L2 ARAG NAVA RIOJ PVASC'!G18,2)),"error imp.lote",IF('L2 ARAG NAVA RIOJ PVASC'!G18=SUM('L2 ARAG NAVA RIOJ PVASC'!G13:G17),+'L2 ARAG NAVA RIOJ PVASC'!G18,"")))
A41: =+$B$18&"T0_L03" -> T0_L03 | B41: 3 | C41: =+IF(OR('L3 MADR (Prado Rey)'!G18=0,LEN('L3 MADR (Prado Rey)'!G18)=0),"Comunidad de Madrid, sede Prado del Rey",IF(OR('L3 MADR (Prado Rey)'!G18<0,+'L3 MADR (Prado Rey)'!G18/'L3 MADR (Prado Rey)'!G18<>1,'L3 MADR (Prado Rey)'!G18<>TRUNC('L3 MADR (Prado Rey)'!G18,2)),"REVISE IMPORTES OFERTADOS EN LOTE 3","Comunidad de Madrid, sede Prado del Rey")) -> Comunidad de Madrid, sede Prado del Rey | H41: =+IF(OR('L3 MADR (Prado Rey)'!G18=0,LEN('L3 MADR (Prado Rey)'!G18)=0),"",IF(OR('L3 MADR (Prado Rey)'!G18<0,+'L3 MADR (Prado Rey)'!G18/'L3 MADR (Prado Rey)'!G18<>1,'L3 MADR (Prado Rey)'!G18<>TRUNC('L3 MADR (Prado Rey)'!G18,2)),"error imp.lote",IF('L3 MADR (Prado Rey)'!G18=SUM('L3 MADR (Prado Rey)'!G13:G17),+'L3 MADR (Prado Rey)'!G18,"")))
A42: =+$B$18&"T0_L04" -> T0_L04 | B42: 4 | C42: =+IF(OR('L4 MADR (TorreEspaña y resto)'!G18=0,LEN('L4 MADR (TorreEspaña y resto)'!G18)=0),"Comunidad de Madrid, sede Torrespaña, Dehesa de la Villa (IRTVE), inmuebles sin uso.",IF(OR('L4 MADR (TorreEspaña y resto)'!G18<0,+'L4 MADR (TorreEspaña y resto)'!G18/'L4 MADR (TorreEspaña y resto)'!G18<>1,'L4 MADR (TorreEspaña y resto)'!G18<>TRUNC('L4 MADR (TorreEspaña y resto)'!G18,2)),"REVISE IMPORTES OFERTADOS EN LOTE 4","Comunidad de Madrid, sede Torrespaña, Dehesa de la Villa (IRTVE), inmuebles sin uso.")) -> Comunidad de Madrid, sede Torrespaña, Dehesa de la Villa (IRTVE), inmuebles sin uso. | H42: =+IF(OR('L4 MADR (TorreEspaña y resto)'!G18=0,LEN('L4 MADR (TorreEspaña y resto)'!G18)=0),"",IF(OR('L4 MADR (TorreEspaña y resto)'!G18<0,+'L4 MADR (TorreEspaña y resto)'!G18/'L4 MADR (TorreEspaña y resto)'!G18<>1,'L4 MADR (TorreEspaña y resto)'!G18<>TRUNC('L4 MADR (TorreEspaña y resto)'!G18,2)),"error imp.lote",IF('L4 MADR (TorreEspaña y resto)'!G18=SUM('L4 MADR (TorreEspaña y resto)'!G13:G17),+'L4 MADR (TorreEspaña y resto)'!G18,"")))
A43: =+$B$18&"T0_L05" -> T0_L05 | B43: 5 | C43: =+IF(OR('L5 VALE CMAN BALE MURC'!G18=0,LEN('L5 VALE CMAN BALE MURC'!G18)=0),"CCAA Valencia, Castilla-La Mancha, Illes Balears y Murcia.",IF(OR('L5 VALE CMAN BALE MURC'!G18<0,+'L5 VALE CMAN BALE MURC'!G18/'L5 VALE CMAN BALE MURC'!G18<>1,'L5 VALE CMAN BALE MURC'!G18<>TRUNC('L5 VALE CMAN BALE MURC'!G18,2)),"REVISE IMPORTES OFERTADOS EN LOTE 5","CCAA Valencia, Castilla-La Mancha, Illes Balears y Murcia.")) -> CCAA Valencia, Castilla-La Mancha, Illes Balears y Murcia. | H43: =+IF(OR('L5 VALE CMAN BALE MURC'!G18=0,LEN('L5 VALE CMAN BALE MURC'!G18)=0),"",IF(OR('L5 VALE CMAN BALE MURC'!G18<0,+'L5 VALE CMAN BALE MURC'!G18/'L5 VALE CMAN BALE MURC'!G18<>1,'L5 VALE CMAN BALE MURC'!G18<>TRUNC('L5 VALE CMAN BALE MURC'!G18,2)),"error imp.lote",IF('L5 VALE CMAN BALE MURC'!G18=SUM('L5 VALE CMAN BALE MURC'!G13:G17),+'L5 VALE CMAN BALE MURC'!G18,"")))
A44: =+$B$18&"T0_L06" -> T0_L06 | B44: 6 | C44: =+IF(OR('L6 CANT CLEON ASTU'!G18=0,LEN('L6 CANT CLEON ASTU'!G18)=0),"CCAA Cantabria, Castilla-León y Asturias.",IF(OR('L6 CANT CLEON ASTU'!G18<0,+'L6 CANT CLEON ASTU'!G18/'L6 CANT CLEON ASTU'!G18<>1,'L6 CANT CLEON ASTU'!G18<>TRUNC('L6 CANT CLEON ASTU'!G18,2)),"REVISE IMPORTES OFERTADOS EN LOTE 6","CCAA Cantabria, Castilla-León y Asturias.")) -> CCAA Cantabria, Castilla-León y Asturias. | H44: =+IF(OR('L6 CANT CLEON ASTU'!G18=0,LEN('L6 CANT CLEON ASTU'!G18)=0),"",IF(OR('L6 CANT CLEON ASTU'!G18<0,+'L6 CANT CLEON ASTU'!G18/'L6 CANT CLEON ASTU'!G18<>1,'L6 CANT CLEON ASTU'!G18<>TRUNC('L6 CANT CLEON ASTU'!G18,2)),"error imp.lote",IF('L6 CANT CLEON ASTU'!G18=SUM('L6 CANT CLEON ASTU'!G13:G17),+'L6 CANT CLEON ASTU'!G18,"")))
A45: =+$B$18&"T0_L07" -> T0_L07 | B45: 7 | C45: =+IF(OR('L7 CATAL'!G18=0,LEN('L7 CATAL'!G18)=0),"Comunidad Autónoma de Cataluña.",IF(OR('L7 CATAL'!G18<0,+'L7 CATAL'!G18/'L7 CATAL'!G18<>1,'L7 CATAL'!G18<>TRUNC('L7 CATAL'!G18,2)),"REVISE IMPORTES OFERTADOS EN LOTE 7","Comunidad Autónoma de Cataluña.")) -> Comunidad Autónoma de Cataluña. | H45: =+IF(OR('L7 CATAL'!G18=0,LEN('L7 CATAL'!G18)=0),"",IF(OR('L7 CATAL'!G18<0,+'L7 CATAL'!G18/'L7 CATAL'!G18<>1,'L7 CATAL'!G18<>TRUNC('L7 CATAL'!G18,2)),"error imp.lote",IF('L7 CATAL'!G18=SUM('L7 CATAL'!G13:G17),+'L7 CATAL'!G18,"")))
A46: =+$B$18&"T0_L08" -> T0_L08 | B46: 8 | C46: =+IF(OR('L8 GALIC'!G18=0,LEN('L8 GALIC'!G18)=0),"Comunidad Autónoma de Galicia.",IF(OR('L8 GALIC'!G18<0,+'L8 GALIC'!G18/'L8 GALIC'!G18<>1,'L8 GALIC'!G18<>TRUNC('L8 GALIC'!G18,2)),"REVISE IMPORTES OFERTADOS EN LOTE 8","Comunidad Autónoma de Galicia.")) -> Comunidad Autónoma de Galicia. | H46: =+IF(OR('L8 GALIC'!G18=0,LEN('L8 GALIC'!G18)=0),"",IF(OR('L8 GALIC'!G18<0,+'L8 GALIC'!G18/'L8 GALIC'!G18<>1,'L8 GALIC'!G18<>TRUNC('L8 GALIC'!G18,2)),"error imp.lote",IF('L8 GALIC'!G18=SUM('L8 GALIC'!G13:G17),+'L8 GALIC'!G18,"")))
A47: =+$B$18&"T0_L09" -> T0_L09 | B47: 9 | C47: =+IF(OR('L9 CANAR'!G18=0,LEN('L9 CANAR'!G18)=0),"Comunidad Autónoma de Canarias.",IF(OR('L9 CANAR'!G18<0,+'L9 CANAR'!G18/'L9 CANAR'!G18<>1,'L9 CANAR'!G18<>TRUNC('L9 CANAR'!G18,2)),"REVISE IMPORTES OFERTADOS EN LOTE 9","Comunidad Autónoma de Canarias.")) -> Comunidad Autónoma de Canarias. | H47: =+IF(OR('L9 CANAR'!G18=0,LEN('L9 CANAR'!G18)=0),"",IF(OR('L9 CANAR'!G18<0,+'L9 CANAR'!G18/'L9 CANAR'!G18<>1,'L9 CANAR'!G18<>TRUNC('L9 CANAR'!G18,2)),"error imp.lote",IF('L9 CANAR'!G18=SUM('L9 CANAR'!G13:G17),+'L9 CANAR'!G18,"")))
A48: =+$B$18&"T0_TOTOFE" -> T0_TOTOFE | E48: TOTAL OFERTA | H48: =SUM(H39:H47) -> 0
A50: B. Desglose Precio
E52: (tabla/s desglose/s precio por lote se incluye/n en página/s siguiente/s)
A55: =+IF(LEN(C56)=0,"SOLO DEBE COMPLETARSE CAMPO Fdo CUANDO HAYA TERMINADO DE OFERTAR DESGLOSE IMPORTE LOTES/SEDES","") -> SOLO DEBE COMPLETARSE CAMPO Fdo CUANDO HAYA TERMINADO DE OFERTAR DESGLOSE IMPORTE LOTES/SEDES
B56: Fdo.:
A62: Indicar importe anual de los lotes para los que se presenta oferta incluyendo, en cada caso, el desglose de precios del apartado B. Esta información solo puede completarse automáticamente cumplimentando el desglose de precios de las CCAA o Ciudades Autonómas incluidas en el lote a ofertar.

Sheet L1 ANDA EXTR Ceuta Melilla
A1: __0a
A2: __0a | B2: NOTA IMPORTANTE: ESTE DESGLOSE SE PRESENTARA FIRMADO EN FORMATO PDF
A3: __0a
A4: __0a
A5: __0a | H5: “A.T. para redacción de auditorías energéticas
A6: __0a | H6: y certificados energéticos de SEDES CRTVE"
A7: __0a | H7: Expediente n.º S/01533/2025
A8: __0a | B8: ANEXO I: DESGLOSE PRECIO LOTE 1
A9: __0a | B9: Desglose 1
A10: __0a | B10: S-01533-2025 - A.T. para redacción de auditorías energéticas y certificados energéticos de SEDES CRTVE
A11: __0a | B11: =CONCATENATE("Lote ",RIGHT(B8,2)," : ",VLOOKUP(_xlfn.NUMBERVALUE(RIGHT(B8,1)),'RESUMEN LOTES'!B:C,2,FALSE)) -> Lote 1 : CCAA Andalucía y Extremadura, Ciudades Autónomas de Ceuta y Melilla
A12: =+'Anx I pg 1 oferta'!$B$18&"T1_L01_cab" -> T1_L01_cab | B12: ID | C12: ACTUACIONES BÁSICAS | G12: IMPORTE | H12: %
A13: =+'Anx I pg 1 oferta'!$B$18&"T1_L01_DAB1" -> T1_L01_DAB1 | B13: A.B-01 | C13: =+IFERROR(IF(OR($G$18=0,LEN($G$18)=0),"Lote NO ofertado, introduzca TOTAL OFERTA LOTE",IF(OR($G$18<0,+$G$18/$G$18<>1),"Total oferta Lote incorrecto (no numérico o negativo)",IF($G$18<>TRUNC($G$18,2),"ERROR: TOTAL OFERTA LOTE más de 2 decimales",IF(VLOOKUP(1,'RESUMEN LOTES'!B7:E15,4,FALSE)<G18,"Importe ofertado supera max. € "&VLOOKUP(1,'RESUMEN LOTES'!B7:E15,4,FALSE),IF(COUNTIFS($M$29:$M$66,"ok")<>18,"Debe revisar Desglose 2 IMPORTE ofertado POR SEDE","Recopilación de información y toma de datos"))))),"TOTAL OFERTA LOTE incorrecto, no es un dato numérico") -> Lote NO ofertado, introduzca TOTAL OFERTA LOTE | G13: =+IF(OR($G$18=0,LEN($G$18)=0),"¿?",IF(COUNTIFS($M$29:$M$66,"ok")<>18,"¿?",+IF(C13="Debe revisar Desglose 2 IMPORTE ofertado POR SEDE","¿?",+SUMIFS($J$78:$J$169,$H$78:$H$169,C13)))) -> ¿? | H13: 0.15
A14: =+'Anx I pg 1 oferta'!$B$18&"T1_L01_DAB2" -> T1_L01_DAB2 | B14: A.B-02 | C14: =+IFERROR(IF(OR($G$18=0,LEN($G$18)=0),"Lote NO ofertado, introduzca TOTAL OFERTA LOTE",IF(OR($G$18<0,+$G$18/$G$18<>1),"Total oferta Lote incorrecto (no numérico o negativo)",IF($G$18<>TRUNC($G$18,2),"ERROR: TOTAL OFERTA LOTE más de 2 decimales",IF(VLOOKUP(1,'RESUMEN LOTES'!B7:E15,4,FALSE)<G18,"Importe ofertado supera max. € "&VLOOKUP(1,'RESUMEN LOTES'!B7:E15,4,FALSE),IF(COUNTIFS($M$29:$M$66,"ok")<>18,"Debe revisar Desglose 2 IMPORTE ofertado POR SEDE","Análisis y evaluación, determinación del balance de energía"))))),"TOTAL OFERTA LOTE incorrecto, no es un dato numérico") -> Lote NO ofertado, introduzca TOTAL OFERTA LOTE | G14: =+IF(OR($G$18=0,LEN($G$18)=0),"¿?",IF(COUNTIFS($M$29:$M$66,"ok")<>18,"¿?",+IF(C14="Debe revisar Desglose 2 IMPORTE ofertado POR SEDE","¿?",+SUMIFS($J$78:$J$169,$H$78:$H$169,C14)))) -> ¿? | H14: 0.1
A15: =+'Anx I pg 1 oferta'!$B$18&"T1_L01_DAB3" -> T1_L01_DAB3 | B15: A.B-03 | C15: =+IFERROR(IF(OR($G$18=0,LEN($G$18)=0),"Lote NO ofertado, introduzca TOTAL OFERTA LOTE",IF(OR($G$18<0,+$G$18/$G$18<>1),"Total oferta Lote incorrecto (no numérico o negativo)",IF($G$18<>TRUNC($G$18,2),"ERROR: TOTAL OFERTA LOTE más de 2 decimales",IF(VLOOKUP(1,'RESUMEN LOTES'!B7:E15,4,FALSE)<G18,"Importe ofertado supera max. € "&VLOOKUP(1,'RESUMEN LOTES'!B7:E15,4,FALSE),IF(COUNTIFS($M$29:$M$66,"ok")<>18,"Debe revisar Desglose 2 IMPORTE ofertado POR SEDE","Redacción del Informe Final"))))),"TOTAL OFERTA LOTE incorrecto, no es un dato numérico") -> Lote NO ofertado, introduzca TOTAL OFERTA LOTE | G15: =+IF(OR($G$18=0,LEN($G$18)=0),"¿?",IF(COUNTIFS($M$29:$M$66,"ok")<>18,"¿?",+IF(C15="Debe revisar Desglose 2 IMPORTE ofertado POR SEDE","¿?",+SUMIFS($J$78:$J$169,$H$78:$H$169,C15)))) -> ¿? | H15: 0.2
A16: =+'Anx I pg 1 oferta'!$B$18&"T1_L01_DAB4" -> T1_L01_DAB4 | B16: A.B-04 | C16: =+IFERROR(IF(OR($G$18=0,LEN($G$18)=0),"Lote NO ofertado, introduzca TOTAL OFERTA LOTE",IF(OR($G$18<0,+$G$18/$G$18<>1),"Total oferta Lote incorrecto (no numérico o negativo)",IF($G$18<>TRUNC($G$18,2),"ERROR: TOTAL OFERTA LOTE más de 2 decimales",IF(VLOOKUP(1,'RESUMEN LOTES'!B7:E15,4,FALSE)<G18,"Importe ofertado supera max. € "&VLOOKUP(1,'RESUMEN LOTES'!B7:E15,4,FALSE),IF(COUNTIFS($M$29:$M$66,"ok")<>18,"Debe revisar Desglose 2 IMPORTE ofertado POR SEDE","Aportación de ficheros ofimáticos soporte del Informe Final"))))),"TOTAL OFERTA LOTE incorrecto, no es un dato numérico") -> Lote NO ofertado, introduzca TOTAL OFERTA LOTE | G16: =+IF(OR($G$18=0,LEN($G$18)=0),"¿?",IF(COUNTIFS($M$29:$M$66,"ok")<>18,"¿?",+IF(C16="Debe revisar Desglose 2 IMPORTE ofertado POR SEDE","¿?",+SUMIFS($J$78:$J$169,$H$78:$H$169,C16)))) -> ¿? | H16: 0.05
A17: =+'Anx I pg 1 oferta'!$B$18&"T1_L01_DAB5" -> T1_L01_DAB5 | B17: A.B-05 | C17: =+IFERROR(IF(OR($G$18=0,LEN($G$18)=0),"Lote NO ofertado, introduzca TOTAL OFERTA LOTE",IF(OR($G$18<0,+$G$18/$G$18<>1),"Total oferta Lote incorrecto (no numérico o negativo)",IF($G$18<>TRUNC($G$18,2),"ERROR: TOTAL OFERTA LOTE más de 2 decimales",IF(VLOOKUP(1,'RESUMEN LOTES'!B7:E15,4,FALSE)<G18,"Importe ofertado supera max. € "&VLOOKUP(1,'RESUMEN LOTES'!B7:E15,4,FALSE),IF(COUNTIFS($M$29:$M$66,"ok")<>18,"Debe revisar Desglose 2 IMPORTE ofertado POR SEDE","Registro en la Comunidad Autónoma o en el Ministerio para la Transición Ecológica del Informe Final"))))),"TOTAL OFERTA LOTE incorrecto, no es un dato numérico") -> Lote NO ofertado, introduzca TOTAL OFERTA LOTE | G17: =+IF(OR($G$18=0,LEN($G$18)=0),"¿?",IF(COUNTIFS($M$29:$M$66,"ok")<>18,"¿?",+IF(C17="Debe revisar Desglose 2 IMPORTE ofertado POR SEDE","¿?",+SUMIFS($J$78:$J$169,$H$78:$H$169,"Registro en la Comunidad Autónoma o en el MITECO del Informe Final")))) -> ¿? | H17: 0.5 | M17: chck total
A18: =+'Anx I pg 1 oferta'!$B$18&"T1_L01_TOT" -> T1_L01_TOT | B18: . | F18: TOTAL OFERTA LOTE : | G18: 0 | N18: =+SUM(G13:G17) -> 0
A19: __0a
A20: __0a | C20: Fdo.:
A21: __0a
A22: __0a | B22: Desglose 2
A23: __0a
A24: __0a | B24: DESGLOSE DE IMPORTES OFERTADOS POR SEDE
A25: __0a | J25: =+COUNTIFS(M29:M37,"ok") -> 0
A26: =+'Anx I pg 1 oferta'!$B$18&"T2_L01_cab0a" -> T2_L01_cab0a | B26: LOTES | C26: SEDES INMUEBLES | E26: trabajo | F26: RELACIÓN % s/LOTE | G26: % ofertado s/Lote (4 decim.) | H26: IMPORTE ofertado POR SEDE | I26: TOTAL OFERTADO POR LOTE | M26: CHECK DETALLE LOTE POR SEDE
A27: =+'Anx I pg 1 oferta'!$B$18&"T2_L01_cab0b" -> T2_L01_cab0b | B27: LOTE-01 | C27: (plazo de 4 meses) | F27: 1
A28: =+'Anx I pg 1 oferta'!$B$18&"T2_L01_cab1(CA)" -> T2_L01_cab1(CA) | B28: . | C28: ANDALUCÍA | I28: =+G18 -> 0
A29: =+'Anx I pg 1 oferta'!$B$18&"T2_L01_inst_"&B29 -> T2_L01_inst_L01-01 | B29: L01-01 | C29: =+VLOOKUP(B29,'DATOS CENTROS'!B:F,4,FALSE) -> C.E. OM ROQUETAS | E29: =+VLOOKUP(B29,'DATOS CENTROS'!B:F,3,FALSE) -> A + C | F29: =+VLOOKUP(B29,'DATOS CENTROS'!B:F,5,FALSE) -> 0.086 | G29: =+IF(OR($G$18=0,LEN($G$18)=0),"",+ROUND(((H29)/$G$18),6)) | M29: =+IFERROR(IF(N29<>TRUNC(N29,2),".+ de 2 decim.",IF(COUNTA($H$29:$H$66)<18,18-COUNTA($H$29:$H$66)&" Items ptes.ofertar ",IF(AND($G$18>0,$H$39>0,(N29)/(N29)=1),"ok","mal"))),"¿max.min.ofertado?") -> ¿max.min.ofertado? | N29: =+IF(OR($G$18=0,LEN($G$18)=0),"",IF(OR($G$18<0,+$G$18/$G$18<>1),"Total oferta Lote incorrecto (no numérico o negativo)",IF(AND($G$18>0,$H$39>0,H29<=0),"¿importe ofertado?",IF(AND($G$18>0,$H$39<0),"acum.of.oferta sede >oferta lote",IF(AND($G$18>0,$H$39<>0,H29<VLOOKUP(B29,'% admitidos'!A:M,11,FALSE)),+"min."&VLOOKUP(B29,'% admitidos'!A:M,11,FALSE),IF(AND($G$18>0,$H$39>0,H29>VLOOKUP(B29,'% admitidos'!A:M,13,FALSE)),+"max."&VLOOKUP(B29,'% admitidos'!A:M,13,FALSE),+H29))))))
A30: __0b | B30: . | C30: =+IF(LEN('Anx I pg 1 oferta'!$C$56)>0,"","min. "&VLOOKUP(B29,'% admitidos'!A:M,11,FALSE)&" - med. "&VLOOKUP(B29,'% admitidos'!A:M,12,FALSE)&" - max. "&VLOOKUP(B29,'% admitidos'!A:M,13,FALSE)) -> min. 0 - med. 0 - max. 0
A31: =+'Anx I pg 1 oferta'!$B$18&"T2_L01_inst_"&B31 -> T2_L01_inst_L01-02 | B31: L01-02 | C31: =+VLOOKUP(B31,'DATOS CENTROS'!B:F,4,FALSE) -> C.E. OM CAMPANILLAS | E31: =+VLOOKUP(B31,'DATOS CENTROS'!B:F,3,FALSE) -> A + C | F31: =+VLOOKUP(B31,'DATOS CENTROS'!B:F,5,FALSE) -> 0.071 | G31: =+IF(OR($G$18=0,LEN($G$18)=0),"",+ROUND(((H31)/$G$18),6)) | M31: =+IFERROR(IF(N31<>TRUNC(N31,2),".+ de 2 decim.",IF(COUNTA($H$29:$H$66)<18,18-COUNTA($H$29:$H$66)&" Items ptes.ofertar ",IF(AND($G$18>0,$H$39>0,(N31)/(N31)=1),"ok","mal"))),"¿max.min.ofertado?") -> ¿max.min.ofertado? | N31: =+IF(OR($G$18=0,LEN($G$18)=0),"",IF(OR($G$18<0,+$G$18/$G$18<>1),"Total oferta Lote incorrecto (no numérico o negativo)",IF(AND($G$18>0,$H$39>0,H31<=0),"¿importe ofertado?",IF(AND($G$18>0,$H$39<0),"acum.of.oferta sede >oferta lote",IF(AND($G$18>0,$H$39>0,H31<VLOOKUP(B31,'% admitidos'!A:M,11,FALSE)),+"min."&VLOOKUP(B31,'% admitidos'!A:M,11,FALSE),IF(AND($G$18>0,$H$39>0,H31>VLOOKUP(B31,'% admitidos'!A:M,13,FALSE)),+"max."&VLOOKUP(B31,'% admitidos'!A:M,13,FALSE),+H31))))))
A32: __0b | B32: . | C32: =+IF(LEN('Anx I pg 1 oferta'!$C$56)>0,"","min. "&VLOOKUP(B31,'% admitidos'!A:M,11,FALSE)&" - med. "&VLOOKUP(B31,'% admitidos'!A:M,12,FALSE)&" - max. "&VLOOKUP(B31,'% admitidos'!A:M,13,FALSE)) -> min. 0 - med. 0 - max. 0
A33: =+'Anx I pg 1 oferta'!$B$18&"T2_L01_inst_"&B33 -> T2_L01_inst_L01-03 | B33: L01-03 | C33: =+VLOOKUP(B33,'DATOS CENTROS'!B:F,4,FALSE) -> U.I. RTVE Málaga | E33: =+VLOOKUP(B33,'DATOS CENTROS'!B:F,3,FALSE) -> A + C | F33: =+VLOOKUP(B33,'DATOS CENTROS'!B:F,5,FALSE) -> 0.051 | G33: =+IF(OR($G$18=0,LEN($G$18)=0),"",+ROUND(((H33)/$G$18),6)) | M33: =+IFERROR(IF(N33<>TRUNC(N33,2),".+ de 2 decim.",IF(COUNTA($H$29:$H$66)<18,18-COUNTA($H$29:$H$66)&" Items ptes.ofertar ",IF(AND($G$18>0,$H$39>0,(N33)/(N33)=1),"ok","mal"))),"¿max.min.ofertado?") -> ¿max.min.ofertado? | N33: =+IF(OR($G$18=0,LEN($G$18)=0),"",IF(OR($G$18<0,+$G$18/$G$18<>1),"Total oferta Lote incorrecto (no numérico o negativo)",IF(AND($G$18>0,$H$39>0,H33<=0),"¿importe ofertado?",IF(AND($G$18>0,$H$39<0),"acum.of.oferta sede >oferta lote",IF(AND($G$18>0,$H$39>0,H33<VLOOKUP(B33,'% admitidos'!A:M,11,FALSE)),+"min."&VLOOKUP(B33,'% admitidos'!A:M,11,FALSE),IF(AND($G$18>0,$H$39>0,H33>VLOOKUP(B33,'% admitidos'!A:M,13,FALSE)),+"max."&VLOOKUP(B33,'% admitidos'!A:M,13,FALSE),+H33))))))
A34: __0b | B34: . | C34: =+IF(LEN('Anx I pg 1 oferta'!$C$56)>0,"","min. "&VLOOKUP(B33,'% admitidos'!A:M,11,FALSE)&" - med. "&VLOOKUP(B33,'% admitidos'!A:M,12,FALSE)&" - max. "&VLOOKUP(B33,'% admitidos'!A:M,13,FALSE)) -> min. 0 - med. 0 - max. 0
A35: =+'Anx I pg 1 oferta'!$B$18&"T2_L01_inst_"&B35 -> T2_L01_inst_L01-04 | B35: L01-04 | C35: =+VLOOKUP(B35,'DATOS CENTROS'!B:F,4,FALSE) -> C.E. OM LA CORCHUELA | E35: =+VLOOKUP(B35,'DATOS CENTROS'!B:F,3,FALSE) -> A + C | F35: =+VLOOKUP(B35,'DATOS CENTROS'!B:F,5,FALSE) -> 0.061 | G35: =+IF(OR($G$18=0,LEN($G$18)=0),"",+ROUND(((H35)/$G$18),6)) | M35: =+IFERROR(IF(N35<>TRUNC(N35,2),".+ de 2 decim.",IF(COUNTA($H$29:$H$66)<18,18-COUNTA($H$29:$H$66)&" Items ptes.ofertar ",IF(AND($G$18>0,$H$39>0,(N35)/(N35)=1),"ok","mal"))),"¿max.min.ofertado?") -> ¿max.min.ofertado? | N35: =+IF(OR($G$18=0,LEN($G$18)=0),"",IF(OR($G$18<0,+$G$18/$G$18<>1),"Total oferta Lote incorrecto (no numérico o negativo)",IF(AND($G$18>0,$H$39>0,H35<=0),"¿importe ofertado?",IF(AND($G$18>0,$H$39<0),"acum.of.oferta sede >oferta lote",IF(AND($G$18>0,$H$39>0,H35<VLOOKUP(B35,'% admitidos'!A:M,11,FALSE)),+"min."&VLOOKUP(B35,'% admitidos'!A:M,11,FALSE),IF(AND($G$18>0,$H$39>0,H35>VLOOKUP(B35,'% admitidos'!A:M,13,FALSE)),+"max."&VLOOKUP(B35,'% admitidos'!A:M,13,FALSE),+H35))))))
A36: __0b | B36: . | C36: =+IF(LEN('Anx I pg 1 oferta'!$C$56)>0,"","min. "&VLOOKUP(B35,'% admitidos'!A:M,11,FALSE)&" - med. "&VLOOKUP(B35,'% admitidos'!A:M,12,FALSE)&" - max. "&VLOOKUP(B35,'% admitidos'!A:M,13,FALSE)) -> min. 0 - med. 0 - max. 0
A37: =+'Anx I pg 1 oferta'!$B$18&"T2_L01_inst_"&B37 -> T2_L01_inst_L01-05 | B37: L01-05 | C37: =+VLOOKUP(B37,'DATOS CENTROS'!B:F,4,FALSE) -> C.E. OM LOS PALACIOS / DOS HERMANAS | E37: =+VLOOKUP(B37,'DATOS CENTROS'!B:F,3,FALSE) -> A + C | F37: =+VLOOKUP(B37,'DATOS CENTROS'!B:F,5,FALSE) -> 0.132 | G37: =+IF(OR($G$18=0,LEN($G$18)=0),"",+ROUND(((H37)/$G$18),6)) | M37: =+IFERROR(IF(N37<>TRUNC(N37,2),".+ de 2 decim.",IF(COUNTA($H$29:$H$66)<18,18-COUNTA($H$29:$H$66)&" Items ptes.ofertar ",IF(AND($G$18>0,$H$39>0,(N37)/(N37)=1),"ok","mal"))),"¿max.min.ofertado?") -> ¿max.min.ofertado? | N37: =+IF(OR($G$18=0,LEN($G$18)=0),"",IF(OR($G$18<0,+$G$18/$G$18<>1),"Total oferta Lote incorrecto (no numérico o negativo)",IF(AND($G$18>0,$H$39>0,H37<=0),"¿importe ofertado?",IF(AND($G$18>0,$H$39<0),"acum.of.oferta sede >oferta lote",IF(AND($G$18>0,$H$39>0,H37<VLOOKUP(B37,'% admitidos'!A:M,11,FALSE)),+"min."&VLOOKUP(B37,'% admitidos'!A:M,11,FALSE),IF(AND($G$18>0,$H$39>0,H37>VLOOKUP(B37,'% admitidos'!A:M,13,FALSE)),+"max."&+ROUND(VLOOKUP(B37,'% admitidos'!A:M,13,FALSE),4),+H37))))))
A38: __0b | B38: . | C38: =+IF(LEN('Anx I pg 1 oferta'!$C$56)>0,"","min. "&VLOOKUP(B37,'% admitidos'!A:M,11,FALSE)&" - med. "&VLOOKUP(B37,'% admitidos'!A:M,12,FALSE)&" - max. "&+ROUND(VLOOKUP(B37,'% admitidos'!A:M,13,FALSE),6)) -> min. 0 - med. 0 - max. 0
A39: =+'Anx I pg 1 oferta'!$B$18&"T2_L01_inst_"&B39 -> T2_L01_inst_L01-06 | B39: L01-06 | C39: =+VLOOKUP(B39,'DATOS CENTROS'!B:F,4,FALSE) -> C.T. RTVE Andalucía (Sevilla) | E39: =+VLOOKUP(B39,'DATOS CENTROS'!B:F,3,FALSE) -> A + C | F39: =+VLOOKUP(B39,'DATOS CENTROS'!B:F,5,FALSE) -> 0.17 | G39: =+IF(OR($G$18=0,LEN($G$18)=0),"",1-SUM(G29:G38)-SUM(G41:G66)) | H39: =+IF(OR($G$18=0,+LEN($G$18)=0),"",+$G$18-SUM(H29:H38)-SUM(H41:H66)) | M39: =+IFERROR(IF(COUNTA($H$29:$H$66)<18,18-COUNTA($H$29:$H$66)&" Items ptes.ofertar ",IF(AND($G$18>0,$H$37>0,(N39)/(N39)=1),"ok","mal")),"¿max.min.ofertado?") -> 17 Items ptes.ofertar | N39: =+IF(OR($G$18=0,LEN($G$18)=0),"",IF(OR($G$18<0,+$G$18/$G$18<>1),"Total oferta Lote incorrecto (no numérico o negativo)",IF(AND($G$18>0,$H$39>0,H39<=0),"¿importe ofertado?",IF(AND($G$18>0,$H$39<0),"acum.of.oferta sede >oferta lote",IF(AND($G$18>0,$H$39<>0,H39<VLOOKUP(B39,'% admitidos'!A:M,13,FALSE)),+"MIN."&VLOOKUP(B39,'% admitidos'!A:M,13,FALSE),IF(AND($G$18>0,$H$39>0,H39>VLOOKUP(B39,'% admitidos'!A:M,11,FALSE)),+"MAX."&VLOOKUP(B39,'% admitidos'!A:M,11,FALSE),+H39))))))
A40: __0b | B40: . | C40: =+IF(LEN('Anx I pg 1 oferta'!$C$56)>0,"","MAX. "&VLOOKUP(B39,'% admitidos'!A:M,11,FALSE)&" - med. "&VLOOKUP(B39,'% admitidos'!A:M,12,FALSE)&" - MIN. "&VLOOKUP(B39,'% admitidos'!A:M,13,FALSE)) -> MAX. 0 - med. 0 - MIN. 0
A41: =+'Anx I pg 1 oferta'!$B$18&"T2_L01_inst_"&B41 -> T2_L01_inst_L01-07 | B41: L01-07 | C41: =+VLOOKUP(B41,'DATOS CENTROS'!B:F,4,FALSE) -> U.I. RTVE Cádiz | E41: =+VLOOKUP(B41,'DATOS CENTROS'!B:F,3,FALSE) -> C | F41: =+VLOOKUP(B41,'DATOS CENTROS'!B:F,5,FALSE) -> 0.02 | G41: =+IF(OR($G$18=0,LEN($G$18)=0),"",+ROUND(((H41)/$G$18),6)) | M41: =+IFERROR(IF(N41<>TRUNC(N41,2),".+ de 2 decim.",IF(COUNTA($H$29:$H$66)<18,18-COUNTA($H$29:$H$66)&" Items ptes.ofertar ",IF(AND($G$18>0,$H$39>0,(N41)/(N41)=1),"ok","mal"))),"¿max.min.ofertado?") -> ¿max.min.ofertado? | N41: =+IF(OR($G$18=0,LEN($G$18)=0),"",IF(OR($G$18<0,+$G$18/$G$18<>1),"Total oferta Lote incorrecto (no numérico o negativo)",IF(AND($G$18>0,$H$39>0,H41<=0),"¿importe ofertado?",IF(AND($G$18>0,$H$39<0),"acum.of.oferta sede >oferta lote",IF(AND($G$18>0,$H$39>0,H41<VLOOKUP(B41,'% admitidos'!A:M,11,FALSE)),+"min."&VLOOKUP(B41,'% admitidos'!A:M,11,FALSE),IF(AND($G$18>0,$H$39>0,H41>VLOOKUP(B41,'% admitidos'!A:M,13,FALSE)),+"max."&VLOOKUP(B41,'% admitidos'!A:M,13,FALSE),+H41))))))
A42: __0b | B42: . | C42: =+IF(LEN('Anx I pg 1 oferta'!$C$56)>0,"","min. "&VLOOKUP(B41,'% admitidos'!A:M,11,FALSE)&" - med. "&VLOOKUP(B41,'% admitidos'!A:M,12,FALSE)&" - max. "&VLOOKUP(B41,'% admitidos'!A:M,13,FALSE)) -> min. 0 - med. 0 - max. 0
A43: =+'Anx I pg 1 oferta'!$B$18&"T2_L01_inst_"&B43 -> T2_L01_inst_L01-08 | B43: L01-08 | C43: =+VLOOKUP(B43,'DATOS CENTROS'!B:F,4,FALSE) -> S.U. Granada (Sos Rey Católico) | E43: =+VLOOKUP(B43,'DATOS CENTROS'!B:F,3,FALSE) -> C | F43: =+VLOOKUP(B43,'DATOS CENTROS'!B:F,5,FALSE) -> 0.012 | G43: =+IF(OR($G$18=0,LEN($G$18)=0),"",+ROUND(((H43)/$G$18),6)) | M43: =+IFERROR(IF(N43<>TRUNC(N43,2),".+ de 2 decim.",IF(COUNTA($H$29:$H$66)<18,18-COUNTA($H$29:$H$66)&" Items ptes.ofertar ",IF(AND($G$18>0,$H$39>0,(N43)/(N43)=1),"ok","mal"))),"¿max.min.ofertado?") -> ¿max.min.ofertado? | N43: =+IF(OR($G$18=0,LEN($G$18)=0),"",IF(OR($G$18<0,+$G$18/$G$18<>1),"Total oferta Lote incorrecto (no numérico o negativo)",IF(AND($G$18>0,$H$39>0,H43<=0),"¿importe ofertado?",IF(AND($G$18>0,$H$39<0),"acum.of.oferta sede >oferta lote",IF(AND($G$18>0,$H$39>0,H43<VLOOKUP(B43,'% admitidos'!A:M,11,FALSE)),+"min."&VLOOKUP(B43,'% admitidos'!A:M,11,FALSE),IF(AND($G$18>0,$H$39>0,H43>VLOOKUP(B43,'% admitidos'!A:M,13,FALSE)),+"max."&VLOOKUP(B43,'% admitidos'!A:M,13,FALSE),+H43))))))
A44: __0b | B44: . | C44: =+IF(LEN('Anx I pg 1 oferta'!$C$56)>0,"","min. "&VLOOKUP(B43,'% admitidos'!A:M,11,FALSE)&" - med. "&VLOOKUP(B43,'% admitidos'!A:M,12,FALSE)&" - max. "&VLOOKUP(B43,'% admitidos'!A:M,13,FALSE)) -> min. 0 - med. 0 - max. 0
A45: =+'Anx I pg 1 oferta'!$B$18&"T2_L01_inst_"&B45 -> T2_L01_inst_L01-09 | B45: L01-09 | C45: =+VLOOKUP(B45,'DATOS CENTROS'!B:F,4,FALSE) -> U.I. RTVE Granada | E45: =+VLOOKUP(B45,'DATOS CENTROS'!B:F,3,FALSE) -> C | F45: =+VLOOKUP(B45,'DATOS CENTROS'!B:F,5,FALSE) -> 0.017 | G45: =+IF(OR($G$18=0,LEN($G$18)=0),"",+ROUND(((H45)/$G$18),6)) | M45: =+IFERROR(IF(N45<>TRUNC(N45,2),".+ de 2 decim.",IF(COUNTA($H$29:$H$66)<18,18-COUNTA($H$29:$H$66)&" Items ptes.ofertar ",IF(AND($G$18>0,$H$39>0,(N45)/(N45)=1),"ok","mal"))),"¿max.min.ofertado?") -> ¿max.min.ofertado? | N45: =+IF(OR($G$18=0,LEN($G$18)=0),"",IF(OR($G$18<0,+$G$18/$G$18<>1),"Total oferta Lote incorrecto (no numérico o negativo)",IF(AND($G$18>0,$H$39>0,H45<=0),"¿importe ofertado?",IF(AND($G$18>0,$H$39<0),"acum.of.oferta sede >oferta lote",IF(AND($G$18>0,$H$39>0,H45<VLOOKUP(B45,'% admitidos'!A:M,11,FALSE)),+"min."&VLOOKUP(B45,'% admitidos'!A:M,11,FALSE),IF(AND($G$18>0,$H$39>0,H45>VLOOKUP(B45,'% admitidos'!A:M,13,FALSE)),+"max."&VLOOKUP(B45,'% admitidos'!A:M,13,FALSE),+H45))))))
A46: __0b | B46: . | C46: =+IF(LEN('Anx I pg 1 oferta'!$C$56)>0,"","min. "&VLOOKUP(B45,'% admitidos'!A:M,11,FALSE)&" - med. "&VLOOKUP(B45,'% admitidos'!A:M,12,FALSE)&" - max. "&VLOOKUP(B45,'% admitidos'!A:M,13,FALSE)) -> min. 0 - med. 0 - max. 0
A47: =+'Anx I pg 1 oferta'!$B$18&"T2_L01_inst_"&B47 -> T2_L01_inst_L01-10 | B47: L01-10 | C47: =+VLOOKUP(B47,'DATOS CENTROS'!B:F,4,FALSE) -> U.I. RTVE Huelva | E47: =+VLOOKUP(B47,'DATOS CENTROS'!B:F,3,FALSE) -> C | F47: =+VLOOKUP(B47,'DATOS CENTROS'!B:F,5,FALSE) -> 0.017 | G47: =+IF(OR($G$18=0,LEN($G$18)=0),"",+ROUND(((H47)/$G$18),6)) | M47: =+IFERROR(IF(N47<>TRUNC(N47,2),".+ de 2 decim.",IF(COUNTA($H$29:$H$66)<18,18-COUNTA($H$29:$H$66)&" Items ptes.ofertar ",IF(AND($G$18>0,$H$39>0,(N47)/(N47)=1),"ok","mal"))),"¿max.min.ofertado?") -> ¿max.min.ofertado? | N47: =+IF(OR($G$18=0,LEN($G$18)=0),"",IF(OR($G$18<0,+$G$18/$G$18<>1),"Total oferta Lote incorrecto (no numérico o negativo)",IF(AND($G$18>0,$H$39>0,H47<=0),"¿importe ofertado?",IF(AND($G$18>0,$H$39<0),"acum.of.oferta sede >oferta lote",IF(AND($G$18>0,$H$39>0,H47<VLOOKUP(B47,'% admitidos'!A:M,11,FALSE)),+"min."&VLOOKUP(B47,'% admitidos'!A:M,11,FALSE),IF(AND($G$18>0,$H$39>0,H47>VLOOKUP(B47,'% admitidos'!A:M,13,FALSE)),+"max."&VLOOKUP(B47,'% admitidos'!A:M,13,FALSE),+H47))))))
A48: __0b | B48: . | C48: =+IF(LEN('Anx I pg 1 oferta'!$C$56)>0,"","min. "&VLOOKUP(B47,'% admitidos'!A:M,11,FALSE)&" - med. "&VLOOKUP(B47,'% admitidos'!A:M,12,FALSE)&" - max. "&+ROUND(VLOOKUP(B47,'% admitidos'!A:M,13,FALSE),6)) -> min. 0 - med. 0 - max. 0
A49: =+'Anx I pg 1 oferta'!$B$18&"T2_L01_inst_"&B49 -> T2_L01_inst_L01-11 | B49: L01-11 | C49: =+VLOOKUP(B49,'DATOS CENTROS'!B:F,4,FALSE) -> U.I. RTVE Jaén | E49: =+VLOOKUP(B49,'DATOS CENTROS'!B:F,3,FALSE) -> C | F49: =+VLOOKUP(B49,'DATOS CENTROS'!B:F,5,FALSE) -> 0.027 | G49: =+IF(OR($G$18=0,LEN($G$18)=0),"",+ROUND(((H49)/$G$18),6)) | M49: =+IFERROR(IF(N49<>TRUNC(N49,2),".+ de 2 decim.",IF(COUNTA($H$29:$H$66)<18,18-COUNTA($H$29:$H$66)&" Items ptes.ofertar ",IF(AND($G$18>0,$H$39>0,(N49)/(N49)=1),"ok","mal"))),"¿max.min.ofertado?") -> ¿max.min.ofertado? | N49: =+IF(OR($G$18=0,LEN($G$18)=0),"",IF(OR($G$18<0,+$G$18/$G$18<>1),"Total oferta Lote incorrecto (no numérico o negativo)",IF(AND($G$18>0,$H$39>0,H49<=0),"¿importe ofertado?",IF(AND($G$18>0,$H$39<0),"acum.of.oferta sede >oferta lote",IF(AND($G$18>0,$H$39<>0,H49<VLOOKUP(B49,'% admitidos'!A:M,11,FALSE)),+"min."&VLOOKUP(B49,'% admitidos'!A:M,11,FALSE),IF(AND($G$18>0,$H$39>0,H49>VLOOKUP(B49,'% admitidos'!A:M,13,FALSE)),+"max."&VLOOKUP(B49,'% admitidos'!A:M,13,FALSE),+H49))))))
A50: __0b | B50: . | C50: =+IF(LEN('Anx I pg 1 oferta'!$C$56)>0,"","min. "&VLOOKUP(B49,'% admitidos'!A:M,11,FALSE)&" - med. "&VLOOKUP(B49,'% admitidos'!A:M,12,FALSE)&" - max. "&VLOOKUP(B49,'% admitidos'!A:M,13,FALSE)) -> min. 0 - med. 0 - max. 0
A51: =+'Anx I pg 1 oferta'!$B$18&"T2_L01_cab2(CA)" -> T2_L01_cab2(CA) | B51: . | C51: CEUTA/MELILLA
A52: =+'Anx I pg 1 oferta'!$B$18&"T2_L01_inst_"&B52 -> T2_L01_inst_L01-12 | B52: L01-12 | C52: =+VLOOKUP(B52,'DATOS CENTROS'!B:F,4,FALSE) -> U.I. RTVE Ceuta | E52: =+VLOOKUP(B52,'DATOS CENTROS'!B:F,3,FALSE) -> A + C | F52: =+VLOOKUP(B52,'DATOS CENTROS'!B:F,5,FALSE) -> 0.047 | G52: =+IF(OR($G$18=0,LEN($G$18)=0),"",+ROUND(((H52)/$G$18),6)) | M52: =+IFERROR(IF(N52<>TRUNC(N52,2),".+ de 2 decim.",IF(COUNTA($H$29:$H$66)<18,18-COUNTA($H$29:$H$66)&" Items ptes.ofertar ",IF(AND($G$18>0,$H$39>0,(N52)/(N52)=1),"ok","mal"))),"¿max.min.ofertado?") -> ¿max.min.ofertado? | N52: =+IF(OR($G$18=0,LEN($G$18)=0),"",IF(OR($G$18<0,+$G$18/$G$18<>1),"Total oferta Lote incorrecto (no numérico o negativo)",IF(AND($G$18>0,$H$39>0,H52<=0),"¿importe ofertado?",IF(AND($G$18>0,$H$39<0),"acum.of.oferta sede >oferta lote",IF(AND($G$18>0,$H$39>0,H52<VLOOKUP(B52,'% admitidos'!A:M,11,FALSE)),+"min."&VLOOKUP(B52,'% admitidos'!A:M,11,FALSE),IF(AND($G$18>0,$H$39>0,H52>VLOOKUP(B52,'% admitidos'!A:M,13,FALSE)),+"max."&VLOOKUP(B52,'% admitidos'!A:M,13,FALSE),+H52))))))
A53: __0b | B53: . | C53: =+IF(LEN('Anx I pg 1 oferta'!$C$56)>0,"","min. "&VLOOKUP(B52,'% admitidos'!A:M,11,FALSE)&" - med. "&VLOOKUP(B52,'% admitidos'!A:M,12,FALSE)&" - max. "&VLOOKUP(B52,'% admitidos'!A:M,13,FALSE)) -> min. 0 - med. 0 - max. 0
A54: =+'Anx I pg 1 oferta'!$B$18&"T2_L01_inst_"&B54 -> T2_L01_inst_L01-13 | B54: L01-13 | C54: =+VLOOKUP(B54,'DATOS CENTROS'!B:F,4,FALSE) -> U.I. RTVE Melilla | E54: =+VLOOKUP(B54,'DATOS CENTROS'!B:F,3,FALSE) -> A + C | F54: =+VLOOKUP(B54,'DATOS CENTROS'!B:F,5,FALSE) -> 0.039 | G54: =+IF(OR($G$18=0,LEN($G$18)=0),"",+ROUND(((H54)/$G$18),6)) | M54: =+IFERROR(IF(N54<>TRUNC(N54,2),".+ de 2 decim.",IF(COUNTA($H$29:$H$66)<18,18-COUNTA($H$29:$H$66)&" Items ptes.ofertar ",IF(AND($G$18>0,$H$39>0,(N54)/(N54)=1),"ok","mal"))),"¿max.min.ofertado?") -> ¿max.min.ofertado? | N54: =+IF(OR($G$18=0,LEN($G$18)=0),"",IF(OR($G$18<0,+$G$18/$G$18<>1),"Total oferta Lote incorrecto (no numérico o negativo)",IF(AND($G$18>0,$H$39>0,H54<=0),"¿importe ofertado?",IF(AND($G$18>0,$H$39<0),"acum.of.oferta sede >oferta lote",IF(AND($G$18>0,$H$39>0,H54<VLOOKUP(B54,'% admitidos'!A:M,11,FALSE)),+"min."&VLOOKUP(B54,'% admitidos'!A:M,11,FALSE),IF(AND($G$18>0,$H$39>0,H54>VLOOKUP(B54,'% admitidos'!A:M,13,FALSE)),+"max."&VLOOKUP(B54,'% admitidos'!A:M,13,FALSE),+H54))))))
A55: __0b | B55: . | C55: =+IF(LEN('Anx I pg 1 oferta'!$C$56)>0,"","min. "&VLOOKUP(B54,'% admitidos'!A:M,11,FALSE)&" - med. "&VLOOKUP(B54,'% admitidos'!A:M,12,FALSE)&" - max. "&VLOOKUP(B54,'% admitidos'!A:M,13,FALSE)) -> min. 0 - med. 0 - max. 0
A56: =+'Anx I pg 1 oferta'!$B$18&"T2_L01_cab3(CA)" -> T2_L01_cab3(CA) | B56: . | C56: EXTREMADURA
A57: =+'Anx I pg 1 oferta'!$B$18&"T2_L01_inst_"&B57 -> T2_L01_inst_L01-14 | B57: L01-14 | C57: =+VLOOKUP(B57,'DATOS CENTROS'!B:F,4,FALSE) -> C.E. OM ALDEA CANO / LAS ARGUIJUELA | E57: =+VLOOKUP(B57,'DATOS CENTROS'!B:F,3,FALSE) -> A + C | F57: =+VLOOKUP(B57,'DATOS CENTROS'!B:F,5,FALSE) -> 0.118 | G57: =+IF(OR($G$18=0,LEN($G$18)=0),"",+ROUND(((H57)/$G$18),6)) | M57: =+IFERROR(IF(N57<>TRUNC(N57,2),".+ de 2 decim.",IF(COUNTA($H$29:$H$66)<18,18-COUNTA($H$29:$H$66)&" Items ptes.ofertar ",IF(AND($G$18>0,$H$39>0,(N57)/(N57)=1),"ok","mal"))),"¿max.min.ofertado?") -> ¿max.min.ofertado? | N57: =+IF(OR($G$18=0,LEN($G$18)=0),"",IF(OR($G$18<0,+$G$18/$G$18<>1),"Total oferta Lote incorrecto (no numérico o negativo)",IF(AND($G$18>0,$H$39>0,H57<=0),"¿importe ofertado?",IF(AND($G$18>0,$H$39<0),"acum.of.oferta sede >oferta lote",IF(AND($G$18>0,$H$39>0,H57<VLOOKUP(B57,'% admitidos'!A:M,11,FALSE)),+"min."&VLOOKUP(B57,'% admitidos'!A:M,11,FALSE),IF(AND($G$18>0,$H$39>0,H57>VLOOKUP(B57,'% admitidos'!A:M,13,FALSE)),+"max."&VLOOKUP(B57,'% admitidos'!A:M,13,FALSE),+H57))))))
A58: __0b | B58: . | C58: =+IF(LEN('Anx I pg 1 oferta'!$C$56)>0,"","min. "&VLOOKUP(B57,'% admitidos'!A:M,11,FALSE)&" - med. "&VLOOKUP(B57,'% admitidos'!A:M,12,FALSE)&" - max. "&VLOOKUP(B57,'% admitidos'!A:M,13,FALSE)) -> min. 0 - med. 0 - max. 0
A59: =+'Anx I pg 1 oferta'!$B$18&"T2_L01_inst_"&B59 -> T2_L01_inst_L01-15 | B59: L01-15 | C59: =+VLOOKUP(B59,'DATOS CENTROS'!B:F,4,FALSE) -> C.T. RTVE Mérida | E59: =+VLOOKUP(B59,'DATOS CENTROS'!B:F,3,FALSE) -> A + C | F59: =+VLOOKUP(B59,'DATOS CENTROS'!B:F,5,FALSE) -> 0.088 | G59: =+IF(OR($G$18=0,LEN($G$18)=0),"",+ROUND(((H59)/$G$18),6)) | M59: =+IFERROR(IF(N59<>TRUNC(N59,2),".+ de 2 decim.",IF(COUNTA($H$29:$H$66)<18,18-COUNTA($H$29:$H$66)&" Items ptes.ofertar ",IF(AND($G$18>0,$H$39>0,(N59)/(N59)=1),"ok","mal"))),"¿max.min.ofertado?") -> ¿max.min.ofertado? | N59: =+IF(OR($G$18=0,LEN($G$18)=0),"",IF(OR($G$18<0,+$G$18/$G$18<>1),"Total oferta Lote incorrecto (no numérico o negativo)",IF(AND($G$18>0,$H$39>0,H59<=0),"¿importe ofertado?",IF(AND($G$18>0,$H$39<0),"acum.of.oferta sede >oferta lote",IF(AND($G$18>0,$H$39>0,H59<VLOOKUP(B59,'% admitidos'!A:M,11,FALSE)),+"min."&VLOOKUP(B59,'% admitidos'!A:M,11,FALSE),IF(AND($G$18>0,$H$39>0,H59>VLOOKUP(B59,'% admitidos'!A:M,13,FALSE)),+"max."&+ROUND(VLOOKUP(B59,'% admitidos'!A:M,13,FALSE),4),+H59))))))
A60: __0b | B60: . | C60: =+IF(LEN('Anx I pg 1 oferta'!$C$56)>0,"","min. "&VLOOKUP(B59,'% admitidos'!A:M,11,FALSE)&" - med. "&VLOOKUP(B59,'% admitidos'!A:M,12,FALSE)&" - max. "&+ROUND(VLOOKUP(B59,'% admitidos'!A:M,13,FALSE),6)) -> min. 0 - med. 0 - max. 0
A61: =+'Anx I pg 1 oferta'!$B$18&"T2_L01_inst_"&B61 -> T2_L01_inst_L01-16 | B61: L01-16 | C61: =+VLOOKUP(B61,'DATOS CENTROS'!B:F,4,FALSE) -> C.T. RNE Extremadura | E61: =+VLOOKUP(B61,'DATOS CENTROS'!B:F,3,FALSE) -> C | F61: =+VLOOKUP(B61,'DATOS CENTROS'!B:F,5,FALSE) -> 0.017 | G61: =+IF(OR($G$18=0,LEN($G$18)=0),"",+ROUND(((H61)/$G$18),6)) | M61: =+IFERROR(IF(N61<>TRUNC(N61,2),".+ de 2 decim.",IF(COUNTA($H$29:$H$66)<18,18-COUNTA($H$29:$H$66)&" Items ptes.ofertar ",IF(AND($G$18>0,$H$39>0,(N61)/(N61)=1),"ok","mal"))),"¿max.min.ofertado?") -> ¿max.min.ofertado? | N61: =+IF(OR($G$18=0,LEN($G$18)=0),"",IF(OR($G$18<0,+$G$18/$G$18<>1),"Total oferta Lote incorrecto (no numérico o negativo)",IF(AND($G$18>0,$H$39>0,H61<=0),"¿importe ofertado?",IF(AND($G$18>0,$H$39<0),"acum.of.oferta sede >oferta lote",IF(AND($G$18>0,$H$39<>0,H61<VLOOKUP(B61,'% admitidos'!A:M,11,FALSE)),+"min."&VLOOKUP(B61,'% admitidos'!A:M,11,FALSE),IF(AND($G$18>0,$H$39>0,H61>VLOOKUP(B61,'% admitidos'!A:M,13,FALSE)),+"max."&VLOOKUP(B61,'% admitidos'!A:M,13,FALSE),+H61))))))
A62: __0b | B62: . | C62: =+IF(LEN('Anx I pg 1 oferta'!$C$56)>0,"","min. "&VLOOKUP(B61,'% admitidos'!A:M,11,FALSE)&" - med. "&VLOOKUP(B61,'% admitidos'!A:M,12,FALSE)&" - max. "&VLOOKUP(B61,'% admitidos'!A:M,13,FALSE)) -> min. 0 - med. 0 - max. 0
A63: =+'Anx I pg 1 oferta'!$B$18&"T2_L01_inst_"&B63 -> T2_L01_inst_L01-17 | B63: L01-17 | C63: =+VLOOKUP(B63,'DATOS CENTROS'!B:F,4,FALSE) -> S.U. Mérida (Moreno de Vargas) | E63: =+VLOOKUP(B63,'DATOS CENTROS'!B:F,3,FALSE) -> C | F63: =+VLOOKUP(B63,'DATOS CENTROS'!B:F,5,FALSE) -> 0.012 | G63: =+IF(OR($G$18=0,LEN($G$18)=0),"",+ROUND(((H63)/$G$18),6)) | M63: =+IFERROR(IF(N63<>TRUNC(N63,2),".+ de 2 decim.",IF(COUNTA($H$29:$H$66)<18,18-COUNTA($H$29:$H$66)&" Items ptes.ofertar ",IF(AND($G$18>0,$H$39>0,(N63)/(N63)=1),"ok","mal"))),"¿max.min.ofertado?") -> ¿max.min.ofertado? | N63: =+IF(OR($G$18=0,LEN($G$18)=0),"",IF(OR($G$18<0,+$G$18/$G$18<>1),"Total oferta Lote incorrecto (no numérico o negativo)",IF(AND($G$18>0,$H$39>0,H63<=0),"¿importe ofertado?",IF(AND($G$18>0,$H$39<0),"acum.of.oferta sede >oferta lote",IF(AND($G$18>0,$H$39>0,H63<VLOOKUP(B63,'% admitidos'!A:M,11,FALSE)),+"min."&VLOOKUP(B63,'% admitidos'!A:M,11,FALSE),IF(AND($G$18>0,$H$39>0,H63>VLOOKUP(B63,'% admitidos'!A:M,13,FALSE)),+"max."&VLOOKUP(B63,'% admitidos'!A:M,13,FALSE),+H63))))))
A64: __0b | B64: . | C64: =+IF(LEN('Anx I pg 1 oferta'!$C$56)>0,"","min. "&VLOOKUP(B63,'% admitidos'!A:M,11,FALSE)&" - med. "&VLOOKUP(B63,'% admitidos'!A:M,12,FALSE)&" - max. "&VLOOKUP(B63,'% admitidos'!A:M,13,FALSE)) -> min. 0 - med. 0 - max. 0
A65: =+'Anx I pg 1 oferta'!$B$18&"T2_L01_inst_"&B65 -> T2_L01_inst_L01-18 | B65: L01-18 | C65: =+VLOOKUP(B65,'DATOS CENTROS'!B:F,4,FALSE) -> U.I. RTVE Badajoz | E65: =+VLOOKUP(B65,'DATOS CENTROS'!B:F,3,FALSE) -> C | F65: =+VLOOKUP(B65,'DATOS CENTROS'!B:F,5,FALSE) -> 0.015 | G65: =+IF(OR($G$18=0,LEN($G$18)=0),"",+ROUND(((H65)/$G$18),6)) | M65: =+IFERROR(IF(N65<>TRUNC(N65,2),".+ de 2 decim.",IF(COUNTA($H$29:$H$66)<18,18-COUNTA($H$29:$H$66)&" Items ptes.ofertar ",IF(AND($G$18>0,$H$39>0,(N65)/(N65)=1),"ok","mal"))),"¿max.min.ofertado?") -> ¿max.min.ofertado? | N65: =+IF(OR($G$18=0,LEN($G$18)=0),"",IF(OR($G$18<0,+$G$18/$G$18<>1),"Total oferta Lote incorrecto (no numérico o negativo)",IF(AND($G$18>0,$H$39>0,H65<=0),"¿importe ofertado?",IF(AND($G$18>0,$H$39<0),"acum.of.oferta sede >oferta lote",IF(AND($G$18>0,$H$39>0,H65<VLOOKUP(B65,'% admitidos'!A:M,11,FALSE)),+"min."&VLOOKUP(B65,'% admitidos'!A:M,11,FALSE),IF(AND($G$18>0,$H$39>0,H65>VLOOKUP(B65,'% admitidos'!A:M,13,FALSE)),+"max."&VLOOKUP(B65,'% admitidos'!A:M,13,FALSE),+H65))))))
A66: __0b | B66: . | C66: =+IF(LEN('Anx I pg 1 oferta'!$C$56)>0,"","min. "&VLOOKUP(B65,'% admitidos'!A:M,11,FALSE)&" - med. "&VLOOKUP(B65,'% admitidos'!A:M,12,FALSE)&" - max. "&VLOOKUP(B65,'% admitidos'!A:M,13,FALSE)) -> min. 0 - med. 0 - max. 0
A67: =+'Anx I pg 1 oferta'!$B$18&"T2_L01_TOT" -> T2_L01_TOT | B67: . | F67: =SUM(F29:F66) -> 1 | G67: =SUM(G29:G66) -> 0 | H67: =SUM(H29:H66) -> 0
A68: __0a
A69: __0a
A70: __0a
A71: __0a | B71: Desglose 3
A72: __0a
A73: __0a | B73: DETALLE DE IMPORTES OFERTADOS POR SEDE Y FASES ACTUACIONES BASICAS
A74: __0a | B74: =+$B$11 -> Lote 1 : CCAA Andalucía y Extremadura, Ciudades Autónomas de Ceuta y Melilla
A75: =+'Anx I pg 1 oferta'!$B$18&"T3_L01_cab0a" -> T3_L01_cab0a | B75: LOTES | C75: CC.AA./ C-A DIRECCIÓN | D75: trabajo | E75: SEDES INMUEBLES | F75: RELACIÓN % s/LOTE | G75: % ofertado (4 decim.) | H75: ACTUACIONES BÁSICAS (A.B) | I75: % POR A.B | J75: IMPORTE POR A.B | K75: IMPORTE ofertado POR SEDE
A76: =+'Anx I pg 1 oferta'!$B$18&"T3_L01_cab0b" -> T3_L01_cab0b | B76: LOTE-01 | C76: (plazo de 4 meses) | F76: 1
A77: =+'Anx I pg 1 oferta'!$B$18&"T3_L01_cab1(CA)" -> T3_L01_cab1(CA) | B77: . | C77: ANDALUCÍA | K77: =+G18 -> 0
A78: =+'Anx I pg 1 oferta'!$B$18&"T3_L01_inst_"&B78&"DA1" -> T3_L01_inst_L01-01DA1 | B78: L01-01 | C78: =+VLOOKUP(B78,'DATOS CENTROS'!B:E,2,FALSE) -> Carretera Sabinal nº s/n Las Marinas 04740 | D78: =+VLOOKUP(B78,'DATOS CENTROS'!B:E,3,FALSE) -> A + C | E78: =+VLOOKUP(B78,'DATOS CENTROS'!B:E,4,FALSE) -> C.E. OM ROQUETAS | F78: =+VLOOKUP(B78,'DATOS CENTROS'!B:F,5,FALSE) -> 0.086 | G78: =+IF(G29>0,G29,"") | H78: Recopilación de información y toma de datos | I78: 0.15 | J78: =+IF($K$78>0,+ROUND($K$78*I78,0),"") -> #VALUE! | K78: =+IFERROR(IF(OR($G$18=0,LEN($G$18)=0),"",IF(AND(M29="ok",(H29/H29)=1),N29,"")),"¿?")
A79: =+'Anx I pg 1 oferta'!$B$18&"T3_L01_inst_"&B78&"DA2" -> T3_L01_inst_L01-01DA2 | H79: Análisis y evaluación, determinación del balance de energía | I79: 0.1 | J79: =+IF($K$78>0,+ROUND($K$78*I79,0),"") -> #VALUE!
A80: =+'Anx I pg 1 oferta'!$B$18&"T3_L01_inst_"&B78&"DA3" -> T3_L01_inst_L01-01DA3 | H80: Redacción del Informe Final | I80: 0.2 | J80: =+IF($K$78>0,+ROUND($K$78*I80,0),"") -> #VALUE!
A81: =+'Anx I pg 1 oferta'!$B$18&"T3_L01_inst_"&B78&"DA4" -> T3_L01_inst_L01-01DA4 | H81: Aportación de ficheros ofimáticos soporte del Informe Final | I81: 0.05 | J81: =+IF($K$78>0,+ROUND($K$78*I81,0),"") -> #VALUE!
A82: =+'Anx I pg 1 oferta'!$B$18&"T3_L01_inst_"&B78&"DA5" -> T3_L01_inst_L01-01DA5 | H82: Registro en la Comunidad Autónoma o en el MITECO del Informe Final | I82: 0.5 | J82: =+IF($K$78>0,+$K$78-SUM(J78:J81),"") -> #VALUE!
A83: =+'Anx I pg 1 oferta'!$B$18&"T3_L01_inst_"&B83&"DA1" -> T3_L01_inst_L01-02DA1 | B83: L01-02 | C83: =+VLOOKUP(B83,'DATOS CENTROS'!B:E,2,FALSE) -> Campanilla | D83: =+VLOOKUP(B83,'DATOS CENTROS'!B:E,3,FALSE) -> A + C | E83: =+VLOOKUP(B83,'DATOS CENTROS'!B:E,4,FALSE) -> C.E. OM CAMPANILLAS | F83: =+VLOOKUP(B83,'DATOS CENTROS'!B:F,5,FALSE) -> 0.071 | G83: =+IF(G31>0,G31,"") | H83: Recopilación de información y toma de datos | I83: 0.15 | J83: =+IF($K$83>0,+ROUND($K$83*I83,0),"") -> #VALUE! | K83: =+IFERROR(IF(OR($G$18=0,LEN($G$18)=0),"",IF(AND(M31="ok",(H31/H31)=1),N31,"")),"¿?")
A84: =+'Anx I pg 1 oferta'!$B$18&"T3_L01_inst_"&B83&"DA2" -> T3_L01_inst_L01-02DA2 | H84: Análisis y evaluación, determinación del balance de energía | I84: 0.1 | J84: =+IF($K$83>0,+ROUND($K$83*I84,0),"") -> #VALUE!
A85: =+'Anx I pg 1 oferta'!$B$18&"T3_L01_inst_"&B83&"DA3" -> T3_L01_inst_L01-02DA3 | H85: Redacción del Informe Final | I85: 0.2 | J85: =+IF($K$83>0,+ROUND($K$83*I85,0),"") -> #VALUE!
A86: =+'Anx I pg 1 oferta'!$B$18&"T3_L01_inst_"&B83&"DA4" -> T3_L01_inst_L01-02DA4 | H86: Aportación de ficheros ofimáticos soporte del Informe Final | I86: 0.05 | J86: =+IF($K$83>0,+ROUND($K$83*I86,0),"") -> #VALUE!
A87: =+'Anx I pg 1 oferta'!$B$18&"T3_L01_inst_"&B83&"DA5" -> T3_L01_inst_L01-02DA5 | H87: Registro en la Comunidad Autónoma o en el MITECO del Informe Final | I87: 0.5 | J87: =+IF($K$83>0,+$K$83-SUM(J83:J86),"") -> #VALUE!
A88: =+'Anx I pg 1 oferta'!$B$18&"T3_L01_inst_"&B88&"DA1" -> T3_L01_inst_L01-03DA1 | B88: L01-03 | C88: =+VLOOKUP(B88,'DATOS CENTROS'!B:E,2,FALSE) -> Avda. Aurora, 40, Bajo y 1º | D88: =+VLOOKUP(B88,'DATOS CENTROS'!B:E,3,FALSE) -> A + C | E88: =+VLOOKUP(B88,'DATOS CENTROS'!B:E,4,FALSE) -> U.I. RTVE Málaga | F88: =+VLOOKUP(B88,'DATOS CENTROS'!B:F,5,FALSE) -> 0.051 | G88: =+IF(G33>0,G33,"") | H88: Recopilación de información y toma de datos | I88: 0.15 | J88: =+IF($K$88>0,+ROUND($K$88*I88,0),"") -> #VALUE! | K88: =+IFERROR(IF(OR($G$18=0,LEN($G$18)=0),"",IF(AND(M33="ok",(H33/H33)=1),N33,"")),"¿?")
A89: =+'Anx I pg 1 oferta'!$B$18&"T3_L01_inst_"&B88&"DA2" -> T3_L01_inst_L01-03DA2 | H89: Análisis y evaluación, determinación del balance de energía | I89: 0.1 | J89: =+IF($K$88>0,+ROUND($K$88*I89,0),"") -> #VALUE!
A90: =+'Anx I pg 1 oferta'!$B$18&"T3_L01_inst_"&B88&"DA3" -> T3_L01_inst_L01-03DA3 | H90: Redacción del Informe Final | I90: 0.2 | J90: =+IF($K$88>0,+ROUND($K$88*I90,0),"") -> #VALUE!
A91: =+'Anx I pg 1 oferta'!$B$18&"T3_L01_inst_"&B88&"DA4" -> T3_L01_inst_L01-03DA4 | H91: Aportación de ficheros ofimáticos soporte del Informe Final | I91: 0.05 | J91: =+IF($K$88>0,+ROUND($K$88*I91,0),"") -> #VALUE!
A92: =+'Anx I pg 1 oferta'!$B$18&"T3_L01_inst_"&B88&"DA5" -> T3_L01_inst_L01-03DA5 | H92: Registro en la Comunidad Autónoma o en el MITECO del Informe Final | I92: 0.5 | J92: =+IF($K$88>0,+$K$88-SUM(J88:J91),"") -> #VALUE!
A93: =+'Anx I pg 1 oferta'!$B$18&"T3_L01_inst_"&B93&"DA1" -> T3_L01_inst_L01-04DA1 | B93: L01-04 | C93: =+VLOOKUP(B93,'DATOS CENTROS'!B:E,2,FALSE) -> La Corchuela, Ctra SE-9024 | D93: =+VLOOKUP(B93,'DATOS CENTROS'!B:E,3,FALSE) -> A + C | E93: =+VLOOKUP(B93,'DATOS CENTROS'!B:E,4,FALSE) -> C.E. OM LA CORCHUELA | F93: =+VLOOKUP(B93,'DATOS CENTROS'!B:F,5,FALSE) -> 0.061 | G93: =+IF(G35>0,G35,"") | H93: Recopilación de información y toma de datos | I93: 0.15 | J93: =+IF($K$93>0,+ROUND($K$93*I93,0),"") -> #VALUE! | K93: =+IFERROR(IF(OR($G$18=0,LEN($G$18)=0),"",IF(AND(M35="ok",(H35/H35)=1),N35,"")),"¿?")
A94: =+'Anx I pg 1 oferta'!$B$18&"T3_L01_inst_"&B93&"DA2" -> T3_L01_inst_L01-04DA2 | H94: Análisis y evaluación, determinación del balance de energía | I94: 0.1 | J94: =+IF($K$93>0,+ROUND($K$93*I94,0),"") -> #VALUE!
A95: =+'Anx I pg 1 oferta'!$B$18&"T3_L01_inst_"&B93&"DA3" -> T3_L01_inst_L01-04DA3 | H95: Redacción del Informe Final | I95: 0.2 | J95: =+IF($K$93>0,+ROUND($K$93*I95,0),"") -> #VALUE!
A96: =+'Anx I pg 1 oferta'!$B$18&"T3_L01_inst_"&B93&"DA4" -> T3_L01_inst_L01-04DA4 | H96: Aportación de ficheros ofimáticos soporte del Informe Final | I96: 0.05 | J96: =+IF($K$93>0,+ROUND($K$93*I96,0),"") -> #VALUE!
A97: =+'Anx I pg 1 oferta'!$B$18&"T3_L01_inst_"&B93&"DA5" -> T3_L01_inst_L01-04DA5 | H97: Registro en la Comunidad Autónoma o en el MITECO del Informe Final | I97: 0.5 | J97: =+IF($K$93>0,+$K$93-SUM(J93:J96),"") -> #VALUE!
A98: =+'Anx I pg 1 oferta'!$B$18&"T3_L01_inst_"&B98&"DA1" -> T3_L01_inst_L01-05DA1 | B98: L01-05 | C98: =+VLOOKUP(B98,'DATOS CENTROS'!B:E,2,FALSE) -> Los Palacios. Crta. N-IV, Sevilla-Cádiz, Km. 563 | D98: =+VLOOKUP(B98,'DATOS CENTROS'!B:E,3,FALSE) -> A + C | E98: =+VLOOKUP(B98,'DATOS CENTROS'!B:E,4,FALSE) -> C.E. OM LOS PALACIOS / DOS HERMANAS | F98: =+VLOOKUP(B98,'DATOS CENTROS'!B:F,5,FALSE) -> 0.132 | G98: =+IF(G37>0,G37,"") | H98: Recopilación de información y toma de datos | I98: 0.15 | J98: =+IF($K$98>0,+ROUND($K$98*I98,0),"") -> #VALUE! | K98: =+IFERROR(IF(OR($G$18=0,LEN($G$18)=0),"",IF(AND(M37="ok",(H37/H37)=1),N37,"")),"¿?")
A99: =+'Anx I pg 1 oferta'!$B$18&"T3_L01_inst_"&B98&"DA2" -> T3_L01_inst_L01-05DA2 | H99: Análisis y evaluación, determinación del balance de energía | I99: 0.1 | J99: =+IF($K$98>0,+ROUND($K$98*I99,0),"") -> #VALUE!
A100: =+'Anx I pg 1 oferta'!$B$18&"T3_L01_inst_"&B98&"DA3" -> T3_L01_inst_L01-05DA3 | H100: Redacción del Informe Final | I100: 0.2 | J100: =+IF($K$98>0,+ROUND($K$98*I100,0),"") -> #VALUE!
...

Sheet L2 ARAG NAVA RIOJ PVASC
A1: __0a
A2: __0a | B2: NOTA IMPORTANTE: ESTE DESGLOSE SE PRESENTARA FIRMADO EN FORMATO PDF
A3: __0a
A4: __0a
A5: __0a | H5: “A.T. para redacción de auditorías energéticas
A6: __0a | H6: y certificados energéticos de SEDES CRTVE"
A7: __0a | H7: Expediente n.º S/01533/2025
A8: __0a | B8: ANEXO I: DESGLOSE PRECIO LOTE 2
A9: __0a | B9: Desglose 1
A10: __0a | B10: S-01533-2025 - A.T. para redacción de auditorías energéticas y certificados energéticos de SEDES CRTVE
A11: __0a | B11: =CONCATENATE("Lote ",RIGHT(B8,2)," : ",VLOOKUP(_xlfn.NUMBERVALUE(RIGHT(B8,1)),'RESUMEN LOTES'!B:C,2,FALSE)) -> Lote 2 : CCAA Aragón, Navarra, La Rioja y el País Vasco.
A12: =+'Anx I pg 1 oferta'!$B$18&"T1_L02_cab" -> T1_L02_cab | B12: ID | C12: ACTUACIONES BÁSICAS | G12: IMPORTE | H12: %
A13: =+'Anx I pg 1 oferta'!$B$18&"T1_L02_DAB1" -> T1_L02_DAB1 | B13: A.B-01 | C13: =+IFERROR(IF(OR($G$18=0,LEN($G$18)=0),"Lote NO ofertado, introduzca TOTAL OFERTA LOTE",IF(OR($G$18<0,+$G$18/$G$18<>1),"Total oferta Lote incorrecto (no numérico o negativo)",IF($G$18<>TRUNC($G$18,2),"ERROR: TOTAL OFERTA LOTE más de 2 decimales",IF(VLOOKUP(2,'RESUMEN LOTES'!B7:E15,4,FALSE)<G18,"Importe ofertado supera max. € "&VLOOKUP(2,'RESUMEN LOTES'!B7:E15,4,FALSE),IF(COUNTIFS($M$29:$M$67,"ok")<>15,"Debe revisar Desglose 2 IMPORTE ofertado POR SEDE","Recopilación de información y toma de datos"))))),"TOTAL OFERTA LOTE incorrecto, no es un dato numérico") -> Lote NO ofertado, introduzca TOTAL OFERTA LOTE | G13: =+IF(OR($G$18=0,LEN($G$18)=0),"¿?",IF(COUNTIFS($M$29:$M$67,"ok")<>15,"¿?",+IF(C13="Debe revisar Desglose 2 IMPORTE ofertado POR SEDE","¿?",+SUMIFS($J$79:$J$171,$H$79:$H$171,C13)))) -> ¿? | H13: 0.15
A14: =+'Anx I pg 1 oferta'!$B$18&"T1_L02_DAB2" -> T1_L02_DAB2 | B14: A.B-02 | C14: =+IFERROR(IF(OR($G$18=0,LEN($G$18)=0),"Lote NO ofertado, introduzca TOTAL OFERTA LOTE",IF(OR($G$18<0,+$G$18/$G$18<>1),"Total oferta Lote incorrecto (no numérico o negativo)",IF($G$18<>TRUNC($G$18,2),"ERROR: TOTAL OFERTA LOTE más de 2 decimales",IF(VLOOKUP(2,'RESUMEN LOTES'!B7:E15,4,FALSE)<G18,"Importe ofertado supera max. € "&VLOOKUP(2,'RESUMEN LOTES'!B7:E15,4,FALSE),IF(COUNTIFS($M$29:$M$67,"ok")<>15,"Debe revisar Desglose 2 IMPORTE ofertado POR SEDE","Análisis y evaluación, determinación del balance de energía"))))),"TOTAL OFERTA LOTE incorrecto, no es un dato numérico") -> Lote NO ofertado, introduzca TOTAL OFERTA LOTE | G14: =+IF(OR($G$18=0,LEN($G$18)=0),"¿?",IF(COUNTIFS($M$29:$M$67,"ok")<>15,"¿?",+IF(C14="Debe revisar Desglose 2 IMPORTE ofertado POR SEDE","¿?",+SUMIFS($J$79:$J$171,$H$79:$H$171,C14)))) -> ¿? | H14: 0.1
A15: =+'Anx I pg 1 oferta'!$B$18&"T1_L02_DAB3" -> T1_L02_DAB3 | B15: A.B-03 | C15: =+IFERROR(IF(OR($G$18=0,LEN($G$18)=0),"Lote NO ofertado, introduzca TOTAL OFERTA LOTE",IF(OR($G$18<0,+$G$18/$G$18<>1),"Total oferta Lote incorrecto (no numérico o negativo)",IF($G$18<>TRUNC($G$18,2),"ERROR: TOTAL OFERTA LOTE más de 2 decimales",IF(VLOOKUP(2,'RESUMEN LOTES'!B7:E15,4,FALSE)<G18,"Importe ofertado supera max. € "&VLOOKUP(2,'RESUMEN LOTES'!B7:E15,4,FALSE),IF(COUNTIFS($M$29:$M$67,"ok")<>15,"Debe revisar Desglose 2 IMPORTE ofertado POR SEDE","Redacción del Informe Final"))))),"TOTAL OFERTA LOTE incorrecto, no es un dato numérico") -> Lote NO ofertado, introduzca TOTAL OFERTA LOTE | G15: =+IF(OR($G$18=0,LEN($G$18)=0),"¿?",IF(COUNTIFS($M$29:$M$67,"ok")<>15,"¿?",+IF(C15="Debe revisar Desglose 2 IMPORTE ofertado POR SEDE","¿?",+SUMIFS($J$79:$J$171,$H$79:$H$171,C15)))) -> ¿? | H15: 0.2
A16: =+'Anx I pg 1 oferta'!$B$18&"T1_L02_DAB4" -> T1_L02_DAB4 | B16: A.B-04 | C16: =+IFERROR(IF(OR($G$18=0,LEN($G$18)=0),"Lote NO ofertado, introduzca TOTAL OFERTA LOTE",IF(OR($G$18<0,+$G$18/$G$18<>1),"Total oferta Lote incorrecto (no numérico o negativo)",IF($G$18<>TRUNC($G$18,2),"ERROR: TOTAL OFERTA LOTE más de 2 decimales",IF(VLOOKUP(2,'RESUMEN LOTES'!B7:E15,4,FALSE)<G18,"Importe ofertado supera max. € "&VLOOKUP(2,'RESUMEN LOTES'!B7:E15,4,FALSE),IF(COUNTIFS($M$29:$M$67,"ok")<>15,"Debe revisar Desglose 2 IMPORTE ofertado POR SEDE","Aportación de ficheros ofimáticos soporte del Informe Final"))))),"TOTAL OFERTA LOTE incorrecto, no es un dato numérico") -> Lote NO ofertado, introduzca TOTAL OFERTA LOTE | G16: =+IF(OR($G$18=0,LEN($G$18)=0),"¿?",IF(COUNTIFS($M$29:$M$67,"ok")<>15,"¿?",+IF(C16="Debe revisar Desglose 2 IMPORTE ofertado POR SEDE","¿?",+SUMIFS($J$79:$J$171,$H$79:$H$171,C16)))) -> ¿? | H16: 0.05
A17: =+'Anx I pg 1 oferta'!$B$18&"T1_L02_DAB5" -> T1_L02_DAB5 | B17: A.B-05 | C17: =+IFERROR(IF(OR($G$18=0,LEN($G$18)=0),"Lote NO ofertado, introduzca TOTAL OFERTA LOTE",IF(OR($G$18<0,+$G$18/$G$18<>1),"Total oferta Lote incorrecto (no numérico o negativo)",IF($G$18<>TRUNC($G$18,2),"ERROR: TOTAL OFERTA LOTE más de 2 decimales",IF(VLOOKUP(2,'RESUMEN LOTES'!B7:E15,4,FALSE)<G18,"Importe ofertado supera max. € "&VLOOKUP(2,'RESUMEN LOTES'!B7:E15,4,FALSE),IF(COUNTIFS($M$29:$M$67,"ok")<>15,"Debe revisar Desglose 2 IMPORTE ofertado POR SEDE","Registro en la Comunidad Autónoma o en el Ministerio para la Transición Ecológica del Informe Final"))))),"TOTAL OFERTA LOTE incorrecto, no es un dato numérico") -> Lote NO ofertado, introduzca TOTAL OFERTA LOTE | G17: =+IF(OR($G$18=0,LEN($G$18)=0),"¿?",IF(COUNTIFS($M$29:$M$67,"ok")<>15,"¿?",+IF(C17="Debe revisar Desglose 2 IMPORTE ofertado POR SEDE","¿?",+SUMIFS($J$79:$J$171,$H$79:$H$171,"Registro en la Comunidad Autónoma o en el MITECO del Informe Final")))) -> ¿? | H17: 0.5 | M17: chck total
A18: =+'Anx I pg 1 oferta'!$B$18&"T1_L02_TOT" -> T1_L02_TOT | F18: TOTAL OFERTA LOTE : | G18: 0 | N18: =+SUM(G13:G17) -> 0
A19: __0a
A20: __0a | C20: Fdo.:
A21: __0a
A22: __0a | B22: Desglose 2
A23: __0a
A24: __0a | B24: DESGLOSE DE IMPORTES OFERTADOS POR SEDE
A25: __0a | J25: =+COUNTIFS(M29:M37,"ok") -> 0
A26: =+'Anx I pg 1 oferta'!$B$18&"T2_L02_cab0a" -> T2_L02_cab0a | B26: LOTES | C26: SEDES INMUEBLES | E26: trabajo | F26: RELACIÓN % s/LOTE | G26: % ofertado s/Lote (4 decim.) | H26: IMPORTE ofertado POR SEDE | I26: TOTAL OFERTADO POR LOTE | M26: CHECK DETALLE LOTE POR SEDE
A27: =+'Anx I pg 1 oferta'!$B$18&"T2_L02_cab0b" -> T2_L02_cab0b | B27: LOTE-02 | C27: (plazo de 2 meses) | F27: 1
A28: =+'Anx I pg 1 oferta'!$B$18&"T2_L02_cab1(CA)" -> T2_L02_cab1(CA) | B28: . | C28: ARAGON | I28: =+G18 -> 0
A29: =+'Anx I pg 1 oferta'!$B$18&"T2_L02_inst_"&B29 -> T2_L02_inst_L02-01 | B29: L02-01 | C29: =+VLOOKUP(B29,'DATOS CENTROS'!B:F,4,FALSE) -> C.E. FM y OM LA MUELA (TERUEL) | E29: =+VLOOKUP(B29,'DATOS CENTROS'!B:F,3,FALSE) -> A + C | F29: =+VLOOKUP(B29,'DATOS CENTROS'!B:F,5,FALSE) -> 0.077 | G29: =+IF(OR($G$18=0,LEN($G$18)=0),"",+ROUND(((H29)/$G$18),6)) | M29: =+IFERROR(IF(N29<>TRUNC(N29,2),".+ de 2 decim.",IF(COUNTA($H$29:$H$67)<15,15-COUNTA($H$29:$H$67)&" Items ptes.ofertar ",IF(AND($G$18>0,$H$56>0,(N29)/(N29)=1),"ok","mal"))),"¿max.min.ofertado?") -> ¿max.min.ofertado? | N29: =+IF(OR($G$18=0,LEN($G$18)=0),"",IF(OR($G$18<0,+$G$18/$G$18<>1),"Total oferta Lote incorrecto (no numérico o negativo)",IF(AND($G$18>0,$H$56>0,H29<=0),"¿importe ofertado?",IF(AND($G$18>0,$H$56<0),"acum.of.oferta sede >oferta lote",IF(AND($G$18>0,$H$56<>0,H29<VLOOKUP(B29,'% admitidos'!A:M,11,FALSE)),+"min."&VLOOKUP(B29,'% admitidos'!A:M,11,FALSE),IF(AND($G$18>0,$H$56>0,H29>VLOOKUP(B29,'% admitidos'!A:M,13,FALSE)),+"max."&VLOOKUP(B29,'% admitidos'!A:M,13,FALSE),+H29))))))
A30: __0b | B30: . | C30: =+IF(LEN('Anx I pg 1 oferta'!$C$56)>0,"","min. "&VLOOKUP(B29,'% admitidos'!A:M,11,FALSE)&" - med. "&VLOOKUP(B29,'% admitidos'!A:M,12,FALSE)&" - max. "&VLOOKUP(B29,'% admitidos'!A:M,13,FALSE)) -> min. 0 - med. 0 - max. 0
A31: =+'Anx I pg 1 oferta'!$B$18&"T2_L02_inst_"&B31 -> T2_L02_inst_L02-02 | B31: L02-02 | C31: =+VLOOKUP(B31,'DATOS CENTROS'!B:F,4,FALSE) -> C.E. FM y OM TORRERO | E31: =+VLOOKUP(B31,'DATOS CENTROS'!B:F,3,FALSE) -> A + C | F31: =+VLOOKUP(B31,'DATOS CENTROS'!B:F,5,FALSE) -> 0.113 | G31: =+IF(OR($G$18=0,LEN($G$18)=0),"",+ROUND(((H31)/$G$18),6)) | M31: =+IFERROR(IF(N31<>TRUNC(N31,2),".+ de 2 decim.",IF(COUNTA($H$29:$H$67)<15,15-COUNTA($H$29:$H$67)&" Items ptes.ofertar ",IF(AND($G$18>0,$H$56>0,(N31)/(N31)=1),"ok","mal"))),"¿max.min.ofertado?") -> ¿max.min.ofertado? | N31: =+IF(OR($G$18=0,LEN($G$18)=0),"",IF(OR($G$18<0,+$G$18/$G$18<>1),"Total oferta Lote incorrecto (no numérico o negativo)",IF(AND($G$18>0,$H$56>0,H31<=0),"¿importe ofertado?",IF(AND($G$18>0,$H$56<0),"acum.of.oferta sede >oferta lote",IF(AND($G$18>0,$H$56>0,H31<VLOOKUP(B31,'% admitidos'!A:M,11,FALSE)),+"min."&VLOOKUP(B31,'% admitidos'!A:M,11,FALSE),IF(AND($G$18>0,$H$56>0,H31>VLOOKUP(B31,'% admitidos'!A:M,13,FALSE)),+"max."&VLOOKUP(B31,'% admitidos'!A:M,13,FALSE),+H31))))))
A32: __0b | B32: . | C32: =+IF(LEN('Anx I pg 1 oferta'!$C$56)>0,"","min. "&VLOOKUP(B31,'% admitidos'!A:M,11,FALSE)&" - med. "&VLOOKUP(B31,'% admitidos'!A:M,12,FALSE)&" - max. "&VLOOKUP(B31,'% admitidos'!A:M,13,FALSE)) -> min. 0 - med. 0 - max. 0
A33: =+'Anx I pg 1 oferta'!$B$18&"T2_L02_inst_"&B33 -> T2_L02_inst_L02-03 | B33: L02-03 | C33: =+VLOOKUP(B33,'DATOS CENTROS'!B:F,4,FALSE) -> C.T. RTVE Aragón (Zaragoza) | E33: =+VLOOKUP(B33,'DATOS CENTROS'!B:F,3,FALSE) -> A + C | F33: =+VLOOKUP(B33,'DATOS CENTROS'!B:F,5,FALSE) -> 0.13 | G33: =+IF(OR($G$18=0,LEN($G$18)=0),"",+ROUND(((H33)/$G$18),6)) | M33: =+IFERROR(IF(N33<>TRUNC(N33,2),".+ de 2 decim.",IF(COUNTA($H$29:$H$67)<15,15-COUNTA($H$29:$H$67)&" Items ptes.ofertar ",IF(AND($G$18>0,$H$56>0,(N33)/(N33)=1),"ok","mal"))),"¿max.min.ofertado?") -> ¿max.min.ofertado? | N33: =+IF(OR($G$18=0,LEN($G$18)=0),"",IF(OR($G$18<0,+$G$18/$G$18<>1),"Total oferta Lote incorrecto (no numérico o negativo)",IF(AND($G$18>0,$H$56>0,H33<=0),"¿importe ofertado?",IF(AND($G$18>0,$H$56<0),"acum.of.oferta sede >oferta lote",IF(AND($G$18>0,$H$56>0,H33<VLOOKUP(B33,'% admitidos'!A:M,11,FALSE)),+"min."&VLOOKUP(B33,'% admitidos'!A:M,11,FALSE),IF(AND($G$18>0,$H$56>0,H33>VLOOKUP(B33,'% admitidos'!A:M,13,FALSE)),+"max."&VLOOKUP(B33,'% admitidos'!A:M,13,FALSE),+H33))))))
A34: __0b | B34: . | C34: =+IF(LEN('Anx I pg 1 oferta'!$C$56)>0,"","min. "&VLOOKUP(B33,'% admitidos'!A:M,11,FALSE)&" - med. "&VLOOKUP(B33,'% admitidos'!A:M,12,FALSE)&" - max. "&VLOOKUP(B33,'% admitidos'!A:M,13,FALSE)) -> min. 0 - med. 0 - max. 0
A35: =+'Anx I pg 1 oferta'!$B$18&"T2_L02_inst_"&B35 -> T2_L02_inst_L02-04 | B35: L02-04 | C35: =+VLOOKUP(B35,'DATOS CENTROS'!B:F,4,FALSE) -> S.U. Zaragoza | E35: =+VLOOKUP(B35,'DATOS CENTROS'!B:F,3,FALSE) -> C | F35: =+VLOOKUP(B35,'DATOS CENTROS'!B:F,5,FALSE) -> 0.035 | G35: =+IF(OR($G$18=0,LEN($G$18)=0),"",+ROUND(((H35)/$G$18),6)) | M35: =+IFERROR(IF(N35<>TRUNC(N35,2),".+ de 2 decim.",IF(COUNTA($H$29:$H$67)<15,15-COUNTA($H$29:$H$67)&" Items ptes.ofertar ",IF(AND($G$18>0,$H$56>0,(N35)/(N35)=1),"ok","mal"))),"¿max.min.ofertado?") -> ¿max.min.ofertado? | N35: =+IF(OR($G$18=0,LEN($G$18)=0),"",IF(OR($G$18<0,+$G$18/$G$18<>1),"Total oferta Lote incorrecto (no numérico o negativo)",IF(AND($G$18>0,$H$56>0,H35<=0),"¿importe ofertado?",IF(AND($G$18>0,$H$56<0),"acum.of.oferta sede >oferta lote",IF(AND($G$18>0,$H$56>0,H35<VLOOKUP(B35,'% admitidos'!A:M,11,FALSE)),+"min."&VLOOKUP(B35,'% admitidos'!A:M,11,FALSE),IF(AND($G$18>0,$H$56>0,H35>VLOOKUP(B35,'% admitidos'!A:M,13,FALSE)),+"max."&VLOOKUP(B35,'% admitidos'!A:M,13,FALSE),+H35))))))
A36: __0b | B36: . | C36: =+IF(LEN('Anx I pg 1 oferta'!$C$56)>0,"","min. "&VLOOKUP(B35,'% admitidos'!A:M,11,FALSE)&" - med. "&VLOOKUP(B35,'% admitidos'!A:M,12,FALSE)&" - max. "&VLOOKUP(B35,'% admitidos'!A:M,13,FALSE)) -> min. 0 - med. 0 - max. 0
A37: =+'Anx I pg 1 oferta'!$B$18&"T2_L02_inst_"&B37 -> T2_L02_inst_L02-05 | B37: L02-05 | C37: =+VLOOKUP(B37,'DATOS CENTROS'!B:F,4,FALSE) -> U.I. RTVE Huesca | E37: =+VLOOKUP(B37,'DATOS CENTROS'!B:F,3,FALSE) -> C | F37: =+VLOOKUP(B37,'DATOS CENTROS'!B:F,5,FALSE) -> 0.025 | G37: =+IF(OR($G$18=0,LEN($G$18)=0),"",+ROUND(((H37)/$G$18),6)) | M37: =+IFERROR(IF(N37<>TRUNC(N37,2),".+ de 2 decim.",IF(COUNTA($H$29:$H$67)<15,15-COUNTA($H$29:$H$67)&" Items ptes.ofertar ",IF(AND($G$18>0,$H$56>0,(N37)/(N37)=1),"ok","mal"))),"¿max.min.ofertado?") -> ¿max.min.ofertado? | N37: =+IF(OR($G$18=0,LEN($G$18)=0),"",IF(OR($G$18<0,+$G$18/$G$18<>1),"Total oferta Lote incorrecto (no numérico o negativo)",IF(AND($G$18>0,$H$56>0,H37<=0),"¿importe ofertado?",IF(AND($G$18>0,$H$56<0),"acum.of.oferta sede >oferta lote",IF(AND($G$18>0,$H$56>0,H37<VLOOKUP(B37,'% admitidos'!A:M,11,FALSE)),+"min."&VLOOKUP(B37,'% admitidos'!A:M,11,FALSE),IF(AND($G$18>0,$H$56>0,H37>VLOOKUP(B37,'% admitidos'!A:M,13,FALSE)),+"max."&+ROUND(VLOOKUP(B37,'% admitidos'!A:M,13,FALSE),4),+H37))))))
A38: __0b | B38: . | C38: =+IF(LEN('Anx I pg 1 oferta'!$C$56)>0,"","min. "&VLOOKUP(B37,'% admitidos'!A:M,11,FALSE)&" - med. "&VLOOKUP(B37,'% admitidos'!A:M,12,FALSE)&" - max. "&+ROUND(VLOOKUP(B37,'% admitidos'!A:M,13,FALSE),6)) -> min. 0 - med. 0 - max. 0
A39: =+'Anx I pg 1 oferta'!$B$18&"T2_L02_inst_"&B39 -> T2_L02_inst_L02-06 | B39: L02-06 | C39: =+VLOOKUP(B39,'DATOS CENTROS'!B:F,4,FALSE) -> U.I. RTVE Teruel | E39: =+VLOOKUP(B39,'DATOS CENTROS'!B:F,3,FALSE) -> C | F39: =+VLOOKUP(B39,'DATOS CENTROS'!B:F,5,FALSE) -> 0.021 | G39: =+IF(OR($G$18=0,LEN($G$18)=0),"",+ROUND(((H39)/$G$18),6)) | M39: =+IFERROR(IF(N39<>TRUNC(N39,2),".+ de 2 decim.",IF(COUNTA($H$29:$H$67)<15,15-COUNTA($H$29:$H$67)&" Items ptes.ofertar ",IF(AND($G$18>0,$H$56>0,(N39)/(N39)=1),"ok","mal"))),"¿max.min.ofertado?") -> ¿max.min.ofertado? | N39: =+IF(OR($G$18=0,LEN($G$18)=0),"",IF(OR($G$18<0,+$G$18/$G$18<>1),"Total oferta Lote incorrecto (no numérico o negativo)",IF(AND($G$18>0,$H$56>0,H39<=0),"¿importe ofertado?",IF(AND($G$18>0,$H$56<0),"acum.of.oferta sede >oferta lote",IF(AND($G$18>0,$H$56>0,H39<VLOOKUP(B39,'% admitidos'!A:M,11,FALSE)),+"min."&VLOOKUP(B39,'% admitidos'!A:M,11,FALSE),IF(AND($G$18>0,$H$56>0,H39>VLOOKUP(B39,'% admitidos'!A:M,13,FALSE)),+"max."&VLOOKUP(B39,'% admitidos'!A:M,13,FALSE),+H39))))))
A40: __0b | B40: . | C40: =+IF(LEN('Anx I pg 1 oferta'!$C$56)>0,"","min. "&VLOOKUP(B39,'% admitidos'!A:M,11,FALSE)&" - med. "&VLOOKUP(B39,'% admitidos'!A:M,12,FALSE)&" - max. "&VLOOKUP(B39,'% admitidos'!A:M,13,FALSE)) -> min. 0 - med. 0 - max. 0
A41: =+'Anx I pg 1 oferta'!$B$18&"T2_L02_cab2(CA)" -> T2_L02_cab2(CA) | B41: . | C41: NAVARRA
A42: =+'Anx I pg 1 oferta'!$B$18&"T2_L02_inst_"&B42 -> T2_L02_inst_L02-07 | B42: L02-07 | C42: =+VLOOKUP(B42,'DATOS CENTROS'!B:F,4,FALSE) -> C.T. RTVE Pamplona | E42: =+VLOOKUP(B42,'DATOS CENTROS'!B:F,3,FALSE) -> A + C | F42: =+VLOOKUP(B42,'DATOS CENTROS'!B:F,5,FALSE) -> 0.113 | G42: =+IF(OR($G$18=0,LEN($G$18)=0),"",+ROUND(((H42)/$G$18),6)) | M42: =+IFERROR(IF(N42<>TRUNC(N42,2),".+ de 2 decim.",IF(COUNTA($H$29:$H$67)<15,15-COUNTA($H$29:$H$67)&" Items ptes.ofertar ",IF(AND($G$18>0,$H$56>0,(N42)/(N42)=1),"ok","mal"))),"¿max.min.ofertado?") -> ¿max.min.ofertado? | N42: =+IF(OR($G$18=0,LEN($G$18)=0),"",IF(OR($G$18<0,+$G$18/$G$18<>1),"Total oferta Lote incorrecto (no numérico o negativo)",IF(AND($G$18>0,$H$56>0,H42<=0),"¿importe ofertado?",IF(AND($G$18>0,$H$56<0),"acum.of.oferta sede >oferta lote",IF(AND($G$18>0,$H$56>0,H42<VLOOKUP(B42,'% admitidos'!A:M,11,FALSE)),+"min."&VLOOKUP(B42,'% admitidos'!A:M,11,FALSE),IF(AND($G$18>0,$H$56>0,H42>VLOOKUP(B42,'% admitidos'!A:M,13,FALSE)),+"max."&VLOOKUP(B42,'% admitidos'!A:M,13,FALSE),+H42))))))
A43: __0b | B43: . | C43: =+IF(LEN('Anx I pg 1 oferta'!$C$56)>0,"","min. "&VLOOKUP(B42,'% admitidos'!A:M,11,FALSE)&" - med. "&VLOOKUP(B42,'% admitidos'!A:M,12,FALSE)&" - max. "&VLOOKUP(B42,'% admitidos'!A:M,13,FALSE)) -> min. 0 - med. 0 - max. 0
A44: =+'Anx I pg 1 oferta'!$B$18&"T2_L02_inst_"&B44 -> T2_L02_inst_L02-08 | B44: L02-08 | C44: =+VLOOKUP(B44,'DATOS CENTROS'!B:F,4,FALSE) -> S.U. Pamplona (Abejeras) | E44: =+VLOOKUP(B44,'DATOS CENTROS'!B:F,3,FALSE) -> C | F44: =+VLOOKUP(B44,'DATOS CENTROS'!B:F,5,FALSE) -> 0.018 | G44: =+IF(OR($G$18=0,LEN($G$18)=0),"",+ROUND(((H44)/$G$18),6)) | M44: =+IFERROR(IF(N44<>TRUNC(N44,2),".+ de 2 decim.",IF(COUNTA($H$29:$H$67)<15,15-COUNTA($H$29:$H$67)&" Items ptes.ofertar ",IF(AND($G$18>0,$H$56>0,(N44)/(N44)=1),"ok","mal"))),"¿max.min.ofertado?") -> ¿max.min.ofertado? | N44: =+IF(OR($G$18=0,LEN($G$18)=0),"",IF(OR($G$18<0,+$G$18/$G$18<>1),"Total oferta Lote incorrecto (no numérico o negativo)",IF(AND($G$18>0,$H$56>0,H44<=0),"¿importe ofertado?",IF(AND($G$18>0,$H$56<0),"acum.of.oferta sede >oferta lote",IF(AND($G$18>0,$H$56>0,H44<VLOOKUP(B44,'% admitidos'!A:M,11,FALSE)),+"min."&VLOOKUP(B44,'% admitidos'!A:M,11,FALSE),IF(AND($G$18>0,$H$56>0,H44>VLOOKUP(B44,'% admitidos'!A:M,13,FALSE)),+"max."&VLOOKUP(B44,'% admitidos'!A:M,13,FALSE),+H44))))))
A45: __0b | B45: . | C45: =+IF(LEN('Anx I pg 1 oferta'!$C$56)>0,"","min. "&VLOOKUP(B44,'% admitidos'!A:M,11,FALSE)&" - med. "&VLOOKUP(B44,'% admitidos'!A:M,12,FALSE)&" - max. "&VLOOKUP(B44,'% admitidos'!A:M,13,FALSE)) -> min. 0 - med. 0 - max. 0
A46: =+'Anx I pg 1 oferta'!$B$18&"T2_L02_cab3(CA)" -> T2_L02_cab3(CA) | B46: . | C46: LA RIOJA
A47: =+'Anx I pg 1 oferta'!$B$18&"T2_L02_inst_"&B47 -> T2_L02_inst_L02-09 | B47: L02-09 | C47: =+VLOOKUP(B47,'DATOS CENTROS'!B:F,4,FALSE) -> C.E. OM LA GRAJERA | E47: =+VLOOKUP(B47,'DATOS CENTROS'!B:F,3,FALSE) -> A + C | F47: =+VLOOKUP(B47,'DATOS CENTROS'!B:F,5,FALSE) -> 0.13 | G47: =+IF(OR($G$18=0,LEN($G$18)=0),"",+ROUND(((H47)/$G$18),6)) | M47: =+IFERROR(IF(N47<>TRUNC(N47,2),".+ de 2 decim.",IF(COUNTA($H$29:$H$67)<15,15-COUNTA($H$29:$H$67)&" Items ptes.ofertar ",IF(AND($G$18>0,$H$56>0,(N47)/(N47)=1),"ok","mal"))),"¿max.min.ofertado?") -> ¿max.min.ofertado? | N47: =+IF(OR($G$18=0,LEN($G$18)=0),"",IF(OR($G$18<0,+$G$18/$G$18<>1),"Total oferta Lote incorrecto (no numérico o negativo)",IF(AND($G$18>0,$H$56>0,H47<=0),"¿importe ofertado?",IF(AND($G$18>0,$H$56<0),"acum.of.oferta sede >oferta lote",IF(AND($G$18>0,$H$56>0,H47<VLOOKUP(B47,'% admitidos'!A:M,11,FALSE)),+"min."&VLOOKUP(B47,'% admitidos'!A:M,11,FALSE),IF(AND($G$18>0,$H$56>0,H47>VLOOKUP(B47,'% admitidos'!A:M,13,FALSE)),+"max."&VLOOKUP(B47,'% admitidos'!A:M,13,FALSE),+H47))))))
A48: __0b | B48: . | C48: =+IF(LEN('Anx I pg 1 oferta'!$C$56)>0,"","min. "&VLOOKUP(B47,'% admitidos'!A:M,11,FALSE)&" - med. "&VLOOKUP(B47,'% admitidos'!A:M,12,FALSE)&" - max. "&VLOOKUP(B47,'% admitidos'!A:M,13,FALSE)) -> min. 0 - med. 0 - max. 0
A49: =+'Anx I pg 1 oferta'!$B$18&"T2_L02_inst_"&B49 -> T2_L02_inst_L02-10 | B49: L02-10 | C49: =+VLOOKUP(B49,'DATOS CENTROS'!B:F,4,FALSE) -> C.E. MONCALVILLO | E49: =+VLOOKUP(B49,'DATOS CENTROS'!B:F,3,FALSE) -> A + C | F49: =+VLOOKUP(B49,'DATOS CENTROS'!B:F,5,FALSE) -> 0.021 | G49: =+IF(OR($G$18=0,LEN($G$18)=0),"",+ROUND(((H49)/$G$18),6)) | M49: =+IFERROR(IF(N49<>TRUNC(N49,2),".+ de 2 decim.",IF(COUNTA($H$29:$H$67)<15,15-COUNTA($H$29:$H$67)&" Items ptes.ofertar ",IF(AND($G$18>0,$H$56>0,(N49)/(N49)=1),"ok","mal"))),"¿max.min.ofertado?") -> ¿max.min.ofertado? | N49: =+IF(OR($G$18=0,LEN($G$18)=0),"",IF(OR($G$18<0,+$G$18/$G$18<>1),"Total oferta Lote incorrecto (no numérico o negativo)",IF(AND($G$18>0,$H$56>0,H49<=0),"¿importe ofertado?",IF(AND($G$18>0,$H$56<0),"acum.of.oferta sede >oferta lote",IF(AND($G$18>0,$H$56>0,H49<VLOOKUP(B49,'% admitidos'!A:M,11,FALSE)),+"min."&VLOOKUP(B49,'% admitidos'!A:M,11,FALSE),IF(AND($G$18>0,$H$56>0,H49>VLOOKUP(B49,'% admitidos'!A:M,13,FALSE)),+"max."&VLOOKUP(B49,'% admitidos'!A:M,13,FALSE),+H49))))))
A50: __0b | B50: . | C50: =+IF(LEN('Anx I pg 1 oferta'!$C$56)>0,"","min. "&VLOOKUP(B49,'% admitidos'!A:M,11,FALSE)&" - med. "&VLOOKUP(B49,'% admitidos'!A:M,12,FALSE)&" - max. "&+ROUND(VLOOKUP(B49,'% admitidos'!A:M,13,FALSE),6)) -> min. 0 - med. 0 - max. 0
A51: =+'Anx I pg 1 oferta'!$B$18&"T2_L02_inst_"&B51 -> T2_L02_inst_L02-11 | B51: L02-11 | C51: =+VLOOKUP(B51,'DATOS CENTROS'!B:F,4,FALSE) -> C.T. RTVE La Rioja | E51: =+VLOOKUP(B51,'DATOS CENTROS'!B:F,3,FALSE) -> C | F51: =+VLOOKUP(B51,'DATOS CENTROS'!B:F,5,FALSE) -> 0.025 | G51: =+IF(OR($G$18=0,LEN($G$18)=0),"",+ROUND(((H51)/$G$18),6)) | M51: =+IFERROR(IF(N51<>TRUNC(N51,2),".+ de 2 decim.",IF(COUNTA($H$29:$H$67)<15,15-COUNTA($H$29:$H$67)&" Items ptes.ofertar ",IF(AND($G$18>0,$H$56>0,(N51)/(N51)=1),"ok","mal"))),"¿max.min.ofertado?") -> ¿max.min.ofertado? | N51: =+IF(OR($G$18=0,LEN($G$18)=0),"",IF(OR($G$18<0,+$G$18/$G$18<>1),"Total oferta Lote incorrecto (no numérico o negativo)",IF(AND($G$18>0,$H$56>0,H51<=0),"¿importe ofertado?",IF(AND($G$18>0,$H$56<0),"acum.of.oferta sede >oferta lote",IF(AND($G$18>0,$H$56<>0,H51<VLOOKUP(B51,'% admitidos'!A:M,11,FALSE)),+"min."&VLOOKUP(B51,'% admitidos'!A:M,11,FALSE),IF(AND($G$18>0,$H$56>0,H51>VLOOKUP(B51,'% admitidos'!A:M,13,FALSE)),+"max."&VLOOKUP(B51,'% admitidos'!A:M,13,FALSE),+H51))))))
A52: __0b | B52: . | C52: =+IF(LEN('Anx I pg 1 oferta'!$C$56)>0,"","min. "&VLOOKUP(B51,'% admitidos'!A:M,11,FALSE)&" - med. "&VLOOKUP(B51,'% admitidos'!A:M,12,FALSE)&" - max. "&VLOOKUP(B51,'% admitidos'!A:M,13,FALSE)) -> min. 0 - med. 0 - max. 0
A53: =+'Anx I pg 1 oferta'!$B$18&"T2_L02_cab4(CA)" -> T2_L02_cab4(CA) | B53: . | C53: PAIS VASCO
A54: =+'Anx I pg 1 oferta'!$B$18&"T2_L02_inst_"&B54 -> T2_L02_inst_L02-12 | B54: L02-12 | C54: =+VLOOKUP(B54,'DATOS CENTROS'!B:F,4,FALSE) -> C.T. RTVE País Vasco | E54: =+VLOOKUP(B54,'DATOS CENTROS'!B:F,3,FALSE) -> A + C | F54: =+VLOOKUP(B54,'DATOS CENTROS'!B:F,5,FALSE) -> 0.092 | G54: =+IF(OR($G$18=0,LEN($G$18)=0),"",+ROUND(((H54)/$G$18),6)) | M54: =+IFERROR(IF(N54<>TRUNC(N54,2),".+ de 2 decim.",IF(COUNTA($H$29:$H$67)<15,15-COUNTA($H$29:$H$67)&" Items ptes.ofertar ",IF(AND($G$18>0,$H$56>0,(N54)/(N54)=1),"ok","mal"))),"¿max.min.ofertado?") -> ¿max.min.ofertado? | N54: =+IF(OR($G$18=0,LEN($G$18)=0),"",IF(OR($G$18<0,+$G$18/$G$18<>1),"Total oferta Lote incorrecto (no numérico o negativo)",IF(AND($G$18>0,$H$56>0,H54<=0),"¿importe ofertado?",IF(AND($G$18>0,$H$56<0),"acum.of.oferta sede >oferta lote",IF(AND($G$18>0,$H$56>0,H54<VLOOKUP(B54,'% admitidos'!A:M,11,FALSE)),+"min."&VLOOKUP(B54,'% admitidos'!A:M,11,FALSE),IF(AND($G$18>0,$H$56>0,H54>VLOOKUP(B54,'% admitidos'!A:M,13,FALSE)),+"max."&VLOOKUP(B54,'% admitidos'!A:M,13,FALSE),+H54))))))
A55: __0b | B55: . | C55: =+IF(LEN('Anx I pg 1 oferta'!$C$56)>0,"","min. "&VLOOKUP(B54,'% admitidos'!A:M,11,FALSE)&" - med. "&VLOOKUP(B54,'% admitidos'!A:M,12,FALSE)&" - max. "&VLOOKUP(B54,'% admitidos'!A:M,13,FALSE)) -> min. 0 - med. 0 - max. 0
A56: =+'Anx I pg 1 oferta'!$B$18&"T2_L02_inst_"&B56 -> T2_L02_inst_L02-13 | B56: L02-13 | C56: =+VLOOKUP(B56,'DATOS CENTROS'!B:F,4,FALSE) -> C.E. OM ZUBIETA | E56: =+VLOOKUP(B56,'DATOS CENTROS'!B:F,3,FALSE) -> A + C | F56: =+VLOOKUP(B56,'DATOS CENTROS'!B:F,5,FALSE) -> 0.137 | G56: =+IF(OR($G$18=0,LEN($G$18)=0),"",1-SUM(G29:G55)-SUM(G58:G67)) | H56: =+IF(OR($G$18=0,+LEN($G$18)=0),"",+$G$18-SUM(H29:H55)-SUM(H58:H67)) | M56: =+IFERROR(IF(COUNTA($H$29:$H$67)<15,15-COUNTA($H$29:$H$67)&" Items ptes.ofertar ",IF(AND($G$18>0,$H$37>0,(N56)/(N56)=1),"ok","mal")),"¿max.min.ofertado?") -> 14 Items ptes.ofertar | N56: =+IF(OR($G$18=0,LEN($G$18)=0),"",IF(OR($G$18<0,+$G$18/$G$18<>1),"Total oferta Lote incorrecto (no numérico o negativo)",IF(AND($G$18>0,$H$56>0,H56<=0),"¿importe ofertado?",IF(AND($G$18>0,$H$56<0),"acum.of.oferta sede >oferta lote",IF(AND($G$18>0,$H$56<>0,H56<VLOOKUP(B56,'% admitidos'!A:M,13,FALSE)),+"MIN."&VLOOKUP(B56,'% admitidos'!A:M,13,FALSE),IF(AND($G$18>0,$H$56>0,H56>VLOOKUP(B56,'% admitidos'!A:M,11,FALSE)),+"MAX."&VLOOKUP(B56,'% admitidos'!A:M,11,FALSE),+H56))))))
A57: __0b | B57: . | C57: =+IF(LEN('Anx I pg 1 oferta'!$C$56)>0,"","MAX. "&VLOOKUP(B56,'% admitidos'!A:M,11,FALSE)&" - med. "&VLOOKUP(B56,'% admitidos'!A:M,12,FALSE)&" - MIN. "&VLOOKUP(B56,'% admitidos'!A:M,13,FALSE)) -> MAX. 0 - med. 0 - MIN. 0
A58: =+'Anx I pg 1 oferta'!$B$18&"T2_L02_inst_"&B58 -> T2_L02_inst_L02-14 | B58: L02-14 | C58: =+VLOOKUP(B58,'DATOS CENTROS'!B:F,4,FALSE) -> C.T. RNE País Vasco | E58: =+VLOOKUP(B58,'DATOS CENTROS'!B:F,3,FALSE) -> C | F58: =+VLOOKUP(B58,'DATOS CENTROS'!B:F,5,FALSE) -> 0.028 | G58: =+IF(OR($G$18=0,LEN($G$18)=0),"",+ROUND(((H58)/$G$18),6)) | M58: =+IFERROR(IF(N58<>TRUNC(N58,2),".+ de 2 decim.",IF(COUNTA($H$29:$H$67)<15,15-COUNTA($H$29:$H$67)&" Items ptes.ofertar ",IF(AND($G$18>0,$H$56>0,(N58)/(N58)=1),"ok","mal"))),"¿max.min.ofertado?") -> ¿max.min.ofertado? | N58: =+IF(OR($G$18=0,LEN($G$18)=0),"",IF(OR($G$18<0,+$G$18/$G$18<>1),"Total oferta Lote incorrecto (no numérico o negativo)",IF(AND($G$18>0,$H$56>0,H58<=0),"¿importe ofertado?",IF(AND($G$18>0,$H$56<0),"acum.of.oferta sede >oferta lote",IF(AND($G$18>0,$H$56>0,H58<VLOOKUP(B58,'% admitidos'!A:M,11,FALSE)),+"min."&VLOOKUP(B58,'% admitidos'!A:M,11,FALSE),IF(AND($G$18>0,$H$56>0,H58>VLOOKUP(B58,'% admitidos'!A:M,13,FALSE)),+"max."&VLOOKUP(B58,'% admitidos'!A:M,13,FALSE),+H58))))))
A59: __0b | B59: . | C59: =+IF(LEN('Anx I pg 1 oferta'!$C$56)>0,"","min. "&VLOOKUP(B58,'% admitidos'!A:M,11,FALSE)&" - med. "&VLOOKUP(B58,'% admitidos'!A:M,12,FALSE)&" - max. "&VLOOKUP(B58,'% admitidos'!A:M,13,FALSE)) -> min. 0 - med. 0 - max. 0
A60: =+'Anx I pg 1 oferta'!$B$18&"T2_L02_inst_"&B60 -> T2_L02_inst_L02-15 | B60: L02-15 | C60: =+VLOOKUP(B60,'DATOS CENTROS'!B:F,4,FALSE) -> U.I. RTVE San Sebastián | E60: =+VLOOKUP(B60,'DATOS CENTROS'!B:F,3,FALSE) -> C | F60: =+VLOOKUP(B60,'DATOS CENTROS'!B:F,5,FALSE) -> 0.035 | G60: =+IF(OR($G$18=0,LEN($G$18)=0),"",+ROUND(((H60)/$G$18),6)) | M60: =+IFERROR(IF(N60<>TRUNC(N60,2),".+ de 2 decim.",IF(COUNTA($H$29:$H$67)<15,15-COUNTA($H$29:$H$67)&" Items ptes.ofertar ",IF(AND($G$18>0,$H$56>0,(N60)/(N60)=1),"ok","mal"))),"¿max.min.ofertado?") -> ¿max.min.ofertado? | N60: =+IF(OR($G$18=0,LEN($G$18)=0),"",IF(OR($G$18<0,+$G$18/$G$18<>1),"Total oferta Lote incorrecto (no numérico o negativo)",IF(AND($G$18>0,$H$56>0,H60<=0),"¿importe ofertado?",IF(AND($G$18>0,$H$56<0),"acum.of.oferta sede >oferta lote",IF(AND($G$18>0,$H$56>0,H60<VLOOKUP(B60,'% admitidos'!A:M,11,FALSE)),+"min."&VLOOKUP(B60,'% admitidos'!A:M,11,FALSE),IF(AND($G$18>0,$H$56>0,H60>VLOOKUP(B60,'% admitidos'!A:M,13,FALSE)),+"max."&+ROUND(VLOOKUP(B60,'% admitidos'!A:M,13,FALSE),4),+H60))))))
A61: __0b | B61: . | C61: =+IF(LEN('Anx I pg 1 oferta'!$C$56)>0,"","min. "&VLOOKUP(B60,'% admitidos'!A:M,11,FALSE)&" - med. "&VLOOKUP(B60,'% admitidos'!A:M,12,FALSE)&" - max. "&+ROUND(VLOOKUP(B60,'% admitidos'!A:M,13,FALSE),6)) -> min. 0 - med. 0 - max. 0
A62: __0a | B62: .
A63: __0a | B63: .
A64: __0a | B64: .
A65: __0a | B65: .
A66: __0a | B66: .
A67: __0a | B67: .
A68: =+'Anx I pg 1 oferta'!$B$18&"T2_L02_TOT" -> T2_L02_TOT | F68: =SUM(F29:F67) -> 1 | G68: =SUM(G29:G67) -> 0 | H68: =SUM(H29:H67) -> 0
A69: __0a
A70: __0a
A71: __0a
A72: __0a | B72: Desglose 3
A73: __0a
A74: __0a | B74: DETALLE DE IMPORTES OFERTADOS POR SEDE Y FASES ACTUACIONES BASICAS
A75: __0a | B75: =+$B$11 -> Lote 2 : CCAA Aragón, Navarra, La Rioja y el País Vasco.
A76: =+'Anx I pg 1 oferta'!$B$18&"T3_L02_cab0a" -> T3_L02_cab0a | B76: LOTES | C76: CC.AA./ C-A DIRECCIÓN | D76: trabajo | E76: SEDES INMUEBLES | F76: RELACIÓN % s/LOTE | G76: % ofertado (4 decim.) | H76: ACTUACIONES BÁSICAS (A.B) | I76: % POR A.B | J76: IMPORTE POR A.B | K76: IMPORTE ofertado POR SEDE
A77: =+'Anx I pg 1 oferta'!$B$18&"T3_L02_cab0b" -> T3_L02_cab0b | B77: LOTE-99 | C77: (plazo de 2 meses) | F77: 1
A78: =+'Anx I pg 1 oferta'!$B$18&"T3_L02_cab1(CA)" -> T3_L02_cab1(CA) | B78: . | C78: ARAGON | K78: =+G18 -> 0
A79: =+'Anx I pg 1 oferta'!$B$18&"T3_L02_inst_"&B79&"DA1" -> T3_L02_inst_L02-01DA1 | B79: L02-01 | C79: =+VLOOKUP(B79,'DATOS CENTROS'!B:E,2,FALSE) -> Camino Real del Campillo. La Muela (Bº Jorgit) | D79: =+VLOOKUP(B79,'DATOS CENTROS'!B:E,3,FALSE) -> A + C | E79: =+VLOOKUP(B79,'DATOS CENTROS'!B:E,4,FALSE) -> C.E. FM y OM LA MUELA (TERUEL) | F79: =+VLOOKUP(B79,'DATOS CENTROS'!B:F,5,FALSE) -> 0.077 | G79: =+IF(G29>0,G29,"") | H79: Recopilación de información y toma de datos | I79: 0.15 | J79: =+IF($K$79>0,+ROUND($K$79*I79,0),"") -> #VALUE! | K79: =+IFERROR(IF(OR($G$18=0,LEN($G$18)=0),"",IF(AND(M29="ok",(H29/H29)=1),N29,"")),"¿?")
A80: =+'Anx I pg 1 oferta'!$B$18&"T3_L02_inst_"&B79&"DA2" -> T3_L02_inst_L02-01DA2 | H80: Análisis y evaluación, determinación del balance de energía | I80: 0.1 | J80: =+IF($K$79>0,+ROUND($K$79*I80,0),"") -> #VALUE!
A81: =+'Anx I pg 1 oferta'!$B$18&"T3_L02_inst_"&B79&"DA3" -> T3_L02_inst_L02-01DA3 | H81: Redacción del Informe Final | I81: 0.2 | J81: =+IF($K$79>0,+ROUND($K$79*I81,0),"") -> #VALUE!
A82: =+'Anx I pg 1 oferta'!$B$18&"T3_L02_inst_"&B79&"DA4" -> T3_L02_inst_L02-01DA4 | H82: Aportación de ficheros ofimáticos soporte del Informe Final | I82: 0.05 | J82: =+IF($K$79>0,+ROUND($K$79*I82,0),"") -> #VALUE!
A83: =+'Anx I pg 1 oferta'!$B$18&"T3_L02_inst_"&B79&"DA5" -> T3_L02_inst_L02-01DA5 | H83: Registro en la Comunidad Autónoma o en el MITECO del Informe Final | I83: 0.5 | J83: =+IF($K$79>0,+$K$79-SUM(J79:J82),"") -> #VALUE!
A84: =+'Anx I pg 1 oferta'!$B$18&"T3_L02_inst_"&B84&"DA1" -> T3_L02_inst_L02-02DA1 | B84: L02-02 | C84: =+VLOOKUP(B84,'DATOS CENTROS'!B:E,2,FALSE) -> Torrero | D84: =+VLOOKUP(B84,'DATOS CENTROS'!B:E,3,FALSE) -> A + C | E84: =+VLOOKUP(B84,'DATOS CENTROS'!B:E,4,FALSE) -> C.E. FM y OM TORRERO | F84: =+VLOOKUP(B84,'DATOS CENTROS'!B:F,5,FALSE) -> 0.113 | G84: =+IF(G31>0,G31,"") | H84: Recopilación de información y toma de datos | I84: 0.15 | J84: =+IF($K$84>0,+ROUND($K$84*I84,0),"") -> #VALUE! | K84: =+IFERROR(IF(OR($G$18=0,LEN($G$18)=0),"",IF(AND(M31="ok",(H31/H31)=1),N31,"")),"¿?")
A85: =+'Anx I pg 1 oferta'!$B$18&"T3_L02_inst_"&B84&"DA2" -> T3_L02_inst_L02-02DA2 | H85: Análisis y evaluación, determinación del balance de energía | I85: 0.1 | J85: =+IF($K$84>0,+ROUND($K$84*I85,0),"") -> #VALUE!
A86: =+'Anx I pg 1 oferta'!$B$18&"T3_L02_inst_"&B84&"DA3" -> T3_L02_inst_L02-02DA3 | H86: Redacción del Informe Final | I86: 0.2 | J86: =+IF($K$84>0,+ROUND($K$84*I86,0),"") -> #VALUE!
A87: =+'Anx I pg 1 oferta'!$B$18&"T3_L02_inst_"&B84&"DA4" -> T3_L02_inst_L02-02DA4 | H87: Aportación de ficheros ofimáticos soporte del Informe Final | I87: 0.05 | J87: =+IF($K$84>0,+ROUND($K$84*I87,0),"") -> #VALUE!
A88: =+'Anx I pg 1 oferta'!$B$18&"T3_L02_inst_"&B84&"DA5" -> T3_L02_inst_L02-02DA5 | H88: Registro en la Comunidad Autónoma o en el MITECO del Informe Final | I88: 0.5 | J88: =+IF($K$84>0,+$K$84-SUM(J84:J87),"") -> #VALUE!
A89: =+'Anx I pg 1 oferta'!$B$18&"T3_L02_inst_"&B89&"DA1" -> T3_L02_inst_L02-03DA1 | B89: L02-03 | C89: =+VLOOKUP(B89,'DATOS CENTROS'!B:E,2,FALSE) -> Sub-Edificio Dinamiza 3-B. Av. Pablo Ruiz de Picasso | D89: =+VLOOKUP(B89,'DATOS CENTROS'!B:E,3,FALSE) -> A + C | E89: =+VLOOKUP(B89,'DATOS CENTROS'!B:E,4,FALSE) -> C.T. RTVE Aragón (Zaragoza) | F89: =+VLOOKUP(B89,'DATOS CENTROS'!B:F,5,FALSE) -> 0.13 | G89: =+IF(G33>0,G33,"") | H89: Recopilación de información y toma de datos | I89: 0.15 | J89: =+IF($K$89>0,+ROUND($K$89*I89,0),"") -> #VALUE! | K89: =+IFERROR(IF(OR($G$18=0,LEN($G$18)=0),"",IF(AND(M33="ok",(H33/H33)=1),N33,"")),"¿?")
A90: =+'Anx I pg 1 oferta'!$B$18&"T3_L02_inst_"&B89&"DA2" -> T3_L02_inst_L02-03DA2 | H90: Análisis y evaluación, determinación del balance de energía | I90: 0.1 | J90: =+IF($K$89>0,+ROUND($K$89*I90,0),"") -> #VALUE!
A91: =+'Anx I pg 1 oferta'!$B$18&"T3_L02_inst_"&B89&"DA3" -> T3_L02_inst_L02-03DA3 | H91: Redacción del Informe Final | I91: 0.2 | J91: =+IF($K$89>0,+ROUND($K$89*I91,0),"") -> #VALUE!
A92: =+'Anx I pg 1 oferta'!$B$18&"T3_L02_inst_"&B89&"DA4" -> T3_L02_inst_L02-03DA4 | H92: Aportación de ficheros ofimáticos soporte del Informe Final | I92: 0.05 | J92: =+IF($K$89>0,+ROUND($K$89*I92,0),"") -> #VALUE!
A93: =+'Anx I pg 1 oferta'!$B$18&"T3_L02_inst_"&B89&"DA5" -> T3_L02_inst_L02-03DA5 | H93: Registro en la Comunidad Autónoma o en el MITECO del Informe Final | I93: 0.5 | J93: =+IF($K$89>0,+$K$89-SUM(J89:J92),"") -> #VALUE!
A94: =+'Anx I pg 1 oferta'!$B$18&"T3_L02_inst_"&B94&"DA1" -> T3_L02_inst_L02-04DA1 | B94: L02-04 | C94: =+VLOOKUP(B94,'DATOS CENTROS'!B:E,2,FALSE) -> Calle Albareda 1 Planta 3ª y 4ª 50004 | D94: =+VLOOKUP(B94,'DATOS CENTROS'!B:E,3,FALSE) -> C | E94: =+VLOOKUP(B94,'DATOS CENTROS'!B:E,4,FALSE) -> S.U. Zaragoza | F94: =+VLOOKUP(B94,'DATOS CENTROS'!B:F,5,FALSE) -> 0.035 | G94: =+IF(G35>0,G35,"") | H94: Recopilación de información y toma de datos | I94: 0.15 | J94: =+IF($K$94>0,+ROUND($K$94*I94,0),"") -> #VALUE! | K94: =+IFERROR(IF(OR($G$18=0,LEN($G$18)=0),"",IF(AND(M35="ok",(H35/H35)=1),N35,"")),"¿?")
A95: =+'Anx I pg 1 oferta'!$B$18&"T3_L02_inst_"&B94&"DA2" -> T3_L02_inst_L02-04DA2 | H95: Análisis y evaluación, determinación del balance de energía | I95: 0.1 | J95: =+IF($K$94>0,+ROUND($K$94*I95,0),"") -> #VALUE!
A96: =+'Anx I pg 1 oferta'!$B$18&"T3_L02_inst_"&B94&"DA3" -> T3_L02_inst_L02-04DA3 | H96: Redacción del Informe Final | I96: 0.2 | J96: =+IF($K$94>0,+ROUND($K$94*I96,0),"") -> #VALUE!
A97: =+'Anx I pg 1 oferta'!$B$18&"T3_L02_inst_"&B94&"DA4" -> T3_L02_inst_L02-04DA4 | H97: Aportación de ficheros ofimáticos soporte del Informe Final | I97: 0.05 | J97: =+IF($K$94>0,+ROUND($K$94*I97,0),"") -> #VALUE!
A98: =+'Anx I pg 1 oferta'!$B$18&"T3_L02_inst_"&B94&"DA5" -> T3_L02_inst_L02-04DA5 | H98: Registro en la Comunidad Autónoma o en el MITECO del Informe Final | I98: 0.5 | J98: =+IF($K$94>0,+$K$94-SUM(J94:J97),"") -> #VALUE!
A99: =+'Anx I pg 1 oferta'!$B$18&"T3_L02_inst_"&B99&"DA1" -> T3_L02_inst_L02-05DA1 | B99: L02-05 | C99: =+VLOOKUP(B99,'DATOS CENTROS'!B:E,2,FALSE) -> Calle José Gil Cavez 1 22005 | D99: =+VLOOKUP(B99,'DATOS CENTROS'!B:E,3,FALSE) -> C | E99: =+VLOOKUP(B99,'DATOS CENTROS'!B:E,4,FALSE) -> U.I. RTVE Huesca | F99: =+VLOOKUP(B99,'DATOS CENTROS'!B:F,5,FALSE) -> 0.025 | G99: =+IF(G37>0,G37,"") | H99: Recopilación de información y toma de datos | I99: 0.15 | J99: =+IF($K$99>0,+ROUND($K$99*I99,0),"") -> #VALUE! | K99: =+IFERROR(IF(OR($G$18=0,LEN($G$18)=0),"",IF(AND(M37="ok",(H37/H37)=1),N37,"")),"¿?")
A100: =+'Anx I pg 1 oferta'!$B$18&"T3_L02_inst_"&B99&"DA2" -> T3_L02_inst_L02-05DA2 | H100: Análisis y evaluación, determinación del balance de energía | I100: 0.1 | J100: =+IF($K$99>0,+ROUND($K$99*I100,0),"") -> #VALUE!
...

Sheet L3 MADR (Prado Rey)
A1: __0a
A2: __0a | B2: NOTA IMPORTANTE: ESTE DESGLOSE SE PRESENTARA FIRMADO EN FORMATO PDF
A3: __0a
A4: __0a
A5: __0a | H5: “A.T. para redacción de auditorías energéticas
A6: __0a | H6: y certificados energéticos de SEDES CRTVE"
A7: __0a | H7: Expediente n.º S/01533/2025
A8: __0a | B8: ANEXO I: DESGLOSE PRECIO LOTE 3
A9: __0a | B9: Desglose 1
A10: __0a | B10: S-01533-2025 - A.T. para redacción de auditorías energéticas y certificados energéticos de SEDES CRTVE
A11: __0a | B11: =CONCATENATE("Lote ",RIGHT(B8,2)," : ",VLOOKUP(_xlfn.NUMBERVALUE(RIGHT(B8,1)),'RESUMEN LOTES'!B:C,2,FALSE)) -> Lote 3 : Comunidad de Madrid, sede Prado del Rey
A12: =+'Anx I pg 1 oferta'!$B$18&"T1_L03_cab" -> T1_L03_cab | B12: ID | C12: ACTUACIONES BÁSICAS | G12: IMPORTE | H12: %
A13: =+'Anx I pg 1 oferta'!$B$18&"T1_L03_DAB1" -> T1_L03_DAB1 | B13: A.B-01 | C13: =+IFERROR(IF(OR($G$18=0,LEN($G$18)=0),"Lote NO ofertado, introduzca TOTAL OFERTA LOTE",IF(OR($G$18<0,+$G$18/$G$18<>1),"Total oferta Lote incorrecto (no numérico o negativo)",IF($G$18<>TRUNC($G$18,2),"ERROR: TOTAL OFERTA LOTE más de 2 decimales",IF(VLOOKUP(3,'RESUMEN LOTES'!B7:E15,4,FALSE)<G18,"Importe ofertado supera max. € "&VLOOKUP(3,'RESUMEN LOTES'!B7:E15,4,FALSE),IF(COUNTIFS($M$29:$M$64,"ok")<>9,"Debe revisar Desglose 2 IMPORTE ofertado POR SEDE","Recopilación de información y toma de datos"))))),"TOTAL OFERTA LOTE incorrecto, no es un dato numérico") -> Lote NO ofertado, introduzca TOTAL OFERTA LOTE | G13: =+IF(OR($G$18=0,LEN($G$18)=0),"¿?",IF(COUNTIFS($M$29:$M$64,"ok")<>9,"¿?",+IF(C13="Debe revisar Desglose 2 IMPORTE ofertado POR SEDE","¿?",+SUMIFS($J$76:$J$165,$H$76:$H$165,C13)))) -> ¿? | H13: 0.15
A14: =+'Anx I pg 1 oferta'!$B$18&"T1_L03_DAB2" -> T1_L03_DAB2 | B14: A.B-02 | C14: =+IFERROR(IF(OR($G$18=0,LEN($G$18)=0),"Lote NO ofertado, introduzca TOTAL OFERTA LOTE",IF(OR($G$18<0,+$G$18/$G$18<>1),"Total oferta Lote incorrecto (no numérico o negativo)",IF($G$18<>TRUNC($G$18,2),"ERROR: TOTAL OFERTA LOTE más de 2 decimales",IF(VLOOKUP(3,'RESUMEN LOTES'!B7:E15,4,FALSE)<G18,"Importe ofertado supera max. € "&VLOOKUP(3,'RESUMEN LOTES'!B7:E15,4,FALSE),IF(COUNTIFS($M$29:$M$64,"ok")<>9,"Debe revisar Desglose 2 IMPORTE ofertado POR SEDE","Análisis y evaluación, determinación del balance de energía"))))),"TOTAL OFERTA LOTE incorrecto, no es un dato numérico") -> Lote NO ofertado, introduzca TOTAL OFERTA LOTE | G14: =+IF(OR($G$18=0,LEN($G$18)=0),"¿?",IF(COUNTIFS($M$29:$M$64,"ok")<>9,"¿?",+IF(C14="Debe revisar Desglose 2 IMPORTE ofertado POR SEDE","¿?",+SUMIFS($J$76:$J$165,$H$76:$H$165,C14)))) -> ¿? | H14: 0.1
A15: =+'Anx I pg 1 oferta'!$B$18&"T1_L03_DAB3" -> T1_L03_DAB3 | B15: A.B-03 | C15: =+IFERROR(IF(OR($G$18=0,LEN($G$18)=0),"Lote NO ofertado, introduzca TOTAL OFERTA LOTE",IF(OR($G$18<0,+$G$18/$G$18<>1),"Total oferta Lote incorrecto (no numérico o negativo)",IF($G$18<>TRUNC($G$18,2),"ERROR: TOTAL OFERTA LOTE más de 2 decimales",IF(VLOOKUP(3,'RESUMEN LOTES'!B7:E15,4,FALSE)<G18,"Importe ofertado supera max. € "&VLOOKUP(3,'RESUMEN LOTES'!B7:E15,4,FALSE),IF(COUNTIFS($M$29:$M$64,"ok")<>9,"Debe revisar Desglose 2 IMPORTE ofertado POR SEDE","Redacción del Informe Final"))))),"TOTAL OFERTA LOTE incorrecto, no es un dato numérico") -> Lote NO ofertado, introduzca TOTAL OFERTA LOTE | G15: =+IF(OR($G$18=0,LEN($G$18)=0),"¿?",IF(COUNTIFS($M$29:$M$64,"ok")<>9,"¿?",+IF(C15="Debe revisar Desglose 2 IMPORTE ofertado POR SEDE","¿?",+SUMIFS($J$76:$J$165,$H$76:$H$165,C15)))) -> ¿? | H15: 0.2
A16: =+'Anx I pg 1 oferta'!$B$18&"T1_L03_DAB4" -> T1_L03_DAB4 | B16: A.B-04 | C16: =+IFERROR(IF(OR($G$18=0,LEN($G$18)=0),"Lote NO ofertado, introduzca TOTAL OFERTA LOTE",IF(OR($G$18<0,+$G$18/$G$18<>1),"Total oferta Lote incorrecto (no numérico o negativo)",IF($G$18<>TRUNC($G$18,2),"ERROR: TOTAL OFERTA LOTE más de 2 decimales",IF(VLOOKUP(3,'RESUMEN LOTES'!B7:E15,4,FALSE)<G18,"Importe ofertado supera max. € "&VLOOKUP(3,'RESUMEN LOTES'!B7:E15,4,FALSE),IF(COUNTIFS($M$29:$M$64,"ok")<>9,"Debe revisar Desglose 2 IMPORTE ofertado POR SEDE","Aportación de ficheros ofimáticos soporte del Informe Final"))))),"TOTAL OFERTA LOTE incorrecto, no es un dato numérico") -> Lote NO ofertado, introduzca TOTAL OFERTA LOTE | G16: =+IF(OR($G$18=0,LEN($G$18)=0),"¿?",IF(COUNTIFS($M$29:$M$64,"ok")<>9,"¿?",+IF(C16="Debe revisar Desglose 2 IMPORTE ofertado POR SEDE","¿?",+SUMIFS($J$76:$J$165,$H$76:$H$165,C16)))) -> ¿? | H16: 0.05
A17: =+'Anx I pg 1 oferta'!$B$18&"T1_L03_DAB5" -> T1_L03_DAB5 | B17: A.B-05 | C17: =+IFERROR(IF(OR($G$18=0,LEN($G$18)=0),"Lote NO ofertado, introduzca TOTAL OFERTA LOTE",IF(OR($G$18<0,+$G$18/$G$18<>1),"Total oferta Lote incorrecto (no numérico o negativo)",IF($G$18<>TRUNC($G$18,2),"ERROR: TOTAL OFERTA LOTE más de 2 decimales",IF(VLOOKUP(3,'RESUMEN LOTES'!B7:E15,4,FALSE)<G18,"Importe ofertado supera max. € "&VLOOKUP(3,'RESUMEN LOTES'!B7:E15,4,FALSE),IF(COUNTIFS($M$29:$M$64,"ok")<>9,"Debe revisar Desglose 2 IMPORTE ofertado POR SEDE","Registro en la Comunidad Autónoma o en el Ministerio para la Transición Ecológica del Informe Final"))))),"TOTAL OFERTA LOTE incorrecto, no es un dato numérico") -> Lote NO ofertado, introduzca TOTAL OFERTA LOTE | G17: =+IF(OR($G$18=0,LEN($G$18)=0),"¿?",IF(COUNTIFS($M$29:$M$64,"ok")<>9,"¿?",+IF(C17="Debe revisar Desglose 2 IMPORTE ofertado POR SEDE","¿?",+SUMIFS($J$76:$J$165,$H$76:$H$165,"Registro en la Comunidad Autónoma o en el MITECO del Informe Final")))) -> ¿? | H17: 0.5 | M17: chck total
A18: =+'Anx I pg 1 oferta'!$B$18&"T1_L03_TOT" -> T1_L03_TOT | F18: TOTAL OFERTA LOTE : | G18: 0 | N18: =+SUM(G13:G17) -> 0
A19: __0a
A20: __0a | C20: Fdo.:
A21: __0a
A22: __0a | B22: Desglose 2
A23: __0a
A24: __0a | B24: DESGLOSE DE IMPORTES OFERTADOS POR SEDE
A25: __0a | J25: =+COUNTIFS(M29:M37,"ok") -> 0
A26: =+'Anx I pg 1 oferta'!$B$18&"T2_L03_cab0a" -> T2_L03_cab0a | B26: LOTES | C26: SEDES INMUEBLES | E26: trabajo | F26: RELACIÓN % s/LOTE | G26: % ofertado s/Lote (4 decim.) | H26: IMPORTE ofertado POR SEDE | I26: TOTAL OFERTADO POR LOTE | M26: CHECK DETALLE LOTE POR SEDE
A27: =+'Anx I pg 1 oferta'!$B$18&"T2_L03_cab0b" -> T2_L03_cab0b | B27: LOTE-03 | C27: (plazo de 3 meses) | F27: 1
A28: =+'Anx I pg 1 oferta'!$B$18&"T2_L03_cab1(CA)" -> T2_L03_cab1(CA) | B28: . | C28: MADRID | I28: =+G18 -> 0
A29: =+'Anx I pg 1 oferta'!$B$18&"T2_L03_inst_"&B29 -> T2_L03_inst_L03-01 | B29: L03-01 | C29: =+VLOOKUP(B29,'DATOS CENTROS'!B:F,4,FALSE) -> TRANSFORMACIÓN FONDOS DIGITALES | E29: =+VLOOKUP(B29,'DATOS CENTROS'!B:F,3,FALSE) -> A + C | F29: =+VLOOKUP(B29,'DATOS CENTROS'!B:F,5,FALSE) -> 0.038 | G29: =+IF(OR($G$18=0,LEN($G$18)=0),"",+ROUND(((H29)/$G$18),6)) | M29: =+IFERROR(IF(N29<>TRUNC(N29,2),".+ de 2 decim.",IF(COUNTA($H$29:$H$64)<9,9-COUNTA($H$29:$H$64)&" Items ptes.ofertar ",IF(AND($G$18>0,$H$33>0,(N29)/(N29)=1),"ok","mal"))),"¿max.min.ofertado?") -> ¿max.min.ofertado? | N29: =+IF(OR($G$18=0,LEN($G$18)=0),"",IF(OR($G$18<0,+$G$18/$G$18<>1),"Total oferta Lote incorrecto (no numérico o negativo)",IF(AND($G$18>0,$H$33>0,H29<=0),"¿importe ofertado?",IF(AND($G$18>0,$H$33<0),"acum.of.oferta sede >oferta lote",IF(AND($G$18>0,$H$33<>0,H29<VLOOKUP(B29,'% admitidos'!A:M,11,FALSE)),+"min."&VLOOKUP(B29,'% admitidos'!A:M,11,FALSE),IF(AND($G$18>0,$H$33>0,H29>VLOOKUP(B29,'% admitidos'!A:M,13,FALSE)),+"max."&VLOOKUP(B29,'% admitidos'!A:M,13,FALSE),+H29))))))
A30: __0b | B30: . | C30: =+IF(LEN('Anx I pg 1 oferta'!$C$56)>0,"","min. "&VLOOKUP(B29,'% admitidos'!A:M,11,FALSE)&" - med. "&VLOOKUP(B29,'% admitidos'!A:M,12,FALSE)&" - max. "&VLOOKUP(B29,'% admitidos'!A:M,13,FALSE)) -> min. 0 - med. 0 - max. 0
A31: =+'Anx I pg 1 oferta'!$B$18&"T2_L03_inst_"&B31 -> T2_L03_inst_L03-02 | B31: L03-02 | C31: =+VLOOKUP(B31,'DATOS CENTROS'!B:F,4,FALSE) -> DIGITALIZACIÓN | E31: =+VLOOKUP(B31,'DATOS CENTROS'!B:F,3,FALSE) -> A + C | F31: =+VLOOKUP(B31,'DATOS CENTROS'!B:F,5,FALSE) -> 0.044 | G31: =+IF(OR($G$18=0,LEN($G$18)=0),"",+ROUND(((H31)/$G$18),6)) | M31: =+IFERROR(IF(N31<>TRUNC(N31,2),".+ de 2 decim.",IF(COUNTA($H$29:$H$64)<9,9-COUNTA($H$29:$H$64)&" Items ptes.ofertar ",IF(AND($G$18>0,$H$33>0,(N31)/(N31)=1),"ok","mal"))),"¿max.min.ofertado?") -> ¿max.min.ofertado? | N31: =+IF(OR($G$18=0,LEN($G$18)=0),"",IF(OR($G$18<0,+$G$18/$G$18<>1),"Total oferta Lote incorrecto (no numérico o negativo)",IF(AND($G$18>0,$H$33>0,H31<=0),"¿importe ofertado?",IF(AND($G$18>0,$H$33<0),"acum.of.oferta sede >oferta lote",IF(AND($G$18>0,$H$33>0,H31<VLOOKUP(B31,'% admitidos'!A:M,11,FALSE)),+"min."&VLOOKUP(B31,'% admitidos'!A:M,11,FALSE),IF(AND($G$18>0,$H$33>0,H31>VLOOKUP(B31,'% admitidos'!A:M,13,FALSE)),+"max."&VLOOKUP(B31,'% admitidos'!A:M,13,FALSE),+H31))))))
A32: __0b | B32: . | C32: =+IF(LEN('Anx I pg 1 oferta'!$C$56)>0,"","min. "&VLOOKUP(B31,'% admitidos'!A:M,11,FALSE)&" - med. "&VLOOKUP(B31,'% admitidos'!A:M,12,FALSE)&" - max. "&VLOOKUP(B31,'% admitidos'!A:M,13,FALSE)) -> min. 0 - med. 0 - max. 0
A33: =+'Anx I pg 1 oferta'!$B$18&"T2_L03_inst_"&B33 -> T2_L03_inst_L03-03 | B33: L03-03 | C33: =+VLOOKUP(B33,'DATOS CENTROS'!B:F,4,FALSE) -> CASA DE LA RADIO | E33: =+VLOOKUP(B33,'DATOS CENTROS'!B:F,3,FALSE) -> A + C | F33: =+VLOOKUP(B33,'DATOS CENTROS'!B:F,5,FALSE) -> 0.235 | G33: =+IF(OR($G$18=0,LEN($G$18)=0),"",1-SUM(G29:G32)-SUM(G35:G64)) | H33: =+IF(OR($G$18=0,+LEN($G$18)=0),"",+$G$18-SUM(H29:H32)-SUM(H35:H64)) | M33: =+IFERROR(IF(COUNTA($H$29:$H$64)<9,9-COUNTA($H$29:$H$64)&" Items ptes.ofertar ",IF(AND($G$18>0,$H$37>0,(N33)/(N33)=1),"ok","mal")),"¿max.min.ofertado?") -> 8 Items ptes.ofertar | N33: =+IF(OR($G$18=0,LEN($G$18)=0),"",IF(OR($G$18<0,+$G$18/$G$18<>1),"Total oferta Lote incorrecto (no numérico o negativo)",IF(AND($G$18>0,$H$33>0,H33<=0),"¿importe ofertado?",IF(AND($G$18>0,$H$33<0),"acum.of.oferta sede >oferta lote",IF(AND($G$18>0,$H$33<>0,H33<VLOOKUP(B33,'% admitidos'!A:M,13,FALSE)),+"MIN."&VLOOKUP(B33,'% admitidos'!A:M,13,FALSE),IF(AND($G$18>0,$H$33>0,H33>VLOOKUP(B33,'% admitidos'!A:M,11,FALSE)),+"MAX."&VLOOKUP(B33,'% admitidos'!A:M,11,FALSE),+H33))))))
A34: __0b | B34: . | C34: =+IF(LEN('Anx I pg 1 oferta'!$C$56)>0,"","MAX. "&VLOOKUP(B33,'% admitidos'!A:M,11,FALSE)&" - med. "&VLOOKUP(B33,'% admitidos'!A:M,12,FALSE)&" - MIN. "&VLOOKUP(B33,'% admitidos'!A:M,13,FALSE)) -> MAX. 0 - med. 0 - MIN. 0
A35: =+'Anx I pg 1 oferta'!$B$18&"T2_L03_inst_"&B35 -> T2_L03_inst_L03-04 | B35: L03-04 | C35: =+VLOOKUP(B35,'DATOS CENTROS'!B:F,4,FALSE) -> EE.4-5-6 Y CONTROL CENTRAL | E35: =+VLOOKUP(B35,'DATOS CENTROS'!B:F,3,FALSE) -> A + C | F35: =+VLOOKUP(B35,'DATOS CENTROS'!B:F,5,FALSE) -> 0.066 | G35: =+IF(OR($G$18=0,LEN($G$18)=0),"",+ROUND(((H35)/$G$18),6)) | M35: =+IFERROR(IF(N35<>TRUNC(N35,2),".+ de 2 decim.",IF(COUNTA($H$29:$H$64)<9,9-COUNTA($H$29:$H$64)&" Items ptes.ofertar ",IF(AND($G$18>0,$H$33>0,(N35)/(N35)=1),"ok","mal"))),"¿max.min.ofertado?") -> ¿max.min.ofertado? | N35: =+IF(OR($G$18=0,LEN($G$18)=0),"",IF(OR($G$18<0,+$G$18/$G$18<>1),"Total oferta Lote incorrecto (no numérico o negativo)",IF(AND($G$18>0,$H$33>0,H35<=0),"¿importe ofertado?",IF(AND($G$18>0,$H$33<0),"acum.of.oferta sede >oferta lote",IF(AND($G$18>0,$H$33>0,H35<VLOOKUP(B35,'% admitidos'!A:M,11,FALSE)),+"min."&VLOOKUP(B35,'% admitidos'!A:M,11,FALSE),IF(AND($G$18>0,$H$33>0,H35>VLOOKUP(B35,'% admitidos'!A:M,13,FALSE)),+"max."&VLOOKUP(B35,'% admitidos'!A:M,13,FALSE),+H35))))))
A36: __0b | B36: . | C36: =+IF(LEN('Anx I pg 1 oferta'!$C$56)>0,"","min. "&VLOOKUP(B35,'% admitidos'!A:M,11,FALSE)&" - med. "&VLOOKUP(B35,'% admitidos'!A:M,12,FALSE)&" - max. "&VLOOKUP(B35,'% admitidos'!A:M,13,FALSE)) -> min. 0 - med. 0 - max. 0
A37: =+'Anx I pg 1 oferta'!$B$18&"T2_L03_inst_"&B37 -> T2_L03_inst_L03-05 | B37: L03-05 | C37: =+VLOOKUP(B37,'DATOS CENTROS'!B:F,4,FALSE) -> EDIFICIO TVE EE.1-2-3 Y CORONA | E37: =+VLOOKUP(B37,'DATOS CENTROS'!B:F,3,FALSE) -> A + C | F37: =+VLOOKUP(B37,'DATOS CENTROS'!B:F,5,FALSE) -> 0.22 | G37: =+IF(OR($G$18=0,LEN($G$18)=0),"",+ROUND(((H37)/$G$18),6)) | M37: =+IFERROR(IF(N37<>TRUNC(N37,2),".+ de 2 decim.",IF(COUNTA($H$29:$H$64)<9,9-COUNTA($H$29:$H$64)&" Items ptes.ofertar ",IF(AND($G$18>0,$H$33>0,(N37)/(N37)=1),"ok","mal"))),"¿max.min.ofertado?") -> ¿max.min.ofertado? | N37: =+IF(OR($G$18=0,LEN($G$18)=0),"",IF(OR($G$18<0,+$G$18/$G$18<>1),"Total oferta Lote incorrecto (no numérico o negativo)",IF(AND($G$18>0,$H$33>0,H37<=0),"¿importe ofertado?",IF(AND($G$18>0,$H$33<0),"acum.of.oferta sede >oferta lote",IF(AND($G$18>0,$H$33>0,H37<VLOOKUP(B37,'% admitidos'!A:M,11,FALSE)),+"min."&VLOOKUP(B37,'% admitidos'!A:M,11,FALSE),IF(AND($G$18>0,$H$33>0,H37>VLOOKUP(B37,'% admitidos'!A:M,13,FALSE)),+"max."&+ROUND(VLOOKUP(B37,'% admitidos'!A:M,13,FALSE),4),+H37))))))
A38: __0b | B38: . | C38: =+IF(LEN('Anx I pg 1 oferta'!$C$56)>0,"","min. "&VLOOKUP(B37,'% admitidos'!A:M,11,FALSE)&" - med. "&VLOOKUP(B37,'% admitidos'!A:M,12,FALSE)&" - max. "&+ROUND(VLOOKUP(B37,'% admitidos'!A:M,13,FALSE),6)) -> min. 0 - med. 0 - max. 0
A39: =+'Anx I pg 1 oferta'!$B$18&"T2_L03_inst_"&B39 -> T2_L03_inst_L03-06 | B39: L03-06 | C39: =+VLOOKUP(B39,'DATOS CENTROS'!B:F,4,FALSE) -> CONTROL ACCESOS | E39: =+VLOOKUP(B39,'DATOS CENTROS'!B:F,3,FALSE) -> A + C | F39: =+VLOOKUP(B39,'DATOS CENTROS'!B:F,5,FALSE) -> 0.027 | G39: =+IF(OR($G$18=0,LEN($G$18)=0),"",+ROUND(((H39)/$G$18),6)) | M39: =+IFERROR(IF(N39<>TRUNC(N39,2),".+ de 2 decim.",IF(COUNTA($H$29:$H$64)<9,9-COUNTA($H$29:$H$64)&" Items ptes.ofertar ",IF(AND($G$18>0,$H$33>0,(N39)/(N39)=1),"ok","mal"))),"¿max.min.ofertado?") -> ¿max.min.ofertado? | N39: =+IF(OR($G$18=0,LEN($G$18)=0),"",IF(OR($G$18<0,+$G$18/$G$18<>1),"Total oferta Lote incorrecto (no numérico o negativo)",IF(AND($G$18>0,$H$33>0,H39<=0),"¿importe ofertado?",IF(AND($G$18>0,$H$33<0),"acum.of.oferta sede >oferta lote",IF(AND($G$18>0,$H$33>0,H39<VLOOKUP(B39,'% admitidos'!A:M,11,FALSE)),+"min."&VLOOKUP(B39,'% admitidos'!A:M,11,FALSE),IF(AND($G$18>0,$H$33>0,H39>VLOOKUP(B39,'% admitidos'!A:M,13,FALSE)),+"max."&+ROUND(VLOOKUP(B39,'% admitidos'!A:M,13,FALSE),4),+H39))))))
A40: __0b | B40: . | C40: =+IF(LEN('Anx I pg 1 oferta'!$C$56)>0,"","min. "&VLOOKUP(B39,'% admitidos'!A:M,11,FALSE)&" - med. "&VLOOKUP(B39,'% admitidos'!A:M,12,FALSE)&" - max. "&+ROUND(VLOOKUP(B39,'% admitidos'!A:M,13,FALSE),6)) -> min. 0 - med. 0 - max. 0
A41: =+'Anx I pg 1 oferta'!$B$18&"T2_L03_inst_"&B41 -> T2_L03_inst_L03-07 | B41: L03-07 | C41: =+VLOOKUP(B41,'DATOS CENTROS'!B:F,4,FALSE) -> SERVICIOS MEDICOS | E41: =+VLOOKUP(B41,'DATOS CENTROS'!B:F,3,FALSE) -> A + C | F41: =+VLOOKUP(B41,'DATOS CENTROS'!B:F,5,FALSE) -> 0.034 | G41: =+IF(OR($G$18=0,LEN($G$18)=0),"",+ROUND(((H41)/$G$18),6)) | M41: =+IFERROR(IF(N41<>TRUNC(N41,2),".+ de 2 decim.",IF(COUNTA($H$29:$H$64)<9,9-COUNTA($H$29:$H$64)&" Items ptes.ofertar ",IF(AND($G$18>0,$H$33>0,(N41)/(N41)=1),"ok","mal"))),"¿max.min.ofertado?") -> ¿max.min.ofertado? | N41: =+IF(OR($G$18=0,LEN($G$18)=0),"",IF(OR($G$18<0,+$G$18/$G$18<>1),"Total oferta Lote incorrecto (no numérico o negativo)",IF(AND($G$18>0,$H$33>0,H41<=0),"¿importe ofertado?",IF(AND($G$18>0,$H$33<0),"acum.of.oferta sede >oferta lote",IF(AND($G$18>0,$H$33>0,H41<VLOOKUP(B41,'% admitidos'!A:M,11,FALSE)),+"min."&VLOOKUP(B41,'% admitidos'!A:M,11,FALSE),IF(AND($G$18>0,$H$33>0,H41>VLOOKUP(B41,'% admitidos'!A:M,13,FALSE)),+"max."&VLOOKUP(B41,'% admitidos'!A:M,13,FALSE),+H41))))))
A42: __0b | B42: . | C42: =+IF(LEN('Anx I pg 1 oferta'!$C$56)>0,"","min. "&VLOOKUP(B41,'% admitidos'!A:M,11,FALSE)&" - med. "&VLOOKUP(B41,'% admitidos'!A:M,12,FALSE)&" - max. "&VLOOKUP(B41,'% admitidos'!A:M,13,FALSE)) -> min. 0 - med. 0 - max. 0
A43: =+'Anx I pg 1 oferta'!$B$18&"T2_L03_inst_"&B43 -> T2_L03_inst_L03-08 | B43: L03-08 | C43: =+VLOOKUP(B43,'DATOS CENTROS'!B:F,4,FALSE) -> AA.SS.-COMEDORES | E43: =+VLOOKUP(B43,'DATOS CENTROS'!B:F,3,FALSE) -> A + C | F43: =+VLOOKUP(B43,'DATOS CENTROS'!B:F,5,FALSE) -> 0.112 | G43: =+IF(OR($G$18=0,LEN($G$18)=0),"",+ROUND(((H43)/$G$18),6)) | M43: =+IFERROR(IF(N43<>TRUNC(N43,2),".+ de 2 decim.",IF(COUNTA($H$29:$H$64)<9,9-COUNTA($H$29:$H$64)&" Items ptes.ofertar ",IF(AND($G$18>0,$H$33>0,(N43)/(N43)=1),"ok","mal"))),"¿max.min.ofertado?") -> ¿max.min.ofertado? | N43: =+IF(OR($G$18=0,LEN($G$18)=0),"",IF(OR($G$18<0,+$G$18/$G$18<>1),"Total oferta Lote incorrecto (no numérico o negativo)",IF(AND($G$18>0,$H$33>0,H43<=0),"¿importe ofertado?",IF(AND($G$18>0,$H$33<0),"acum.of.oferta sede >oferta lote",IF(AND($G$18>0,$H$33>0,H43<VLOOKUP(B43,'% admitidos'!A:M,11,FALSE)),+"min."&VLOOKUP(B43,'% admitidos'!A:M,11,FALSE),IF(AND($G$18>0,$H$33>0,H43>VLOOKUP(B43,'% admitidos'!A:M,13,FALSE)),+"max."&VLOOKUP(B43,'% admitidos'!A:M,13,FALSE),+H43))))))
A44: __0b | B44: . | C44: =+IF(LEN('Anx I pg 1 oferta'!$C$56)>0,"","min. "&VLOOKUP(B43,'% admitidos'!A:M,11,FALSE)&" - med. "&VLOOKUP(B43,'% admitidos'!A:M,12,FALSE)&" - max. "&VLOOKUP(B43,'% admitidos'!A:M,13,FALSE)) -> min. 0 - med. 0 - max. 0
A45: =+'Anx I pg 1 oferta'!$B$18&"T2_L03_inst_"&B45 -> T2_L03_inst_L03-09 | B45: L03-09 | C45: =+VLOOKUP(B45,'DATOS CENTROS'!B:F,4,FALSE) -> EDIFICIO PRADO DEL REY (EPR) | E45: =+VLOOKUP(B45,'DATOS CENTROS'!B:F,3,FALSE) -> A + C | F45: =+VLOOKUP(B45,'DATOS CENTROS'!B:F,5,FALSE) -> 0.224 | G45: =+IF(OR($G$18=0,LEN($G$18)=0),"",+ROUND(((H45)/$G$18),6)) | M45: =+IFERROR(IF(N45<>TRUNC(N45,2),".+ de 2 decim.",IF(COUNTA($H$29:$H$64)<9,9-COUNTA($H$29:$H$64)&" Items ptes.ofertar ",IF(AND($G$18>0,$H$33>0,(N45)/(N45)=1),"ok","mal"))),"¿max.min.ofertado?") -> ¿max.min.ofertado? | N45: =+IF(OR($G$18=0,LEN($G$18)=0),"",IF(OR($G$18<0,+$G$18/$G$18<>1),"Total oferta Lote incorrecto (no numérico o negativo)",IF(AND($G$18>0,$H$33>0,H45<=0),"¿importe ofertado?",IF(AND($G$18>0,$H$33<0),"acum.of.oferta sede >oferta lote",IF(AND($G$18>0,$H$33>0,H45<VLOOKUP(B45,'% admitidos'!A:M,11,FALSE)),+"min."&VLOOKUP(B45,'% admitidos'!A:M,11,FALSE),IF(AND($G$18>0,$H$33>0,H45>VLOOKUP(B45,'% admitidos'!A:M,13,FALSE)),+"max."&VLOOKUP(B45,'% admitidos'!A:M,13,FALSE),+H45))))))
A46: __0b | B46: . | C46: =+IF(LEN('Anx I pg 1 oferta'!$C$56)>0,"","min. "&VLOOKUP(B45,'% admitidos'!A:M,11,FALSE)&" - med. "&VLOOKUP(B45,'% admitidos'!A:M,12,FALSE)&" - max. "&VLOOKUP(B45,'% admitidos'!A:M,13,FALSE)) -> min. 0 - med. 0 - max. 0
A47: __0a | B47: .
A48: __0a | B48: .
A49: __0a | B49: .
A50: __0a | B50: .
A51: __0a | B51: .
A52: __0a | B52: .
A53: __0a | B53: .
A54: __0a | B54: .
A55: __0a | B55: .
A56: __0a | B56: .
A57: __0a | B57: .
A58: __0a | B58: .
... A64: __0a | B64: .
A65: =+'Anx I pg 1 oferta'!$B$18&"T2_L03_TOT" -> T2_L03_TOT | F65: =SUM(F29:F64) -> 1 | G65: =SUM(G29:G64) -> 0 | H65: =SUM(H29:H64) -> 0
A66: __0a
A67: __0a
A68: __0a
A69: __0a | B69: Desglose 3
A70: __0a
A71: __0a | B71: DETALLE DE IMPORTES OFERTADOS POR SEDE Y FASES ACTUACIONES BASICAS
A72: __0a | B72: =+$B$11 -> Lote 3 : Comunidad de Madrid, sede Prado del Rey
A73: =+'Anx I pg 1 oferta'!$B$18&"T3_L03_cab0a" -> T3_L03_cab0a | B73: LOTES | C73: CC.AA./ C-A DIRECCIÓN | D73: trabajo | E73: SEDES INMUEBLES | F73: RELACIÓN % s/LOTE | G73: % ofertado (4 decim.) | H73: ACTUACIONES BÁSICAS (A.B) | I73: % POR A.B | J73: IMPORTE POR A.B | K73: IMPORTE ofertado POR SEDE
A74: =+'Anx I pg 1 oferta'!$B$18&"T3_L03_cab0b" -> T3_L03_cab0b | B74: LOTE-03 | C74: (plazo de 3 meses) | F74: 1
A75: =+'Anx I pg 1 oferta'!$B$18&"T3_L03_cab1(CA)" -> T3_L03_cab1(CA) | B75: . | C75: MADRID | K75: =+G18 -> 0
A76: =+'Anx I pg 1 oferta'!$B$18&"T3_L03_inst_"&B76&"DA1" -> T3_L03_inst_L03-01DA1 | B76: L03-01 | C76: =+VLOOKUP(B76,'DATOS CENTROS'!B:E,2,FALSE) -> Avda. Radio Televisión, 4 (Pozuelo de Alarcón) | D76: =+VLOOKUP(B76,'DATOS CENTROS'!B:E,3,FALSE) -> A + C | E76: =+VLOOKUP(B76,'DATOS CENTROS'!B:E,4,FALSE) -> TRANSFORMACIÓN FONDOS DIGITALES | F76: =+VLOOKUP(B76,'DATOS CENTROS'!B:F,5,FALSE) -> 0.038 | G76: =+IF(G29>0,G29,"") | H76: Recopilación de información y toma de datos | I76: 0.15 | J76: =+IF($K$76>0,+ROUND($K$76*I76,0),"") -> #VALUE! | K76: =+IFERROR(IF(OR($G$18=0,LEN($G$18)=0),"",IF(AND(M29="ok",(H29/H29)=1),N29,"")),"¿?")
A77: =+'Anx I pg 1 oferta'!$B$18&"T3_L03_inst_"&B76&"DA2" -> T3_L03_inst_L03-01DA2 | H77: Análisis y evaluación, determinación del balance de energía | I77: 0.1 | J77: =+IF($K$76>0,+ROUND($K$76*I77,0),"") -> #VALUE!
A78: =+'Anx I pg 1 oferta'!$B$18&"T3_L03_inst_"&B76&"DA3" -> T3_L03_inst_L03-01DA3 | H78: Redacción del Informe Final | I78: 0.2 | J78: =+IF($K$76>0,+ROUND($K$76*I78,0),"") -> #VALUE!
A79: =+'Anx I pg 1 oferta'!$B$18&"T3_L03_inst_"&B76&"DA4" -> T3_L03_inst_L03-01DA4 | H79: Aportación de ficheros ofimáticos soporte del Informe Final | I79: 0.05 | J79: =+IF($K$76>0,+ROUND($K$76*I79,0),"") -> #VALUE!
A80: =+'Anx I pg 1 oferta'!$B$18&"T3_L03_inst_"&B76&"DA5" -> T3_L03_inst_L03-01DA5 | H80: Registro en la Comunidad Autónoma o en el MITECO del Informe Final | I80: 0.5 | J80: =+IF($K$76>0,+$K$76-SUM(J76:J79),"") -> #VALUE!
A81: =+'Anx I pg 1 oferta'!$B$18&"T3_L03_inst_"&B81&"DA1" -> T3_L03_inst_L03-02DA1 | B81: L03-02 | C81: =+VLOOKUP(B81,'DATOS CENTROS'!B:E,2,FALSE) -> Avda. Radio Televisión, 4 (Pozuelo de Alarcón) | D81: =+VLOOKUP(B81,'DATOS CENTROS'!B:E,3,FALSE) -> A + C | E81: =+VLOOKUP(B81,'DATOS CENTROS'!B:E,4,FALSE) -> DIGITALIZACIÓN | F81: =+VLOOKUP(B81,'DATOS CENTROS'!B:F,5,FALSE) -> 0.044 | G81: =+IF(G31>0,G31,"") | H81: Recopilación de información y toma de datos | I81: 0.15 | J81: =+IF($K$81>0,+ROUND($K$81*I81,0),"") -> #VALUE! | K81: =+IFERROR(IF(OR($G$18=0,LEN($G$18)=0),"",IF(AND(M31="ok",(H31/H31)=1),N31,"")),"¿?")
A82: =+'Anx I pg 1 oferta'!$B$18&"T3_L03_inst_"&B81&"DA2" -> T3_L03_inst_L03-02DA2 | H82: Análisis y evaluación, determinación del balance de energía | I82: 0.1 | J82: =+IF($K$81>0,+ROUND($K$81*I82,0),"") -> #VALUE!
A83: =+'Anx I pg 1 oferta'!$B$18&"T3_L03_inst_"&B81&"DA3" -> T3_L03_inst_L03-02DA3 | H83: Redacción del Informe Final | I83: 0.2 | J83: =+IF($K$81>0,+ROUND($K$81*I83,0),"") -> #VALUE!
A84: =+'Anx I pg 1 oferta'!$B$18&"T3_L03_inst_"&B81&"DA4" -> T3_L03_inst_L03-02DA4 | H84: Aportación de ficheros ofimáticos soporte del Informe Final | I84: 0.05 | J84: =+IF($K$81>0,+ROUND($K$81*I84,0),"") -> #VALUE!
A85: =+'Anx I pg 1 oferta'!$B$18&"T3_L03_inst_"&B81&"DA5" -> T3_L03_inst_L03-02DA5 | H85: Registro en la Comunidad Autónoma o en el MITECO del Informe Final | I85: 0.5 | J85: =+IF($K$81>0,+$K$81-SUM(J81:J84),"") -> #VALUE!
A86: =+'Anx I pg 1 oferta'!$B$18&"T3_L03_inst_"&B86&"DA1" -> T3_L03_inst_L03-03DA1 | B86: L03-03 | C86: =+VLOOKUP(B86,'DATOS CENTROS'!B:E,2,FALSE) -> Avda. Radio Televisión, 4 (Pozuelo de Alarcón) | D86: =+VLOOKUP(B86,'DATOS CENTROS'!B:E,3,FALSE) -> A + C | E86: =+VLOOKUP(B86,'DATOS CENTROS'!B:E,4,FALSE) -> CASA DE LA RADIO | F86: =+VLOOKUP(B86,'DATOS CENTROS'!B:F,5,FALSE) -> 0.235 | G86: =+IF(G33>0,G33,"") | H86: Recopilación de información y toma de datos | I86: 0.15 | J86: =+IF($K$86>0,+ROUND($K$86*I86,0),"") -> #VALUE! | K86: =+IFERROR(IF(OR($G$18=0,LEN($G$18)=0),"",IF(AND(M33="ok",(H33/H33)=1),N33,"")),"¿?")
A87: =+'Anx I pg 1 oferta'!$B$18&"T3_L03_inst_"&B86&"DA2" -> T3_L03_inst_L03-03DA2 | H87: Análisis y evaluación, determinación del balance de energía | I87: 0.1 | J87: =+IF($K$86>0,+ROUND($K$86*I87,0),"") -> #VALUE!
A88: =+'Anx I pg 1 oferta'!$B$18&"T3_L03_inst_"&B86&"DA3" -> T3_L03_inst_L03-03DA3 | H88: Redacción del Informe Final | I88: 0.2 | J88: =+IF($K$86>0,+ROUND($K$86*I88,0),"") -> #VALUE!
A89: =+'Anx I pg 1 oferta'!$B$18&"T3_L03_inst_"&B86&"DA4" -> T3_L03_inst_L03-03DA4 | H89: Aportación de ficheros ofimáticos soporte del Informe Final | I89: 0.05 | J89: =+IF($K$86>0,+ROUND($K$86*I89,0),"") -> #VALUE!
A90: =+'Anx I pg 1 oferta'!$B$18&"T3_L03_inst_"&B86&"DA5" -> T3_L03_inst_L03-03DA5 | H90: Registro en la Comunidad Autónoma o en el MITECO del Informe Final | I90: 0.5 | J90: =+IF($K$86>0,+$K$86-SUM(J86:J89),"") -> #VALUE!
A91: =+'Anx I pg 1 oferta'!$B$18&"T3_L03_inst_"&B91&"DA1" -> T3_L03_inst_L03-04DA1 | B91: L03-04 | C91: =+VLOOKUP(B91,'DATOS CENTROS'!B:E,2,FALSE) -> Avda. Radio Televisión, 4 (Pozuelo de Alarcón) | D91: =+VLOOKUP(B91,'DATOS CENTROS'!B:E,3,FALSE) -> A + C | E91: =+VLOOKUP(B91,'DATOS CENTROS'!B:E,4,FALSE) -> EE.4-5-6 Y CONTROL CENTRAL | F91: =+VLOOKUP(B91,'DATOS CENTROS'!B:F,5,FALSE) -> 0.066 | G91: =+IF(G35>0,G35,"") | H91: Recopilación de información y toma de datos | I91: 0.15 | J91: =+IF($K$91>0,+ROUND($K$91*I91,0),"") -> #VALUE! | K91: =+IFERROR(IF(OR($G$18=0,LEN($G$18)=0),"",IF(AND(M35="ok",(H35/H35)=1),N35,"")),"¿?")
A92: =+'Anx I pg 1 oferta'!$B$18&"T3_L03_inst_"&B91&"DA2" -> T3_L03_inst_L03-04DA2 | H92: Análisis y evaluación, determinación del balance de energía | I92: 0.1 | J92: =+IF($K$91>0,+ROUND($K$91*I92,0),"") -> #VALUE!
A93: =+'Anx I pg 1 oferta'!$B$18&"T3_L03_inst_"&B91&"DA3" -> T3_L03_inst_L03-04DA3 | H93: Redacción del Informe Final | I93: 0.2 | J93: =+IF($K$91>0,+ROUND($K$91*I93,0),"") -> #VALUE!
A94: =+'Anx I pg 1 oferta'!$B$18&"T3_L03_inst_"&B91&"DA4" -> T3_L03_inst_L03-04DA4 | H94: Aportación de ficheros ofimáticos soporte del Informe Final | I94: 0.05 | J94: =+IF($K$91>0,+ROUND($K$91*I94,0),"") -> #VALUE!
A95: =+'Anx I pg 1 oferta'!$B$18&"T3_L03_inst_"&B91&"DA5" -> T3_L03_inst_L03-04DA5 | H95: Registro en la Comunidad Autónoma o en el MITECO del Informe Final | I95: 0.5 | J95: =+IF($K$91>0,+$K$91-SUM(J91:J94),"") -> #VALUE!
A96: =+'Anx I pg 1 oferta'!$B$18&"T3_L03_inst_"&B96&"DA1" -> T3_L03_inst_L03-05DA1 | B96: L03-05 | C96: =+VLOOKUP(B96,'DATOS CENTROS'!B:E,2,FALSE) -> Avda. Radio Televisión, 4 (Pozuelo de Alarcón) | D96: =+VLOOKUP(B96,'DATOS CENTROS'!B:E,3,FALSE) -> A + C | E96: =+VLOOKUP(B96,'DATOS CENTROS'!B:E,4,FALSE) -> EDIFICIO TVE EE.1-2-3 Y CORONA | F96: =+VLOOKUP(B96,'DATOS CENTROS'!B:F,5,FALSE) -> 0.22 | G96: =+IF(G37>0,G37,"") | H96: Recopilación de información y toma de datos | I96: 0.15 | J96: =+IF($K$96>0,+ROUND($K$96*I96,0),"") -> #VALUE! | K96: =+IFERROR(IF(OR($G$18=0,LEN($G$18)=0),"",IF(AND(M37="ok",(H37/H37)=1),N37,"")),"¿?")
A97: =+'Anx I pg 1 oferta'!$B$18&"T3_L03_inst_"&B96&"DA2" -> T3_L03_inst_L03-05DA2 | H97: Análisis y evaluación, determinación del balance de energía | I97: 0.1 | J97: =+IF($K$96>0,+ROUND($K$96*I97,0),"") -> #VALUE!
A98: =+'Anx I pg 1 oferta'!$B$18&"T3_L03_inst_"&B96&"DA3" -> T3_L03_inst_L03-05DA3 | H98: Redacción del Informe Final | I98: 0.2 | J98: =+IF($K$96>0,+ROUND($K$96*I98,0),"") -> #VALUE!
A99: =+'Anx I pg 1 oferta'!$B$18&"T3_L03_inst_"&B96&"DA4" -> T3_L03_inst_L03-05DA4 | H99: Aportación de ficheros ofimáticos soporte del Informe Final | I99: 0.05 | J99: =+IF($K$96>0,+ROUND($K$96*I99,0),"") -> #VALUE!
A100: =+'Anx I pg 1 oferta'!$B$18&"T3_L03_inst_"&B96&"DA5" -> T3_L03_inst_L03-05DA5 | H100: Registro en la Comunidad Autónoma o en el MITECO del Informe Final | I100: 0.5 | J100: =+IF($K$96>0,+$K$96-SUM(J96:J99),"") -> #VALUE!
A101: =+'Anx I pg 1 oferta'!$B$18&"T3_L03_inst_"&B101&"DA1" -> T3_L03_inst_L03-06DA1 | B101: L03-06 | C101: =+VLOOKUP(B101,'DATOS CENTROS'!B:E,2,FALSE) -> Avda. Radio Televisión, 4 (Pozuelo de Alarcón) | D101: =+VLOOKUP(B101,'DATOS CENTROS'!B:E,3,FALSE) -> A + C | E101: =+VLOOKUP(B101,'DATOS CENTROS'!B:E,4,FALSE) -> CONTROL ACCESOS | F101: =+VLOOKUP(B101,'DATOS CENTROS'!B:F,5,FALSE) -> 0.027 | G101: =+IF(G39>0,G39,"") | H101: Recopilación de información y toma de datos | I101: 0.15 | J101: =+IF($K$101>0,+ROUND($K$101*I101,0),"") -> #VALUE! | K101: =+IFERROR(IF(OR($G$18=0,LEN($G$18)=0),"",IF(AND(M39="ok",(H39/H39)=1),N39,"")),"¿?")
A102: =+'Anx I pg 1 oferta'!$B$18&"T3_L03_inst_"&B101&"DA2" -> T3_L03_inst_L03-06DA2 | H102: Análisis y evaluación, determinación del balance de energía | I102: 0.1 | J102: =+IF($K$101>0,+ROUND($K$101*I102,0),"") -> #VALUE!
A103: =+'Anx I pg 1 oferta'!$B$18&"T3_L03_inst_"&B101&"DA3" -> T3_L03_inst_L03-06DA3 | H103: Redacción del Informe Final | I103: 0.2 | J103: =+IF($K$101>0,+ROUND($K$101*I103,0),"") -> #VALUE!
A104: =+'Anx I pg 1 oferta'!$B$18&"T3_L03_inst_"&B101&"DA4" -> T3_L03_inst_L03-06DA4 | H104: Aportación de ficheros ofimáticos soporte del Informe Final | I104: 0.05 | J104: =+IF($K$101>0,+ROUND($K$101*I104,0),"") -> #VALUE!
A105: =+'Anx I pg 1 oferta'!$B$18&"T3_L03_inst_"&B101&"DA5" -> T3_L03_inst_L03-06DA5 | H105: Registro en la Comunidad Autónoma o en el MITECO del Informe Final | I105: 0.5 | J105: =+IF($K$101>0,+$K$101-SUM(J101:J104),"") -> #VALUE!
...

Sheet L4 MADR (TorreEspaña y resto)
A1: __0a
A2: __0a | B2: NOTA IMPORTANTE: ESTE DESGLOSE SE PRESENTARA FIRMADO EN FORMATO PDF
A3: __0a
A4: __0a
A5: __0a | H5: “A.T. para redacción de auditorías energéticas
A6: __0a | H6: y certificados energéticos de SEDES CRTVE"
A7: __0a | H7: Expediente n.º S/01533/2025
A8: __0a | B8: ANEXO I: DESGLOSE PRECIO LOTE 4
A9: __0a | B9: Desglose 1
A10: __0a | B10: S-01533-2025 - A.T. para redacción de auditorías energéticas y certificados energéticos de SEDES CRTVE
A11: __0a | B11: =CONCATENATE("Lote ",RIGHT(B8,2)," : ",VLOOKUP(_xlfn.NUMBERVALUE(RIGHT(B8,1)),'RESUMEN LOTES'!B:C,2,FALSE)) -> Lote 4 : Comunidad de Madrid, sede Torrespaña, Dehesa de la Villa (IRTVE), inmuebles sin uso.
A12: =+'Anx I pg 1 oferta'!$B$18&"T1_L04_cab" -> T1_L04_cab | B12: ID | C12: ACTUACIONES BÁSICAS | G12: IMPORTE | H12: %
A13: =+'Anx I pg 1 oferta'!$B$18&"T1_L04_DAB1" -> T1_L04_DAB1 | B13: A.B-01 | C13: =+IFERROR(IF(OR($G$18=0,LEN($G$18)=0),"Lote NO ofertado, introduzca TOTAL OFERTA LOTE",IF(OR($G$18<0,+$G$18/$G$18<>1),"Total oferta Lote incorrecto (no numérico o negativo)",IF($G$18<>TRUNC($G$18,2),"ERROR: TOTAL OFERTA LOTE más de 2 decimales",IF(VLOOKUP(4,'RESUMEN LOTES'!B7:E15,4,FALSE)<G18,"Importe ofertado supera max. € "&VLOOKUP(4,'RESUMEN LOTES'!B7:E15,4,FALSE),IF(COUNTIFS($M$29:$M$64,"ok")<>8,"Debe revisar Desglose 2 IMPORTE ofertado POR SEDE","Recopilación de información y toma de datos"))))),"TOTAL OFERTA LOTE incorrecto, no es un dato numérico") -> Lote NO ofertado, introduzca TOTAL OFERTA LOTE | G13: =+IF(OR($G$18=0,LEN($G$18)=0),"¿?",IF(COUNTIFS($M$29:$M$64,"ok")<>8,"¿?",+IF(C13="Debe revisar Desglose 2 IMPORTE ofertado POR SEDE","¿?",+SUMIFS($J$76:$J$165,$H$76:$H$165,C13)))) -> ¿? | H13: 0.15
A14: =+'Anx I pg 1 oferta'!$B$18&"T1_L04_DAB2" -> T1_L04_DAB2 | B14: A.B-02 | C14: =+IFERROR(IF(OR($G$18=0,LEN($G$18)=0),"Lote NO ofertado, introduzca TOTAL OFERTA LOTE",IF(OR($G$18<0,+$G$18/$G$18<>1),"Total oferta Lote incorrecto (no numérico o negativo)",IF($G$18<>TRUNC($G$18,2),"ERROR: TOTAL OFERTA LOTE más de 2 decimales",IF(VLOOKUP(4,'RESUMEN LOTES'!B7:E15,4,FALSE)<G18,"Importe ofertado supera max. € "&VLOOKUP(4,'RESUMEN LOTES'!B7:E15,4,FALSE),IF(COUNTIFS($M$29:$M$64,"ok")<>8,"Debe revisar Desglose 2 IMPORTE ofertado POR SEDE","Análisis y evaluación, determinación del balance de energía"))))),"TOTAL OFERTA LOTE incorrecto, no es un dato numérico") -> Lote NO ofertado, introduzca TOTAL OFERTA LOTE | G14: =+IF(OR($G$18=0,LEN($G$18)=0),"¿?",IF(COUNTIFS($M$29:$M$64,"ok")<>8,"¿?",+IF(C14="Debe revisar Desglose 2 IMPORTE ofertado POR SEDE","¿?",+SUMIFS($J$76:$J$165,$H$76:$H$165,C14)))) -> ¿? | H14: 0.1
A15: =+'Anx I pg 1 oferta'!$B$18&"T1_L04_DAB3" -> T1_L04_DAB3 | B15: A.B-03 | C15: =+IFERROR(IF(OR($G$18=0,LEN($G$18)=0),"Lote NO ofertado, introduzca TOTAL OFERTA LOTE",IF(OR($G$18<0,+$G$18/$G$18<>1),"Total oferta Lote incorrecto (no numérico o negativo)",IF($G$18<>TRUNC($G$18,2),"ERROR: TOTAL OFERTA LOTE más de 2 decimales",IF(VLOOKUP(4,'RESUMEN LOTES'!B7:E15,4,FALSE)<G18,"Importe ofertado supera max. € "&VLOOKUP(4,'RESUMEN LOTES'!B7:E15,4,FALSE),IF(COUNTIFS($M$29:$M$64,"ok")<>8,"Debe revisar Desglose 2 IMPORTE ofertado POR SEDE","Redacción del Informe Final"))))),"TOTAL OFERTA LOTE incorrecto, no es un dato numérico") -> Lote NO ofertado, introduzca TOTAL OFERTA LOTE | G15: =+IF(OR($G$18=0,LEN($G$18)=0),"¿?",IF(COUNTIFS($M$29:$M$64,"ok")<>8,"¿?",+IF(C15="Debe revisar Desglose 2 IMPORTE ofertado POR SEDE","¿?",+SUMIFS($J$76:$J$165,$H$76:$H$165,C15)))) -> ¿? | H15: 0.2
A16: =+'Anx I pg 1 oferta'!$B$18&"T1_L04_DAB4" -> T1_L04_DAB4 | B16: A.B-04 | C16: =+IFERROR(IF(OR($G$18=0,LEN($G$18)=0),"Lote NO ofertado, introduzca TOTAL OFERTA LOTE",IF(OR($G$18<0,+$G$18/$G$18<>1),"Total oferta Lote incorrecto (no numérico o negativo)",IF($G$18<>TRUNC($G$18,2),"ERROR: TOTAL OFERTA LOTE más de 2 decimales",IF(VLOOKUP(4,'RESUMEN LOTES'!B7:E15,4,FALSE)<G18,"Importe ofertado supera max. € "&VLOOKUP(4,'RESUMEN LOTES'!B7:E15,4,FALSE),IF(COUNTIFS($M$29:$M$64,"ok")<>8,"Debe revisar Desglose 2 IMPORTE ofertado POR SEDE","Aportación de ficheros ofimáticos soporte del Informe Final"))))),"TOTAL OFERTA LOTE incorrecto, no es un dato numérico") -> Lote NO ofertado, introduzca TOTAL OFERTA LOTE | G16: =+IF(OR($G$18=0,LEN($G$18)=0),"¿?",IF(COUNTIFS($M$29:$M$64,"ok")<>8,"¿?",+IF(C16="Debe revisar Desglose 2 IMPORTE ofertado POR SEDE","¿?",+SUMIFS($J$76:$J$165,$H$76:$H$165,C16)))) -> ¿? | H16: 0.05
A17: =+'Anx I pg 1 oferta'!$B$18&"T1_L04_DAB5" -> T1_L04_DAB5 | B17: A.B-05 | C17: =+IFERROR(IF(OR($G$18=0,LEN($G$18)=0),"Lote NO ofertado, introduzca TOTAL OFERTA LOTE",IF(OR($G$18<0,+$G$18/$G$18<>1),"Total oferta Lote incorrecto (no numérico o negativo)",IF($G$18<>TRUNC($G$18,2),"ERROR: TOTAL OFERTA LOTE más de 2 decimales",IF(VLOOKUP(4,'RESUMEN LOTES'!B7:E15,4,FALSE)<G18,"Importe ofertado supera max. € "&VLOOKUP(4,'RESUMEN LOTES'!B7:E15,4,FALSE),IF(COUNTIFS($M$29:$M$64,"ok")<>8,"Debe revisar Desglose 2 IMPORTE ofertado POR SEDE","Registro en la Comunidad Autónoma o en el Ministerio para la Transición Ecológica del Informe Final"))))),"TOTAL OFERTA LOTE incorrecto, no es un dato numérico") -> Lote NO ofertado, introduzca TOTAL OFERTA LOTE | G17: =+IF(OR($G$18=0,LEN($G$18)=0),"¿?",IF(COUNTIFS($M$29:$M$64,"ok")<>8,"¿?",+IF(C17="Debe revisar Desglose 2 IMPORTE ofertado POR SEDE","¿?",+SUMIFS($J$76:$J$165,$H$76:$H$165,"Registro en la Comunidad Autónoma o en el MITECO del Informe Final")))) -> ¿? | H17: 0.5 | M17: chck total
A18: =+'Anx I pg 1 oferta'!$B$18&"T1_L04_TOT" -> T1_L04_TOT | F18: TOTAL OFERTA LOTE : | G18: 0 | N18: =+SUM(G13:G17) -> 0
A19: __0a
A20: __0a | C20: Fdo.:
A21: __0a
A22: __0a | B22: Desglose 2
A23: __0a
A24: __0a | B24: DESGLOSE DE IMPORTES OFERTADOS POR SEDE
A25: __0a | J25: =+COUNTIFS(M29:M37,"ok") -> 0
A26: =+'Anx I pg 1 oferta'!$B$18&"T2_L04_cab0a" -> T2_L04_cab0a | B26: LOTES | C26: SEDES INMUEBLES | E26: trabajo | F26: RELACIÓN % s/LOTE | G26: % ofertado s/Lote (4 decim.) | H26: IMPORTE ofertado POR SEDE | I26: TOTAL OFERTADO POR LOTE | M26: CHECK DETALLE LOTE POR SEDE
A27: =+'Anx I pg 1 oferta'!$B$18&"T2_L04_cab0b" -> T2_L04_cab0b | B27: LOTE-04 | C27: (plazo de 2 meses) | F27: 1
A28: =+'Anx I pg 1 oferta'!$B$18&"T2_L04_cab1(CA)" -> T2_L04_cab1(CA) | B28: . | C28: MADRID | I28: =+G18 -> 0
A29: =+'Anx I pg 1 oferta'!$B$18&"T2_L04_inst_"&B29 -> T2_L04_inst_L04-01 | B29: L04-01 | C29: =+VLOOKUP(B29,'DATOS CENTROS'!B:F,4,FALSE) -> TORRESPAÑA EDIFICIO A | E29: =+VLOOKUP(B29,'DATOS CENTROS'!B:F,3,FALSE) -> A + C | F29: =+VLOOKUP(B29,'DATOS CENTROS'!B:F,5,FALSE) -> 0.355 | G29: =+IF(OR($G$18=0,LEN($G$18)=0),"",1-SUM(G31:G64)) | H29: =+IF(OR($G$18=0,+LEN($G$18)=0),"",+$G$18-SUM(H31:H64)) | M29: =+IFERROR(IF(COUNTA($H$29:$H$64)<8,8-COUNTA($H$29:$H$64)&" Items ptes.ofertar ",IF(AND($G$18>0,$H$29>0,(N29)/(N29)=1),"ok","mal")),"¿max.min.ofertado?") -> 7 Items ptes.ofertar | N29: =+IF(OR($G$18=0,LEN($G$18)=0),"",IF(OR($G$18<0,+$G$18/$G$18<>1),"Total oferta Lote incorrecto (no numérico o negativo)",IF(AND($G$18>0,$H$29>0,H29<=0),"¿importe ofertado?",IF(AND($G$18>0,$H$29<0),"acum.of.oferta sede >oferta lote",IF(AND($G$18>0,$H$29<>0,H29<VLOOKUP(B29,'% admitidos'!A:M,13,FALSE)),+"MIN."&VLOOKUP(B29,'% admitidos'!A:M,13,FALSE),IF(AND($G$18>0,$H$29>0,H29>VLOOKUP(B29,'% admitidos'!A:M,11,FALSE)),+"MAX."&VLOOKUP(B29,'% admitidos'!A:M,11,FALSE),+H29))))))
A30: __0b | B30: . | C30: =+IF(LEN('Anx I pg 1 oferta'!$C$56)>0,"","MAX. "&VLOOKUP(B29,'% admitidos'!A:M,11,FALSE)&" - med. "&VLOOKUP(B29,'% admitidos'!A:M,12,FALSE)&" - MIN. "&VLOOKUP(B29,'% admitidos'!A:M,13,FALSE)) -> MAX. 0 - med. 0 - MIN. 0
A31: =+'Anx I pg 1 oferta'!$B$18&"T2_L04_inst_"&B31 -> T2_L04_inst_L04-02 | B31: L04-02 | C31: =+VLOOKUP(B31,'DATOS CENTROS'!B:F,4,FALSE) -> TORRESPAÑA EDIFICIO B | E31: =+VLOOKUP(B31,'DATOS CENTROS'!B:F,3,FALSE) -> A + C | F31: =+VLOOKUP(B31,'DATOS CENTROS'!B:F,5,FALSE) -> 0.25 | G31: =+IF(OR($G$18=0,LEN($G$18)=0),"",+ROUND(((H31)/$G$18),6)) | M31: =+IFERROR(IF(N31<>TRUNC(N31,2),".+ de 2 decim.",IF(COUNTA($H$29:$H$64)<8,8-COUNTA($H$29:$H$64)&" Items ptes.ofertar ",IF(AND($G$18>0,$H$29>0,(N31)/(N31)=1),"ok","mal"))),"¿max.min.ofertado?") -> ¿max.min.ofertado? | N31: =+IF(OR($G$18=0,LEN($G$18)=0),"",IF(OR($G$18<0,+$G$18/$G$18<>1),"Total oferta Lote incorrecto (no numérico o negativo)",IF(AND($G$18>0,$H$29>0,H31<=0),"¿importe ofertado?",IF(AND($G$18>0,$H$29<0),"acum.of.oferta sede >oferta lote",IF(AND($G$18>0,$H$29>0,H31<VLOOKUP(B31,'% admitidos'!A:M,11,FALSE)),+"min."&VLOOKUP(B31,'% admitidos'!A:M,11,FALSE),IF(AND($G$18>0,$H$29>0,H31>VLOOKUP(B31,'% admitidos'!A:M,13,FALSE)),+"max."&VLOOKUP(B31,'% admitidos'!A:M,13,FALSE),+H31))))))
A32: __0b | B32: . | C32: =+IF(LEN('Anx I pg 1 oferta'!$C$56)>0,"","min. "&VLOOKUP(B31,'% admitidos'!A:M,11,FALSE)&" - med. "&VLOOKUP(B31,'% admitidos'!A:M,12,FALSE)&" - max. "&VLOOKUP(B31,'% admitidos'!A:M,13,FALSE)) -> min. 0 - med. 0 - max. 0
A33: =+'Anx I pg 1 oferta'!$B$18&"T2_L04_inst_"&B33 -> T2_L04_inst_L04-03 | B33: L04-03 | C33: =+VLOOKUP(B33,'DATOS CENTROS'!B:F,4,FALSE) -> TORRESPAÑA EDIFICIO C | E33: =+VLOOKUP(B33,'DATOS CENTROS'!B:F,3,FALSE) -> A + C | F33: =+VLOOKUP(B33,'DATOS CENTROS'!B:F,5,FALSE) -> 0.069 | G33: =+IF(OR($G$18=0,LEN($G$18)=0),"",+ROUND(((H33)/$G$18),6)) | M33: =+IFERROR(IF(N33<>TRUNC(N33,2),".+ de 2 decim.",IF(COUNTA($H$29:$H$64)<8,8-COUNTA($H$29:$H$64)&" Items ptes.ofertar ",IF(AND($G$18>0,$H$29>0,(N33)/(N33)=1),"ok","mal"))),"¿max.min.ofertado?") -> ¿max.min.ofertado? | N33: =+IF(OR($G$18=0,LEN($G$18)=0),"",IF(OR($G$18<0,+$G$18/$G$18<>1),"Total oferta Lote incorrecto (no numérico o negativo)",IF(AND($G$18>0,$H$29>0,H33<=0),"¿importe ofertado?",IF(AND($G$18>0,$H$29<0),"acum.of.oferta sede >oferta lote",IF(AND($G$18>0,$H$29>0,H33<VLOOKUP(B33,'% admitidos'!A:M,11,FALSE)),+"min."&VLOOKUP(B33,'% admitidos'!A:M,11,FALSE),IF(AND($G$18>0,$H$29>0,H33>VLOOKUP(B33,'% admitidos'!A:M,13,FALSE)),+"max."&VLOOKUP(B33,'% admitidos'!A:M,13,FALSE),+H33))))))
A34: __0b | B34: . | C34: =+IF(LEN('Anx I pg 1 oferta'!$C$56)>0,"","min. "&VLOOKUP(B33,'% admitidos'!A:M,11,FALSE)&" - med. "&VLOOKUP(B33,'% admitidos'!A:M,12,FALSE)&" - max. "&VLOOKUP(B33,'% admitidos'!A:M,13,FALSE)) -> min. 0 - med. 0 - max. 0
A35: =+'Anx I pg 1 oferta'!$B$18&"T2_L04_inst_"&B35 -> T2_L04_inst_L04-04 | B35: L04-04 | C35: =+VLOOKUP(B35,'DATOS CENTROS'!B:F,4,FALSE) -> INSTITUTO RTVE EDIFICIO DOCENTE | E35: =+VLOOKUP(B35,'DATOS CENTROS'!B:F,3,FALSE) -> A + C | F35: =+VLOOKUP(B35,'DATOS CENTROS'!B:F,5,FALSE) -> 0.123 | G35: =+IF(OR($G$18=0,LEN($G$18)=0),"",+ROUND(((H35)/$G$18),6)) | M35: =+IFERROR(IF(N35<>TRUNC(N35,2),".+ de 2 decim.",IF(COUNTA($H$29:$H$64)<8,8-COUNTA($H$29:$H$64)&" Items ptes.ofertar ",IF(AND($G$18>0,$H$29>0,(N35)/(N35)=1),"ok","mal"))),"¿max.min.ofertado?") -> ¿max.min.ofertado? | N35: =+IF(OR($G$18=0,LEN($G$18)=0),"",IF(OR($G$18<0,+$G$18/$G$18<>1),"Total oferta Lote incorrecto (no numérico o negativo)",IF(AND($G$18>0,$H$29>0,H35<=0),"¿importe ofertado?",IF(AND($G$18>0,$H$29<0),"acum.of.oferta sede >oferta lote",IF(AND($G$18>0,$H$29>0,H35<VLOOKUP(B35,'% admitidos'!A:M,11,FALSE)),+"min."&VLOOKUP(B35,'% admitidos'!A:M,11,FALSE),IF(AND($G$18>0,$H$29>0,H35>VLOOKUP(B35,'% admitidos'!A:M,13,FALSE)),+"max."&VLOOKUP(B35,'% admitidos'!A:M,13,FALSE),+H35))))))
A36: __0b | B36: . | C36: =+IF(LEN('Anx I pg 1 oferta'!$C$56)>0,"","min. "&VLOOKUP(B35,'% admitidos'!A:M,11,FALSE)&" - med. "&VLOOKUP(B35,'% admitidos'!A:M,12,FALSE)&" - max. "&VLOOKUP(B35,'% admitidos'!A:M,13,FALSE)) -> min. 0 - med. 0 - max. 0
A37: =+'Anx I pg 1 oferta'!$B$18&"T2_L04_inst_"&B37 -> T2_L04_inst_L04-05 | B37: L04-05 | C37: =+VLOOKUP(B37,'DATOS CENTROS'!B:F,4,FALSE) -> INSTITUTO RTVE EDIFICIO COROS | E37: =+VLOOKUP(B37,'DATOS CENTROS'!B:F,3,FALSE) -> A + C | F37: =+VLOOKUP(B37,'DATOS CENTROS'!B:F,5,FALSE) -> 0.08 | G37: =+IF(OR($G$18=0,LEN($G$18)=0),"",+ROUND(((H37)/$G$18),6)) | M37: =+IFERROR(IF(N37<>TRUNC(N37,2),".+ de 2 decim.",IF(COUNTA($H$29:$H$64)<8,8-COUNTA($H$29:$H$64)&" Items ptes.ofertar ",IF(AND($G$18>0,$H$29>0,(N37)/(N37)=1),"ok","mal"))),"¿max.min.ofertado?") -> ¿max.min.ofertado? | N37: =+IF(OR($G$18=0,LEN($G$18)=0),"",IF(OR($G$18<0,+$G$18/$G$18<>1),"Total oferta Lote incorrecto (no numérico o negativo)",IF(AND($G$18>0,$H$29>0,H37<=0),"¿importe ofertado?",IF(AND($G$18>0,$H$29<0),"acum.of.oferta sede >oferta lote",IF(AND($G$18>0,$H$29>0,H37<VLOOKUP(B37,'% admitidos'!A:M,11,FALSE)),+"min."&VLOOKUP(B37,'% admitidos'!A:M,11,FALSE),IF(AND($G$18>0,$H$29>0,H37>VLOOKUP(B37,'% admitidos'!A:M,13,FALSE)),+"max."&+ROUND(VLOOKUP(B37,'% admitidos'!A:M,13,FALSE),4),+H37))))))
A38: __0b | B38: . | C38: =+IF(LEN('Anx I pg 1 oferta'!$C$56)>0,"","min. "&VLOOKUP(B37,'% admitidos'!A:M,11,FALSE)&" - med. "&VLOOKUP(B37,'% admitidos'!A:M,12,FALSE)&" - max. "&+ROUND(VLOOKUP(B37,'% admitidos'!A:M,13,FALSE),6)) -> min. 0 - med. 0 - max. 0
A39: =+'Anx I pg 1 oferta'!$B$18&"T2_L04_inst_"&B39 -> T2_L04_inst_L04-06 | B39: L04-06 | C39: =+VLOOKUP(B39,'DATOS CENTROS'!B:F,4,FALSE) -> C.E. OM MAJADAHONDA | E39: =+VLOOKUP(B39,'DATOS CENTROS'!B:F,3,FALSE) -> A + C | F39: =+VLOOKUP(B39,'DATOS CENTROS'!B:F,5,FALSE) -> 0.101 | G39: =+IF(OR($G$18=0,LEN($G$18)=0),"",+ROUND(((H39)/$G$18),6)) | M39: =+IFERROR(IF(N39<>TRUNC(N39,2),".+ de 2 decim.",IF(COUNTA($H$29:$H$64)<8,8-COUNTA($H$29:$H$64)&" Items ptes.ofertar ",IF(AND($G$18>0,$H$29>0,(N39)/(N39)=1),"ok","mal"))),"¿max.min.ofertado?") -> ¿max.min.ofertado? | N39: =+IF(OR($G$18=0,LEN($G$18)=0),"",IF(OR($G$18<0,+$G$18/$G$18<>1),"Total oferta Lote incorrecto (no numérico o negativo)",IF(AND($G$18>0,$H$29>0,H39<=0),"¿importe ofertado?",IF(AND($G$18>0,$H$29<0),"acum.of.oferta sede >oferta lote",IF(AND($G$18>0,$H$29>0,H39<VLOOKUP(B39,'% admitidos'!A:M,11,FALSE)),+"min."&VLOOKUP(B39,'% admitidos'!A:M,11,FALSE),IF(AND($G$18>0,$H$29>0,H39>VLOOKUP(B39,'% admitidos'!A:M,13,FALSE)),+"max."&+ROUND(VLOOKUP(B39,'% admitidos'!A:M,13,FALSE),4),+H39))))))
A40: __0b | B40: . | C40: =+IF(LEN('Anx I pg 1 oferta'!$C$56)>0,"","min. "&VLOOKUP(B39,'% admitidos'!A:M,11,FALSE)&" - med. "&VLOOKUP(B39,'% admitidos'!A:M,12,FALSE)&" - max. "&+ROUND(VLOOKUP(B39,'% admitidos'!A:M,13,FALSE),6)) -> min. 0 - med. 0 - max. 0
A41: =+'Anx I pg 1 oferta'!$B$18&"T2_L04_inst_"&B41 -> T2_L04_inst_L04-07 | B41: L04-07 | C41: =+VLOOKUP(B41,'DATOS CENTROS'!B:F,4,FALSE) -> S.U. Madrid (San Anastasio) | E41: =+VLOOKUP(B41,'DATOS CENTROS'!B:F,3,FALSE) -> C | F41: =+VLOOKUP(B41,'DATOS CENTROS'!B:F,5,FALSE) -> 0.011 | G41: =+IF(OR($G$18=0,LEN($G$18)=0),"",+ROUND(((H41)/$G$18),6)) | M41: =+IFERROR(IF(N41<>TRUNC(N41,2),".+ de 2 decim.",IF(COUNTA($H$29:$H$64)<8,8-COUNTA($H$29:$H$64)&" Items ptes.ofertar ",IF(AND($G$18>0,$H$29>0,(N41)/(N41)=1),"ok","mal"))),"¿max.min.ofertado?") -> ¿max.min.ofertado? | N41: =+IF(OR($G$18=0,LEN($G$18)=0),"",IF(OR($G$18<0,+$G$18/$G$18<>1),"Total oferta Lote incorrecto (no numérico o negativo)",IF(AND($G$18>0,$H$29>0,H41<=0),"¿importe ofertado?",IF(AND($G$18>0,$H$29<0),"acum.of.oferta sede >oferta lote",IF(AND($G$18>0,$H$29>0,H41<VLOOKUP(B41,'% admitidos'!A:M,11,FALSE)),+"min."&VLOOKUP(B41,'% admitidos'!A:M,11,FALSE),IF(AND($G$18>0,$H$29>0,H41>VLOOKUP(B41,'% admitidos'!A:M,13,FALSE)),+"max."&VLOOKUP(B41,'% admitidos'!A:M,13,FALSE),+H41))))))
A42: __0b | B42: . | C42: =+IF(LEN('Anx I pg 1 oferta'!$C$56)>0,"","min. "&VLOOKUP(B41,'% admitidos'!A:M,11,FALSE)&" - med. "&VLOOKUP(B41,'% admitidos'!A:M,12,FALSE)&" - max. "&VLOOKUP(B41,'% admitidos'!A:M,13,FALSE)) -> min. 0 - med. 0 - max. 0
A43: =+'Anx I pg 1 oferta'!$B$18&"T2_L04_inst_"&B43 -> T2_L04_inst_L04-08 | B43: L04-08 | C43: =+VLOOKUP(B43,'DATOS CENTROS'!B:F,4,FALSE) -> S.U. Madrid (Enrique Larreta) | E43: =+VLOOKUP(B43,'DATOS CENTROS'!B:F,3,FALSE) -> C | F43: =+VLOOKUP(B43,'DATOS CENTROS'!B:F,5,FALSE) -> 0.011 | G43: =+IF(OR($G$18=0,LEN($G$18)=0),"",+ROUND(((H43)/$G$18),6)) | M43: =+IFERROR(IF(N43<>TRUNC(N43,2),".+ de 2 decim.",IF(COUNTA($H$29:$H$64)<8,8-COUNTA($H$29:$H$64)&" Items ptes.ofertar ",IF(AND($G$18>0,$H$29>0,(N43)/(N43)=1),"ok","mal"))),"¿max.min.ofertado?") -> ¿max.min.ofertado? | N43: =+IF(OR($G$18=0,LEN($G$18)=0),"",IF(OR($G$18<0,+$G$18/$G$18<>1),"Total oferta Lote incorrecto (no numérico o negativo)",IF(AND($G$18>0,$H$29>0,H43<=0),"¿importe ofertado?",IF(AND($G$18>0,$H$29<0),"acum.of.oferta sede >oferta lote",IF(AND($G$18>0,$H$29>0,H43<VLOOKUP(B43,'% admitidos'!A:M,11,FALSE)),+"min."&VLOOKUP(B43,'% admitidos'!A:M,11,FALSE),IF(AND($G$18>0,$H$29>0,H43>VLOOKUP(B43,'% admitidos'!A:M,13,FALSE)),+"max."&VLOOKUP(B43,'% admitidos'!A:M,13,FALSE),+H43))))))
A44: __0b | B44: . | C44: =+IF(LEN('Anx I pg 1 oferta'!$C$56)>0,"","min. "&VLOOKUP(B43,'% admitidos'!A:M,11,FALSE)&" - med. "&VLOOKUP(B43,'% admitidos'!A:M,12,FALSE)&" - max. "&VLOOKUP(B43,'% admitidos'!A:M,13,FALSE)) -> min. 0 - med. 0 - max. 0
A45: __0a | B45: .
A46: __0a | B46: .
A47: __0a | B47: .
A48: __0a | B48: .
A49: __0a | B49: .
A50: __0a | B50: .
A51: __0a | B51: .
A52: __0a | B52: .
A53: __0a | B53: .
A54: __0a | B54: .
A55: __0a | B55: .
A56: __0a | B56: .
... A64: __0a | B64: .
A65: =+'Anx I pg 1 oferta'!$B$18&"T2_L04_TOT" -> T2_L04_TOT | F65: =SUM(F29:F64) -> 1 | G65: =SUM(G29:G64) -> 0 | H65: =SUM(H29:H64) -> 0
A66: __0a
A67: __0a
A68: __0a
A69: __0a | B69: Desglose 3
A70: __0a
A71: __0a | B71: DETALLE DE IMPORTES OFERTADOS POR SEDE Y FASES ACTUACIONES BASICAS
A72: __0a | B72: =+$B$11 -> Lote 4 : Comunidad de Madrid, sede Torrespaña, Dehesa de la Villa (IRTVE), inmuebles sin uso.
A73: =+'Anx I pg 1 oferta'!$B$18&"T3_L04_cab0a" -> T3_L04_cab0a | B73: LOTES | C73: CC.AA./ C-A DIRECCIÓN | D73: trabajo | E73: SEDES INMUEBLES | F73: RELACIÓN % s/LOTE | G73: % ofertado (4 decim.) | H73: ACTUACIONES BÁSICAS (A.B) | I73: % POR A.B | J73: IMPORTE POR A.B | K73: IMPORTE ofertado POR SEDE
A74: =+'Anx I pg 1 oferta'!$B$18&"T3_L04_cab0b" -> T3_L04_cab0b | B74: =+B27 -> LOTE-04 | C74: =+C27 -> (plazo de 2 meses) | F74: 1
A75: =+'Anx I pg 1 oferta'!$B$18&"T3_L04_cab1(CA)" -> T3_L04_cab1(CA) | B75: . | C75: =+C28 -> MADRID | K75: =+G18 -> 0
A76: =+'Anx I pg 1 oferta'!$B$18&"T3_L04_inst_"&B76&"DA1" -> T3_L04_inst_L04-01DA1 | B76: L04-01 | C76: =+VLOOKUP(B76,'DATOS CENTROS'!B:E,2,FALSE) -> C/ O'Donnell, 77 | D76: =+VLOOKUP(B76,'DATOS CENTROS'!B:E,3,FALSE) -> A + C | E76: =+VLOOKUP(B76,'DATOS CENTROS'!B:E,4,FALSE) -> TORRESPAÑA EDIFICIO A | F76: =+VLOOKUP(B76,'DATOS CENTROS'!B:F,5,FALSE) -> 0.355 | G76: =+IF(G29>0,G29,"") | H76: Recopilación de información y toma de datos | I76: 0.15 | J76: =+IF($K$76>0,+ROUND($K$76*I76,0),"") -> #VALUE! | K76: =+IFERROR(IF(OR($G$18=0,LEN($G$18)=0),"",IF(AND(M29="ok",(H29/H29)=1),N29,"")),"¿?")
A77: =+'Anx I pg 1 oferta'!$B$18&"T3_L04_inst_"&B76&"DA2" -> T3_L04_inst_L04-01DA2 | H77: Análisis y evaluación, determinación del balance de energía | I77: 0.1 | J77: =+IF($K$76>0,+ROUND($K$76*I77,0),"") -> #VALUE!
A78: =+'Anx I pg 1 oferta'!$B$18&"T3_L04_inst_"&B76&"DA3" -> T3_L04_inst_L04-01DA3 | H78: Redacción del Informe Final | I78: 0.2 | J78: =+IF($K$76>0,+ROUND($K$76*I78,0),"") -> #VALUE!
A79: =+'Anx I pg 1 oferta'!$B$18&"T3_L04_inst_"&B76&"DA4" -> T3_L04_inst_L04-01DA4 | H79: Aportación de ficheros ofimáticos soporte del Informe Final | I79: 0.05 | J79: =+IF($K$76>0,+ROUND($K$76*I79,0),"") -> #VALUE!
A80: =+'Anx I pg 1 oferta'!$B$18&"T3_L04_inst_"&B76&"DA5" -> T3_L04_inst_L04-01DA5 | H80: Registro en la Comunidad Autónoma o en el MITECO del Informe Final | I80: 0.5 | J80: =+IF($K$76>0,+$K$76-SUM(J76:J79),"") -> #VALUE!
A81: =+'Anx I pg 1 oferta'!$B$18&"T3_L04_inst_"&B81&"DA1" -> T3_L04_inst_L04-02DA1 | B81: L04-02 | C81: =+VLOOKUP(B81,'DATOS CENTROS'!B:E,2,FALSE) -> C/ O'Donnell, 77 | D81: =+VLOOKUP(B81,'DATOS CENTROS'!B:E,3,FALSE) -> A + C | E81: =+VLOOKUP(B81,'DATOS CENTROS'!B:E,4,FALSE) -> TORRESPAÑA EDIFICIO B | F81: =+VLOOKUP(B81,'DATOS CENTROS'!B:F,5,FALSE) -> 0.25 | G81: =+IF(G31>0,G31,"") | H81: Recopilación de información y toma de datos | I81: 0.15 | J81: =+IF($K$81>0,+ROUND($K$81*I81,0),"") -> #VALUE! | K81: =+IFERROR(IF(OR($G$18=0,LEN($G$18)=0),"",IF(AND(M31="ok",(H31/H31)=1),N31,"")),"¿?")
A82: =+'Anx I pg 1 oferta'!$B$18&"T3_L04_inst_"&B81&"DA2" -> T3_L04_inst_L04-02DA2 | H82: Análisis y evaluación, determinación del balance de energía | I82: 0.1 | J82: =+IF($K$81>0,+ROUND($K$81*I82,0),"") -> #VALUE!
A83: =+'Anx I pg 1 oferta'!$B$18&"T3_L04_inst_"&B81&"DA3" -> T3_L04_inst_L04-02DA3 | H83: Redacción del Informe Final | I83: 0.2 | J83: =+IF($K$81>0,+ROUND($K$81*I83,0),"") -> #VALUE!
A84: =+'Anx I pg 1 oferta'!$B$18&"T3_L04_inst_"&B81&"DA4" -> T3_L04_inst_L04-02DA4 | H84: Aportación de ficheros ofimáticos soporte del Informe Final | I84: 0.05 | J84: =+IF($K$81>0,+ROUND($K$81*I84,0),"") -> #VALUE!
A85: =+'Anx I pg 1 oferta'!$B$18&"T3_L04_inst_"&B81&"DA5" -> T3_L04_inst_L04-02DA5 | H85: Registro en la Comunidad Autónoma o en el MITECO del Informe Final | I85: 0.5 | J85: =+IF($K$81>0,+$K$81-SUM(J81:J84),"") -> #VALUE!
A86: =+'Anx I pg 1 oferta'!$B$18&"T3_L04_inst_"&B86&"DA1" -> T3_L04_inst_L04-03DA1 | B86: L04-03 | C86: =+VLOOKUP(B86,'DATOS CENTROS'!B:E,2,FALSE) -> C/ O'Donnell, 77 | D86: =+VLOOKUP(B86,'DATOS CENTROS'!B:E,3,FALSE) -> A + C | E86: =+VLOOKUP(B86,'DATOS CENTROS'!B:E,4,FALSE) -> TORRESPAÑA EDIFICIO C | F86: =+VLOOKUP(B86,'DATOS CENTROS'!B:F,5,FALSE) -> 0.069 | G86: =+IF(G33>0,G33,"") | H86: Recopilación de información y toma de datos | I86: 0.15 | J86: =+IF($K$86>0,+ROUND($K$86*I86,0),"") -> #VALUE! | K86: =+IFERROR(IF(OR($G$18=0,LEN($G$18)=0),"",IF(AND(M33="ok",(H33/H33)=1),N33,"")),"¿?")
A87: =+'Anx I pg 1 oferta'!$B$18&"T3_L04_inst_"&B86&"DA2" -> T3_L04_inst_L04-03DA2 | H87: Análisis y evaluación, determinación del balance de energía | I87: 0.1 | J87: =+IF($K$86>0,+ROUND($K$86*I87,0),"") -> #VALUE!
A88: =+'Anx I pg 1 oferta'!$B$18&"T3_L04_inst_"&B86&"DA3" -> T3_L04_inst_L04-03DA3 | H88: Redacción del Informe Final | I88: 0.2 | J88: =+IF($K$86>0,+ROUND($K$86*I88,0),"") -> #VALUE!
A89: =+'Anx I pg 1 oferta'!$B$18&"T3_L04_inst_"&B86&"DA4" -> T3_L04_inst_L04-03DA4 | H89: Aportación de ficheros ofimáticos soporte del Informe Final | I89: 0.05 | J89: =+IF($K$86>0,+ROUND($K$86*I89,0),"") -> #VALUE!
A90: =+'Anx I pg 1 oferta'!$B$18&"T3_L04_inst_"&B86&"DA5" -> T3_L04_inst_L04-03DA5 | H90: Registro en la Comunidad Autónoma o en el MITECO del Informe Final | I90: 0.5 | J90: =+IF($K$86>0,+$K$86-SUM(J86:J89),"") -> #VALUE!
A91: =+'Anx I pg 1 oferta'!$B$18&"T3_L04_inst_"&B91&"DA1" -> T3_L04_inst_L04-04DA1 | B91: L04-04 | C91: =+VLOOKUP(B91,'DATOS CENTROS'!B:E,2,FALSE) -> Ctra. Dehesa Villa, s/n | D91: =+VLOOKUP(B91,'DATOS CENTROS'!B:E,3,FALSE) -> A + C | E91: =+VLOOKUP(B91,'DATOS CENTROS'!B:E,4,FALSE) -> INSTITUTO RTVE EDIFICIO DOCENTE | F91: =+VLOOKUP(B91,'DATOS CENTROS'!B:F,5,FALSE) -> 0.123 | G91: =+IF(G35>0,G35,"") | H91: Recopilación de información y toma de datos | I91: 0.15 | J91: =+IF($K$91>0,+ROUND($K$91*I91,0),"") -> #VALUE! | K91: =+IFERROR(IF(OR($G$18=0,LEN($G$18)=0),"",IF(AND(M35="ok",(H35/H35)=1),N35,"")),"¿?")
A92: =+'Anx I pg 1 oferta'!$B$18&"T3_L04_inst_"&B91&"DA2" -> T3_L04_inst_L04-04DA2 | H92: Análisis y evaluación, determinación del balance de energía | I92: 0.1 | J92: =+IF($K$91>0,+ROUND($K$91*I92,0),"") -> #VALUE!
A93: =+'Anx I pg 1 oferta'!$B$18&"T3_L04_inst_"&B91&"DA3" -> T3_L04_inst_L04-04DA3 | H93: Redacción del Informe Final | I93: 0.2 | J93: =+IF($K$91>0,+ROUND($K$91*I93,0),"") -> #VALUE!
A94: =+'Anx I pg 1 oferta'!$B$18&"T3_L04_inst_"&B91&"DA4" -> T3_L04_inst_L04-04DA4 | H94: Aportación de ficheros ofimáticos soporte del Informe Final | I94: 0.05 | J94: =+IF($K$91>0,+ROUND($K$91*I94,0),"") -> #VALUE!
A95: =+'Anx I pg 1 oferta'!$B$18&"T3_L04_inst_"&B91&"DA5" -> T3_L04_inst_L04-04DA5 | H95: Registro en la Comunidad Autónoma o en el MITECO del Informe Final | I95: 0.5 | J95: =+IF($K$91>0,+$K$91-SUM(J91:J94),"") -> #VALUE!
A96: =+'Anx I pg 1 oferta'!$B$18&"T3_L04_inst_"&B96&"DA1" -> T3_L04_inst_L04-05DA1 | B96: L04-05 | C96: =+VLOOKUP(B96,'DATOS CENTROS'!B:E,2,FALSE) -> Ctra. Dehesa Villa, s/n | D96: =+VLOOKUP(B96,'DATOS CENTROS'!B:E,3,FALSE) -> A + C | E96: =+VLOOKUP(B96,'DATOS CENTROS'!B:E,4,FALSE) -> INSTITUTO RTVE EDIFICIO COROS | F96: =+VLOOKUP(B96,'DATOS CENTROS'!B:F,5,FALSE) -> 0.08 | G96: =+IF(G37>0,G37,"") | H96: Recopilación de información y toma de datos | I96: 0.15 | J96: =+IF($K$96>0,+ROUND($K$96*I96,0),"") -> #VALUE! | K96: =+IFERROR(IF(OR($G$18=0,LEN($G$18)=0),"",IF(AND(M37="ok",(H37/H37)=1),N37,"")),"¿?")
A97: =+'Anx I pg 1 oferta'!$B$18&"T3_L04_inst_"&B96&"DA2" -> T3_L04_inst_L04-05DA2 | H97: Análisis y evaluación, determinación del balance de energía | I97: 0.1 | J97: =+IF($K$96>0,+ROUND($K$96*I97,0),"") -> #VALUE!
A98: =+'Anx I pg 1 oferta'!$B$18&"T3_L04_inst_"&B96&"DA3" -> T3_L04_inst_L04-05DA3 | H98: Redacción del Informe Final | I98: 0.2 | J98: =+IF($K$96>0,+ROUND($K$96*I98,0),"") -> #VALUE!
A99: =+'Anx I pg 1 oferta'!$B$18&"T3_L04_inst_"&B96&"DA4" -> T3_L04_inst_L04-05DA4 | H99: Aportación de ficheros ofimáticos soporte del Informe Final | I99: 0.05 | J99: =+IF($K$96>0,+ROUND($K$96*I99,0),"") -> #VALUE!
A100: =+'Anx I pg 1 oferta'!$B$18&"T3_L04_inst_"&B96&"DA5" -> T3_L04_inst_L04-05DA5 | H100: Registro en la Comunidad Autónoma o en el MITECO del Informe Final | I100: 0.5 | J100: =+IF($K$96>0,+$K$96-SUM(J96:J99),"") -> #VALUE!
A101: =+'Anx I pg 1 oferta'!$B$18&"T3_L04_inst_"&B101&"DA1" -> T3_L04_inst_L04-06DA1 | B101: L04-06 | C101: =+VLOOKUP(B101,'DATOS CENTROS'!B:E,2,FALSE) -> Majadahonda/Las Rozas | D101: =+VLOOKUP(B101,'DATOS CENTROS'!B:E,3,FALSE) -> A + C | E101: =+VLOOKUP(B101,'DATOS CENTROS'!B:E,4,FALSE) -> C.E. OM MAJADAHONDA | F101: =+VLOOKUP(B101,'DATOS CENTROS'!B:F,5,FALSE) -> 0.101 | G101: =+IF(G39>0,G39,"") | H101: Recopilación de información y toma de datos | I101: 0.15 | J101: =+IF($K$101>0,+ROUND($K$101*I101,0),"") -> #VALUE! | K101: =+IFERROR(IF(OR($G$18=0,LEN($G$18)=0),"",IF(AND(M39="ok",(H39/H39)=1),N39,"")),"¿?")
A102: =+'Anx I pg 1 oferta'!$B$18&"T3_L04_inst_"&B101&"DA2" -> T3_L04_inst_L04-06DA2 | H102: Análisis y evaluación, determinación del balance de energía | I102: 0.1 | J102: =+IF($K$101>0,+ROUND($K$101*I102,0),"") -> #VALUE!
A103: =+'Anx I pg 1 oferta'!$B$18&"T3_L04_inst_"&B101&"DA3" -> T3_L04_inst_L04-06DA3 | H103: Redacción del Informe Final | I103: 0.2 | J103: =+IF($K$101>0,+ROUND($K$101*I103,0),"") -> #VALUE!
A104: =+'Anx I pg 1 oferta'!$B$18&"T3_L04_inst_"&B101&"DA4" -> T3_L04_inst_L04-06DA4 | H104: Aportación de ficheros ofimáticos soporte del Informe Final | I104: 0.05 | J104: =+IF($K$101>0,+ROUND($K$101*I104,0),"") -> #VALUE!
A105: =+'Anx I pg 1 oferta'!$B$18&"T3_L04_inst_"&B101&"DA5" -> T3_L04_inst_L04-06DA5 | H105: Registro en la Comunidad Autónoma o en el MITECO del Informe Final | I105: 0.5 | J105: =+IF($K$101>0,+$K$101-SUM(J101:J104),"") -> #VALUE!
A106: =+'Anx I pg 1 oferta'!$B$18&"T3_L04_inst_"&B106&"DA1" -> T3_L04_inst_L04-07DA1 | B106: L04-07 | C106: =+VLOOKUP(B106,'DATOS CENTROS'!B:E,2,FALSE) -> Calle San Anastasio 2 Plta. Baja 1 28005 | D106: =+VLOOKUP(B106,'DATOS CENTROS'!B:E,3,FALSE) -> C | E106: =+VLOOKUP(B106,'DATOS CENTROS'!B:E,4,FALSE) -> S.U. Madrid (San Anastasio) | F106: =+VLOOKUP(B106,'DATOS CENTROS'!B:F,5,FALSE) -> 0.011 | G106: =+IF(G41>0,G41,"") | H106: Recopilación de información y toma de datos | I106: 0.15 | J106: =+IF($K$106>0,+ROUND($K$106*I106,0),"") -> #VALUE! | K106: =+IFERROR(IF(OR($G$18=0,LEN($G$18)=0),"",IF(AND(M41="ok",(H41/H41)=1),N41,"")),"¿?")
A107: =+'Anx I pg 1 oferta'!$B$18&"T3_L04_inst_"&B106&"DA2" -> T3_L04_inst_L04-07DA2 | H107: Análisis y evaluación, determinación del balance de energía | I107: 0.1 | J107: =+IF($K$106>0,+ROUND($K$106*I107,0),"") -> #VALUE!
...

Sheet L5 VALE CMAN BALE MURC
A1: __0a
A2: __0a | B2: NOTA IMPORTANTE: ESTE DESGLOSE SE PRESENTARA FIRMADO EN FORMATO PDF
A3: __0a
A4: __0a
A5: __0a | H5: “A.T. para redacción de auditorías energéticas
A6: __0a | H6: y certificados energéticos de SEDES CRTVE"
A7: __0a | H7: Expediente n.º S/01533/2025
A8: __0a | B8: ANEXO I: DESGLOSE PRECIO LOTE 5
A9: __0a | B9: Desglose 1
A10: __0a | B10: S-01533-2025 - A.T. para redacción de auditorías energéticas y certificados energéticos de SEDES CRTVE
A11: __0a | B11: =CONCATENATE("Lote ",RIGHT(B8,2)," : ",VLOOKUP(_xlfn.NUMBERVALUE(RIGHT(B8,1)),'RESUMEN LOTES'!B:C,2,FALSE)) -> Lote 5 : CCAA Valencia, Castilla-La Mancha, Illes Balears y Murcia.
A12: =+'Anx I pg 1 oferta'!$B$18&"T1_L05_cab" -> T1_L05_cab | B12: ID | C12: ACTUACIONES BÁSICAS | G12: IMPORTE | H12: %
A13: =+'Anx I pg 1 oferta'!$B$18&"T1_L05_DAB1" -> T1_L05_DAB1 | B13: A.B-01 | C13: =+IFERROR(IF(OR($G$18=0,LEN($G$18)=0),"Lote NO ofertado, introduzca TOTAL OFERTA LOTE",IF(OR($G$18<0,+$G$18/$G$18<>1),"Total oferta Lote incorrecto (no numérico o negativo)",IF($G$18<>TRUNC($G$18,2),"ERROR: TOTAL OFERTA LOTE más de 2 decimales",IF(VLOOKUP(5,'RESUMEN LOTES'!B7:E15,4,FALSE)<G18,"Importe ofertado supera max. € "&VLOOKUP(5,'RESUMEN LOTES'!B7:E15,4,FALSE),IF(COUNTIFS($M$29:$M$67,"ok")<>18,"Debe revisar Desglose 2 IMPORTE ofertado POR SEDE","Recopilación de información y toma de datos"))))),"TOTAL OFERTA LOTE incorrecto, no es un dato numérico") -> Lote NO ofertado, introduzca TOTAL OFERTA LOTE | G13: =+IF(OR($G$18=0,LEN($G$18)=0),"¿?",IF(COUNTIFS($M$29:$M$67,"ok")<>18,"¿?",+IF(C13="Debe revisar Desglose 2 IMPORTE ofertado POR SEDE","¿?",+SUMIFS($J$79:$J$171,$H$79:$H$171,C13)))) -> ¿? | H13: 0.15
A14: =+'Anx I pg 1 oferta'!$B$18&"T1_L05_DAB2" -> T1_L05_DAB2 | B14: A.B-02 | C14: =+IFERROR(IF(OR($G$18=0,LEN($G$18)=0),"Lote NO ofertado, introduzca TOTAL OFERTA LOTE",IF(OR($G$18<0,+$G$18/$G$18<>1),"Total oferta Lote incorrecto (no numérico o negativo)",IF($G$18<>TRUNC($G$18,2),"ERROR: TOTAL OFERTA LOTE más de 2 decimales",IF(VLOOKUP(5,'RESUMEN LOTES'!B7:E15,4,FALSE)<G18,"Importe ofertado supera max. € "&VLOOKUP(5,'RESUMEN LOTES'!B7:E15,4,FALSE),IF(COUNTIFS($M$29:$M$67,"ok")<>18,"Debe revisar Desglose 2 IMPORTE ofertado POR SEDE","Análisis y evaluación, determinación del balance de energía"))))),"TOTAL OFERTA LOTE incorrecto, no es un dato numérico") -> Lote NO ofertado, introduzca TOTAL OFERTA LOTE | G14: =+IF(OR($G$18=0,LEN($G$18)=0),"¿?",IF(COUNTIFS($M$29:$M$67,"ok")<>18,"¿?",+IF(C14="Debe revisar Desglose 2 IMPORTE ofertado POR SEDE","¿?",+SUMIFS($J$79:$J$171,$H$79:$H$171,C14)))) -> ¿? | H14: 0.1
A15: =+'Anx I pg 1 oferta'!$B$18&"T1_L05_DAB3" -> T1_L05_DAB3 | B15: A.B-03 | C15: =+IFERROR(IF(OR($G$18=0,LEN($G$18)=0),"Lote NO ofertado, introduzca TOTAL OFERTA LOTE",IF(OR($G$18<0,+$G$18/$G$18<>1),"Total oferta Lote incorrecto (no numérico o negativo)",IF($G$18<>TRUNC($G$18,2),"ERROR: TOTAL OFERTA LOTE más de 2 decimales",IF(VLOOKUP(5,'RESUMEN LOTES'!B7:E15,4,FALSE)<G18,"Importe ofertado supera max. € "&VLOOKUP(5,'RESUMEN LOTES'!B7:E15,4,FALSE),IF(COUNTIFS($M$29:$M$67,"ok")<>18,"Debe revisar Desglose 2 IMPORTE ofertado POR SEDE","Redacción del Informe Final"))))),"TOTAL OFERTA LOTE incorrecto, no es un dato numérico") -> Lote NO ofertado, introduzca TOTAL OFERTA LOTE | G15: =+IF(OR($G$18=0,LEN($G$18)=0),"¿?",IF(COUNTIFS($M$29:$M$67,"ok")<>18,"¿?",+IF(C15="Debe revisar Desglose 2 IMPORTE ofertado POR SEDE","¿?",+SUMIFS($J$79:$J$171,$H$79:$H$171,C15)))) -> ¿? | H15: 0.2
A16: =+'Anx I pg 1 oferta'!$B$18&"T1_L05_DAB4" -> T1_L05_DAB4 | B16: A.B-04 | C16: =+IFERROR(IF(OR($G$18=0,LEN($G$18)=0),"Lote NO ofertado, introduzca TOTAL OFERTA LOTE",IF(OR($G$18<0,+$G$18/$G$18<>1),"Total oferta Lote incorrecto (no numérico o negativo)",IF($G$18<>TRUNC($G$18,2),"ERROR: TOTAL OFERTA LOTE más de 2 decimales",IF(VLOOKUP(5,'RESUMEN LOTES'!B7:E15,4,FALSE)<G18,"Importe ofertado supera max. € "&VLOOKUP(5,'RESUMEN LOTES'!B7:E15,4,FALSE),IF(COUNTIFS($M$29:$M$67,"ok")<>18,"Debe revisar Desglose 2 IMPORTE ofertado POR SEDE","Aportación de ficheros ofimáticos soporte del Informe Final"))))),"TOTAL OFERTA LOTE incorrecto, no es un dato numérico") -> Lote NO ofertado, introduzca TOTAL OFERTA LOTE | G16: =+IF(OR($G$18=0,LEN($G$18)=0),"¿?",IF(COUNTIFS($M$29:$M$67,"ok")<>18,"¿?",+IF(C16="Debe revisar Desglose 2 IMPORTE ofertado POR SEDE","¿?",+SUMIFS($J$79:$J$171,$H$79:$H$171,C16)))) -> ¿? | H16: 0.05
A17: =+'Anx I pg 1 oferta'!$B$18&"T1_L05_DAB5" -> T1_L05_DAB5 | B17: A.B-05 | C17: =+IFERROR(IF(OR($G$18=0,LEN($G$18)=0),"Lote NO ofertado, introduzca TOTAL OFERTA LOTE",IF(OR($G$18<0,+$G$18/$G$18<>1),"Total oferta Lote incorrecto (no numérico o negativo)",IF($G$18<>TRUNC($G$18,2),"ERROR: TOTAL OFERTA LOTE más de 2 decimales",IF(VLOOKUP(5,'RESUMEN LOTES'!B7:E15,4,FALSE)<G18,"Importe ofertado supera max. € "&VLOOKUP(5,'RESUMEN LOTES'!B7:E15,4,FALSE),IF(COUNTIFS($M$29:$M$67,"ok")<>18,"Debe revisar Desglose 2 IMPORTE ofertado POR SEDE","Registro en la Comunidad Autónoma o en el Ministerio para la Transición Ecológica del Informe Final"))))),"TOTAL OFERTA LOTE incorrecto, no es un dato numérico") -> Lote NO ofertado, introduzca TOTAL OFERTA LOTE | G17: =+IF(OR($G$18=0,LEN($G$18)=0),"¿?",IF(COUNTIFS($M$29:$M$67,"ok")<>18,"¿?",+IF(C17="Debe revisar Desglose 2 IMPORTE ofertado POR SEDE","¿?",+SUMIFS($J$79:$J$171,$H$79:$H$171,"Registro en la Comunidad Autónoma o en el MITECO del Informe Final")))) -> ¿? | H17: 0.5 | M17: chck total
A18: =+'Anx I pg 1 oferta'!$B$18&"T1_L05_TOT" -> T1_L05_TOT | F18: TOTAL OFERTA LOTE : | G18: 0 | N18: =+SUM(G13:G17) -> 0
A19: __0a
A20: __0a | C20: Fdo.:
A21: __0a
A22: __0a | B22: Desglose 2
A23: __0a
A24: __0a | B24: DESGLOSE DE IMPORTES OFERTADOS POR SEDE
A25: __0a | J25: =+COUNTIFS(M29:M37,"ok") -> 0
A26: =+'Anx I pg 1 oferta'!$B$18&"T2_L05_cab0a" -> T2_L05_cab0a | B26: LOTES | C26: SEDES INMUEBLES | E26: trabajo | F26: RELACIÓN % s/LOTE | G26: % ofertado s/Lote (4 decim.) | H26: IMPORTE ofertado POR SEDE | I26: TOTAL OFERTADO POR LOTE | M26: CHECK DETALLE LOTE POR SEDE
A27: =+'Anx I pg 1 oferta'!$B$18&"T2_L05_cab0b" -> T2_L05_cab0b | B27: LOTE-05 | C27: (plazo de 3 meses) | F27: 1
A28: =+'Anx I pg 1 oferta'!$B$18&"T2_L05_cab1(CA)" -> T2_L05_cab1(CA) | B28: . | C28: VALENCIA | I28: =+G18 -> 0
A29: =+'Anx I pg 1 oferta'!$B$18&"T2_L05_inst_"&B29 -> T2_L05_inst_L05-01 | B29: L05-01 | C29: =+VLOOKUP(B29,'DATOS CENTROS'!B:F,4,FALSE) -> C.E. FM PICAYO | E29: =+VLOOKUP(B29,'DATOS CENTROS'!B:F,3,FALSE) -> A + C | F29: =+VLOOKUP(B29,'DATOS CENTROS'!B:F,5,FALSE) -> 0.039 | G29: =+IF(OR($G$18=0,LEN($G$18)=0),"",+ROUND(((H29)/$G$18),6)) | M29: =+IFERROR(IF(N29<>TRUNC(N29,2),".+ de 2 decim.",IF(COUNTA($H$29:$H$67)<18,18-COUNTA($H$29:$H$68)&" Items ptes.ofertar ",IF(AND($G$18>0,$H$42>0,(N29)/(N29)=1),"ok","mal"))),"¿max.min.ofertado?") -> ¿max.min.ofertado? | N29: =+IF(OR($G$18=0,LEN($G$18)=0),"",IF(OR($G$18<0,+$G$18/$G$18<>1),"Total oferta Lote incorrecto (no numérico o negativo)",IF(AND($G$18>0,$H$42>0,H29<=0),"¿importe ofertado?",IF(AND($G$18>0,$H$37<0),"acum.of.oferta sede >oferta lote",IF(AND($G$18>0,$H$37<>0,H29<VLOOKUP(B29,'% admitidos'!A:M,11,FALSE)),+"min."&VLOOKUP(B29,'% admitidos'!A:M,11,FALSE),IF(AND($G$18>0,$H$42>0,H29>VLOOKUP(B29,'% admitidos'!A:M,13,FALSE)),+"max."&VLOOKUP(B29,'% admitidos'!A:M,13,FALSE),+H29))))))
A30: __0b | B30: . | C30: =+IF(LEN('Anx I pg 1 oferta'!$C$56)>0,"","min. "&VLOOKUP(B29,'% admitidos'!A:M,11,FALSE)&" - med. "&VLOOKUP(B29,'% admitidos'!A:M,12,FALSE)&" - max. "&VLOOKUP(B29,'% admitidos'!A:M,13,FALSE)) -> min. 0 - med. 0 - max. 0
A31: =+'Anx I pg 1 oferta'!$B$18&"T2_L05_inst_"&B31 -> T2_L05_inst_L05-02 | B31: L05-02 | C31: =+VLOOKUP(B31,'DATOS CENTROS'!B:F,4,FALSE) -> C.T. RNE Valencia | E31: =+VLOOKUP(B31,'DATOS CENTROS'!B:F,3,FALSE) -> A + C | F31: =+VLOOKUP(B31,'DATOS CENTROS'!B:F,5,FALSE) -> 0.052 | G31: =+IF(OR($G$18=0,LEN($G$18)=0),"",+ROUND(((H31)/$G$18),6)) | M31: =+IFERROR(IF(N31<>TRUNC(N31,2),".+ de 2 decim.",IF(COUNTA($H$29:$H$67)<18,18-COUNTA($H$29:$H$68)&" Items ptes.ofertar ",IF(AND($G$18>0,$H$42>0,(N31)/(N31)=1),"ok","mal"))),"¿max.min.ofertado?") -> ¿max.min.ofertado? | N31: =+IF(OR($G$18=0,LEN($G$18)=0),"",IF(OR($G$18<0,+$G$18/$G$18<>1),"Total oferta Lote incorrecto (no numérico o negativo)",IF(AND($G$18>0,$H$42>0,H31<=0),"¿importe ofertado?",IF(AND($G$18>0,$H$37<0),"acum.of.oferta sede >oferta lote",IF(AND($G$18>0,$H$42>0,H31<VLOOKUP(B31,'% admitidos'!A:M,11,FALSE)),+"min."&VLOOKUP(B31,'% admitidos'!A:M,11,FALSE),IF(AND($G$18>0,$H$42>0,H31>VLOOKUP(B31,'% admitidos'!A:M,13,FALSE)),+"max."&VLOOKUP(B31,'% admitidos'!A:M,13,FALSE),+H31))))))
A32: __0b | B32: . | C32: =+IF(LEN('Anx I pg 1 oferta'!$C$56)>0,"","min. "&VLOOKUP(B31,'% admitidos'!A:M,11,FALSE)&" - med. "&VLOOKUP(B31,'% admitidos'!A:M,12,FALSE)&" - max. "&VLOOKUP(B31,'% admitidos'!A:M,13,FALSE)) -> min. 0 - med. 0 - max. 0
A33: =+'Anx I pg 1 oferta'!$B$18&"T2_L05_inst_"&B33 -> T2_L05_inst_L05-03 | B33: L05-03 | C33: =+VLOOKUP(B33,'DATOS CENTROS'!B:F,4,FALSE) -> C.T. TVE Valencia | E33: =+VLOOKUP(B33,'DATOS CENTROS'!B:F,3,FALSE) -> C | F33: =+VLOOKUP(B33,'DATOS CENTROS'!B:F,5,FALSE) -> 0.035 | G33: =+IF(OR($G$18=0,LEN($G$18)=0),"",+ROUND(((H33)/$G$18),6)) | M33: =+IFERROR(IF(N33<>TRUNC(N33,2),".+ de 2 decim.",IF(COUNTA($H$29:$H$67)<18,18-COUNTA($H$29:$H$68)&" Items ptes.ofertar ",IF(AND($G$18>0,$H$42>0,(N33)/(N33)=1),"ok","mal"))),"¿max.min.ofertado?") -> ¿max.min.ofertado? | N33: =+IF(OR($G$18=0,LEN($G$18)=0),"",IF(OR($G$18<0,+$G$18/$G$18<>1),"Total oferta Lote incorrecto (no numérico o negativo)",IF(AND($G$18>0,$H$42>0,H33<=0),"¿importe ofertado?",IF(AND($G$18>0,$H$37<0),"acum.of.oferta sede >oferta lote",IF(AND($G$18>0,$H$42>0,H33<VLOOKUP(B33,'% admitidos'!A:M,11,FALSE)),+"min."&VLOOKUP(B33,'% admitidos'!A:M,11,FALSE),IF(AND($G$18>0,$H$42>0,H33>VLOOKUP(B33,'% admitidos'!A:M,13,FALSE)),+"max."&VLOOKUP(B33,'% admitidos'!A:M,13,FALSE),+H33))))))
A34: __0b | B34: . | C34: =+IF(LEN('Anx I pg 1 oferta'!$C$56)>0,"","min. "&VLOOKUP(B33,'% admitidos'!A:M,11,FALSE)&" - med. "&VLOOKUP(B33,'% admitidos'!A:M,12,FALSE)&" - max. "&VLOOKUP(B33,'% admitidos'!A:M,13,FALSE)) -> min. 0 - med. 0 - max. 0
A35: =+'Anx I pg 1 oferta'!$B$18&"T2_L05_inst_"&B35 -> T2_L05_inst_L05-04 | B35: L05-04 | C35: =+VLOOKUP(B35,'DATOS CENTROS'!B:F,4,FALSE) -> S.U. Elche | E35: =+VLOOKUP(B35,'DATOS CENTROS'!B:F,3,FALSE) -> C | F35: =+VLOOKUP(B35,'DATOS CENTROS'!B:F,5,FALSE) -> 0.016 | G35: =+IF(OR($G$18=0,LEN($G$18)=0),"",+ROUND(((H35)/$G$18),6)) | M35: =+IFERROR(IF(N35<>TRUNC(N35,2),".+ de 2 decim.",IF(COUNTA($H$29:$H$67)<18,18-COUNTA($H$29:$H$68)&" Items ptes.ofertar ",IF(AND($G$18>0,$H$42>0,(N35)/(N35)=1),"ok","mal"))),"¿max.min.ofertado?") -> ¿max.min.ofertado? | N35: =+IF(OR($G$18=0,LEN($G$18)=0),"",IF(OR($G$18<0,+$G$18/$G$18<>1),"Total oferta Lote incorrecto (no numérico o negativo)",IF(AND($G$18>0,$H$42>0,H35<=0),"¿importe ofertado?",IF(AND($G$18>0,$H$37<0),"acum.of.oferta sede >oferta lote",IF(AND($G$18>0,$H$42>0,H35<VLOOKUP(B35,'% admitidos'!A:M,11,FALSE)),+"min."&VLOOKUP(B35,'% admitidos'!A:M,11,FALSE),IF(AND($G$18>0,$H$42>0,H35>VLOOKUP(B35,'% admitidos'!A:M,13,FALSE)),+"max."&VLOOKUP(B35,'% admitidos'!A:M,13,FALSE),+H35))))))
A36: __0b | B36: . | C36: =+IF(LEN('Anx I pg 1 oferta'!$C$56)>0,"","min. "&VLOOKUP(B35,'% admitidos'!A:M,11,FALSE)&" - med. "&VLOOKUP(B35,'% admitidos'!A:M,12,FALSE)&" - max. "&VLOOKUP(B35,'% admitidos'!A:M,13,FALSE)) -> min. 0 - med. 0 - max. 0
A37: =+'Anx I pg 1 oferta'!$B$18&"T2_L05_inst_"&B37 -> T2_L05_inst_L05-05 | B37: L05-05 | C37: =+VLOOKUP(B37,'DATOS CENTROS'!B:F,4,FALSE) -> U.I. RTVE Castellón | E37: =+VLOOKUP(B37,'DATOS CENTROS'!B:F,3,FALSE) -> C | F37: =+VLOOKUP(B37,'DATOS CENTROS'!B:F,5,FALSE) -> 0.016 | G37: =+IF(OR($G$18=0,LEN($G$18)=0),"",+ROUND(((H37)/$G$18),6)) | M37: =+IFERROR(IF(N37<>TRUNC(N37,2),".+ de 2 decim.",IF(COUNTA($H$29:$H$67)<18,18-COUNTA($H$29:$H$68)&" Items ptes.ofertar ",IF(AND($G$18>0,$H$42>0,(N37)/(N37)=1),"ok","mal"))),"¿max.min.ofertado?") -> ¿max.min.ofertado? | N37: =+IF(OR($G$18=0,LEN($G$18)=0),"",IF(OR($G$18<0,+$G$18/$G$18<>1),"Total oferta Lote incorrecto (no numérico o negativo)",IF(AND($G$18>0,$H$42>0,H37<=0),"¿importe ofertado?",IF(AND($G$18>0,$H$37<0),"acum.of.oferta sede >oferta lote",IF(AND($G$18>0,$H$42>0,H37<VLOOKUP(B37,'% admitidos'!A:M,11,FALSE)),+"min."&VLOOKUP(B37,'% admitidos'!A:M,11,FALSE),IF(AND($G$18>0,$H$42>0,H37>VLOOKUP(B37,'% admitidos'!A:M,13,FALSE)),+"max."&+ROUND(VLOOKUP(B37,'% admitidos'!A:M,13,FALSE),4),+H37))))))
A38: __0b | B38: . | C38: =+IF(LEN('Anx I pg 1 oferta'!$C$56)>0,"","min. "&VLOOKUP(B37,'% admitidos'!A:M,11,FALSE)&" - med. "&VLOOKUP(B37,'% admitidos'!A:M,12,FALSE)&" - max. "&+ROUND(VLOOKUP(B37,'% admitidos'!A:M,13,FALSE),6)) -> min. 0 - med. 0 - max. 0
A39: =+'Anx I pg 1 oferta'!$B$18&"T2_L05_cab2(CA)" -> T2_L05_cab2(CA) | B39: . | C39: CASTILLA LA MANCHA
A40: =+'Anx I pg 1 oferta'!$B$18&"T2_L05_inst_"&B40 -> T2_L05_inst_L05-06 | B40: L05-06 | C40: =+VLOOKUP(B40,'DATOS CENTROS'!B:F,4,FALSE) -> C.E. OM ALMAGRO | E40: =+VLOOKUP(B40,'DATOS CENTROS'!B:F,3,FALSE) -> A + C | F40: =+VLOOKUP(B40,'DATOS CENTROS'!B:F,5,FALSE) -> 0.081 | G40: =+IF(OR($G$18=0,LEN($G$18)=0),"",+ROUND(((H40)/$G$18),6)) | M40: =+IFERROR(IF(N40<>TRUNC(N40,2),".+ de 2 decim.",IF(COUNTA($H$29:$H$67)<18,18-COUNTA($H$29:$H$68)&" Items ptes.ofertar ",IF(AND($G$18>0,$H$42>0,(N40)/(N40)=1),"ok","mal"))),"¿max.min.ofertado?") -> ¿max.min.ofertado? | N40: =+IF(OR($G$18=0,LEN($G$18)=0),"",IF(OR($G$18<0,+$G$18/$G$18<>1),"Total oferta Lote incorrecto (no numérico o negativo)",IF(AND($G$18>0,$H$42>0,H40<=0),"¿importe ofertado?",IF(AND($G$18>0,$H$37<0),"acum.of.oferta sede >oferta lote",IF(AND($G$18>0,$H$42>0,H40<VLOOKUP(B40,'% admitidos'!A:M,11,FALSE)),+"min."&VLOOKUP(B40,'% admitidos'!A:M,11,FALSE),IF(AND($G$18>0,$H$42>0,H40>VLOOKUP(B40,'% admitidos'!A:M,13,FALSE)),+"max."&VLOOKUP(B40,'% admitidos'!A:M,13,FALSE),+H40))))))
A41: __0b | B41: . | C41: =+IF(LEN('Anx I pg 1 oferta'!$C$56)>0,"","min. "&VLOOKUP(B40,'% admitidos'!A:M,11,FALSE)&" - med. "&VLOOKUP(B40,'% admitidos'!A:M,12,FALSE)&" - max. "&+ROUND(VLOOKUP(B40,'% admitidos'!A:M,13,FALSE),6)) -> min. 0 - med. 0 - max. 0
A42: =+'Anx I pg 1 oferta'!$B$18&"T2_L05_inst_"&B42 -> T2_L05_inst_L05-07 | B42: L05-07 | C42: =+VLOOKUP(B42,'DATOS CENTROS'!B:F,4,FALSE) -> C.E. OM NOBLEJAS | E42: =+VLOOKUP(B42,'DATOS CENTROS'!B:F,3,FALSE) -> A + C | F42: =+VLOOKUP(B42,'DATOS CENTROS'!B:F,5,FALSE) -> 0.235 | G42: =+IF(OR($G$18=0,LEN($G$18)=0),"",1-SUM(G29:G41)-SUM(G44:G67)) | H42: =+IF(OR($G$18=0,+LEN($G$18)=0),"",+$G$18-SUM(H29:H41)-SUM(H44:H67)) | M42: =+IFERROR(IF(COUNTA($H$29:$H$67)<18,18-COUNTA($H$29:$H$68)&" Items ptes.ofertar ",IF(AND($G$18>0,$H$42>0,(N42)/(N42)=1),"ok","mal")),"¿max.min.ofertado?") -> 16 Items ptes.ofertar | N42: =+IF(OR($G$18=0,LEN($G$18)=0),"",IF(OR($G$18<0,+$G$18/$G$18<>1),"Total oferta Lote incorrecto (no numérico o negativo)",IF(AND($G$18>0,$H$42>0,H42<=0),"¿importe ofertado?",IF(AND($G$18>0,$H$37<0),"acum.of.oferta sede >oferta lote",IF(AND($G$18>0,$H$37<>0,H42<VLOOKUP(B42,'% admitidos'!A:M,13,FALSE)),+"MIN."&VLOOKUP(B42,'% admitidos'!A:M,13,FALSE),IF(AND($G$18>0,$H$42>0,H42>VLOOKUP(B42,'% admitidos'!A:M,11,FALSE)),+"MAX."&VLOOKUP(B42,'% admitidos'!A:M,11,FALSE),+H42))))))
A43: __0b | B43: . | C43: =+IF(LEN('Anx I pg 1 oferta'!$C$56)>0,"","MAX. "&VLOOKUP(B42,'% admitidos'!A:M,11,FALSE)&" - med. "&VLOOKUP(B42,'% admitidos'!A:M,12,FALSE)&" - MIN. "&VLOOKUP(B42,'% admitidos'!A:M,13,FALSE)) -> MAX. 0 - med. 0 - MIN. 0
A44: =+'Anx I pg 1 oferta'!$B$18&"T2_L05_inst_"&B44 -> T2_L05_inst_L05-08 | B44: L05-08 | C44: =+VLOOKUP(B44,'DATOS CENTROS'!B:F,4,FALSE) -> C.E. TALAVERA | E44: =+VLOOKUP(B44,'DATOS CENTROS'!B:F,3,FALSE) -> A + C | F44: =+VLOOKUP(B44,'DATOS CENTROS'!B:F,5,FALSE) -> 0.035 | G44: =+IF(OR($G$18=0,LEN($G$18)=0),"",+ROUND(((H44)/$G$18),6)) | M44: =+IFERROR(IF(N44<>TRUNC(N44,2),".+ de 2 decim.",IF(COUNTA($H$29:$H$67)<18,18-COUNTA($H$29:$H$68)&" Items ptes.ofertar ",IF(AND($G$18>0,$H$42>0,(N44)/(N44)=1),"ok","mal"))),"¿max.min.ofertado?") -> ¿max.min.ofertado? | N44: =+IF(OR($G$18=0,LEN($G$18)=0),"",IF(OR($G$18<0,+$G$18/$G$18<>1),"Total oferta Lote incorrecto (no numérico o negativo)",IF(AND($G$18>0,$H$42>0,H44<=0),"¿importe ofertado?",IF(AND($G$18>0,$H$37<0),"acum.of.oferta sede >oferta lote",IF(AND($G$18>0,$H$42>0,H44<VLOOKUP(B44,'% admitidos'!A:M,11,FALSE)),+"min."&VLOOKUP(B44,'% admitidos'!A:M,11,FALSE),IF(AND($G$18>0,$H$42>0,H44>VLOOKUP(B44,'% admitidos'!A:M,13,FALSE)),+"max."&VLOOKUP(B44,'% admitidos'!A:M,13,FALSE),+H44))))))
A45: __0b | B45: . | C45: =+IF(LEN('Anx I pg 1 oferta'!$C$56)>0,"","min. "&VLOOKUP(B44,'% admitidos'!A:M,11,FALSE)&" - med. "&VLOOKUP(B44,'% admitidos'!A:M,12,FALSE)&" - max. "&VLOOKUP(B44,'% admitidos'!A:M,13,FALSE)) -> min. 0 - med. 0 - max. 0
A46: =+'Anx I pg 1 oferta'!$B$18&"T2_L05_inst_"&B46 -> T2_L05_inst_L05-09 | B46: L05-09 | C46: =+VLOOKUP(B46,'DATOS CENTROS'!B:F,4,FALSE) -> C.T. RTVE Toledo | E46: =+VLOOKUP(B46,'DATOS CENTROS'!B:F,3,FALSE) -> A + C | F46: =+VLOOKUP(B46,'DATOS CENTROS'!B:F,5,FALSE) -> 0.094 | G46: =+IF(OR($G$18=0,LEN($G$18)=0),"",+ROUND(((H46)/$G$18),6)) | M46: =+IFERROR(IF(N46<>TRUNC(N46,2),".+ de 2 decim.",IF(COUNTA($H$29:$H$67)<18,18-COUNTA($H$29:$H$68)&" Items ptes.ofertar ",IF(AND($G$18>0,$H$42>0,(N46)/(N46)=1),"ok","mal"))),"¿max.min.ofertado?") -> ¿max.min.ofertado? | N46: =+IF(OR($G$18=0,LEN($G$18)=0),"",IF(OR($G$18<0,+$G$18/$G$18<>1),"Total oferta Lote incorrecto (no numérico o negativo)",IF(AND($G$18>0,$H$42>0,H46<=0),"¿importe ofertado?",IF(AND($G$18>0,$H$37<0),"acum.of.oferta sede >oferta lote",IF(AND($G$18>0,$H$42>0,H46<VLOOKUP(B46,'% admitidos'!A:M,11,FALSE)),+"min."&VLOOKUP(B46,'% admitidos'!A:M,11,FALSE),IF(AND($G$18>0,$H$42>0,H46>VLOOKUP(B46,'% admitidos'!A:M,13,FALSE)),+"max."&VLOOKUP(B46,'% admitidos'!A:M,13,FALSE),+H46))))))
A47: __0b | B47: . | C47: =+IF(LEN('Anx I pg 1 oferta'!$C$56)>0,"","min. "&VLOOKUP(B46,'% admitidos'!A:M,11,FALSE)&" - med. "&VLOOKUP(B46,'% admitidos'!A:M,12,FALSE)&" - max. "&VLOOKUP(B46,'% admitidos'!A:M,13,FALSE)) -> min. 0 - med. 0 - max. 0
A48: =+'Anx I pg 1 oferta'!$B$18&"T2_L05_inst_"&B48 -> T2_L05_inst_L05-10 | B48: L05-10 | C48: =+VLOOKUP(B48,'DATOS CENTROS'!B:F,4,FALSE) -> U.I. RTVE Cuenca | E48: =+VLOOKUP(B48,'DATOS CENTROS'!B:F,3,FALSE) -> C | F48: =+VLOOKUP(B48,'DATOS CENTROS'!B:F,5,FALSE) -> 0.026 | G48: =+IF(OR($G$18=0,LEN($G$18)=0),"",+ROUND(((H48)/$G$18),6)) | M48: =+IFERROR(IF(N48<>TRUNC(N48,2),".+ de 2 decim.",IF(COUNTA($H$29:$H$67)<18,18-COUNTA($H$29:$H$68)&" Items ptes.ofertar ",IF(AND($G$18>0,$H$42>0,(N48)/(N48)=1),"ok","mal"))),"¿max.min.ofertado?") -> ¿max.min.ofertado? | N48: =+IF(OR($G$18=0,LEN($G$18)=0),"",IF(OR($G$18<0,+$G$18/$G$18<>1),"Total oferta Lote incorrecto (no numérico o negativo)",IF(AND($G$18>0,$H$42>0,H48<=0),"¿importe ofertado?",IF(AND($G$18>0,$H$37<0),"acum.of.oferta sede >oferta lote",IF(AND($G$18>0,$H$42>0,H48<VLOOKUP(B48,'% admitidos'!A:M,11,FALSE)),+"min."&VLOOKUP(B48,'% admitidos'!A:M,11,FALSE),IF(AND($G$18>0,$H$42>0,H48>VLOOKUP(B48,'% admitidos'!A:M,13,FALSE)),+"max."&VLOOKUP(B48,'% admitidos'!A:M,13,FALSE),+H48))))))
A49: __0b | B49: . | C49: =+IF(LEN('Anx I pg 1 oferta'!$C$56)>0,"","min. "&VLOOKUP(B48,'% admitidos'!A:M,11,FALSE)&" - med. "&VLOOKUP(B48,'% admitidos'!A:M,12,FALSE)&" - max. "&+ROUND(VLOOKUP(B48,'% admitidos'!A:M,13,FALSE),6)) -> min. 0 - med. 0 - max. 0
A50: =+'Anx I pg 1 oferta'!$B$18&"T2_L05_inst_"&B50 -> T2_L05_inst_L05-11 | B50: L05-11 | C50: =+VLOOKUP(B50,'DATOS CENTROS'!B:F,4,FALSE) -> U.I. RTVE Albacete | E50: =+VLOOKUP(B50,'DATOS CENTROS'!B:F,3,FALSE) -> C | F50: =+VLOOKUP(B50,'DATOS CENTROS'!B:F,5,FALSE) -> 0.023 | G50: =+IF(OR($G$18=0,LEN($G$18)=0),"",+ROUND(((H50)/$G$18),6)) | M50: =+IFERROR(IF(N50<>TRUNC(N50,2),".+ de 2 decim.",IF(COUNTA($H$29:$H$67)<18,18-COUNTA($H$29:$H$68)&" Items ptes.ofertar ",IF(AND($G$18>0,$H$42>0,(N50)/(N50)=1),"ok","mal"))),"¿max.min.ofertado?") -> ¿max.min.ofertado? | N50: =+IF(OR($G$18=0,LEN($G$18)=0),"",IF(OR($G$18<0,+$G$18/$G$18<>1),"Total oferta Lote incorrecto (no numérico o negativo)",IF(AND($G$18>0,$H$42>0,H50<=0),"¿importe ofertado?",IF(AND($G$18>0,$H$37<0),"acum.of.oferta sede >oferta lote",IF(AND($G$18>0,$H$37<>0,H50<VLOOKUP(B50,'% admitidos'!A:M,11,FALSE)),+"min."&VLOOKUP(B50,'% admitidos'!A:M,11,FALSE),IF(AND($G$18>0,$H$42>0,H50>VLOOKUP(B50,'% admitidos'!A:M,13,FALSE)),+"max."&VLOOKUP(B50,'% admitidos'!A:M,13,FALSE),+H50))))))
A51: __0b | B51: . | C51: =+IF(LEN('Anx I pg 1 oferta'!$C$56)>0,"","min. "&VLOOKUP(B50,'% admitidos'!A:M,11,FALSE)&" - med. "&VLOOKUP(B50,'% admitidos'!A:M,12,FALSE)&" - max. "&VLOOKUP(B50,'% admitidos'!A:M,13,FALSE)) -> min. 0 - med. 0 - max. 0
A52: =+'Anx I pg 1 oferta'!$B$18&"T2_L05_inst_"&B52 -> T2_L05_inst_L05-12 | B52: L05-12 | C52: =+VLOOKUP(B52,'DATOS CENTROS'!B:F,4,FALSE) -> D.I. RTVE Talavera de la Reina | E52: =+VLOOKUP(B52,'DATOS CENTROS'!B:F,3,FALSE) -> C | F52: =+VLOOKUP(B52,'DATOS CENTROS'!B:F,5,FALSE) -> 0.016 | G52: =+IF(OR($G$18=0,LEN($G$18)=0),"",+ROUND(((H52)/$G$18),6)) | M52: =+IFERROR(IF(N52<>TRUNC(N52,2),".+ de 2 decim.",IF(COUNTA($H$29:$H$67)<18,18-COUNTA($H$29:$H$68)&" Items ptes.ofertar ",IF(AND($G$18>0,$H$42>0,(N52)/(N52)=1),"ok","mal"))),"¿max.min.ofertado?") -> ¿max.min.ofertado? | N52: =+IF(OR($G$18=0,LEN($G$18)=0),"",IF(OR($G$18<0,+$G$18/$G$18<>1),"Total oferta Lote incorrecto (no numérico o negativo)",IF(AND($G$18>0,$H$42>0,H52<=0),"¿importe ofertado?",IF(AND($G$18>0,$H$37<0),"acum.of.oferta sede >oferta lote",IF(AND($G$18>0,$H$42>0,H52<VLOOKUP(B52,'% admitidos'!A:M,11,FALSE)),+"min."&VLOOKUP(B52,'% admitidos'!A:M,11,FALSE),IF(AND($G$18>0,$H$42>0,H52>VLOOKUP(B52,'% admitidos'!A:M,13,FALSE)),+"max."&VLOOKUP(B52,'% admitidos'!A:M,13,FALSE),+H52))))))
A53: __0b | B53: . | C53: =+IF(LEN('Anx I pg 1 oferta'!$C$56)>0,"","min. "&VLOOKUP(B52,'% admitidos'!A:M,11,FALSE)&" - med. "&VLOOKUP(B52,'% admitidos'!A:M,12,FALSE)&" - max. "&VLOOKUP(B52,'% admitidos'!A:M,13,FALSE)) -> min. 0 - med. 0 - max. 0
A54: =+'Anx I pg 1 oferta'!$B$18&"T2_L05_cab3(CA)" -> T2_L05_cab3(CA) | B54: . | C54: ILLES BALLEARS
A55: =+'Anx I pg 1 oferta'!$B$18&"T2_L05_inst_"&B55 -> T2_L05_inst_L05-13 | B55: L05-13 | C55: =+VLOOKUP(B55,'DATOS CENTROS'!B:F,4,FALSE) -> C.E. OM MARRATXÍ | E55: =+VLOOKUP(B55,'DATOS CENTROS'!B:F,3,FALSE) -> A + C | F55: =+VLOOKUP(B55,'DATOS CENTROS'!B:F,5,FALSE) -> 0.074 | G55: =+IF(OR($G$18=0,LEN($G$18)=0),"",+ROUND(((H55)/$G$18),6)) | M55: =+IFERROR(IF(N55<>TRUNC(N55,2),".+ de 2 decim.",IF(COUNTA($H$29:$H$67)<18,18-COUNTA($H$29:$H$68)&" Items ptes.ofertar ",IF(AND($G$18>0,$H$42>0,(N55)/(N55)=1),"ok","mal"))),"¿max.min.ofertado?") -> ¿max.min.ofertado? | N55: =+IF(OR($G$18=0,LEN($G$18)=0),"",IF(OR($G$18<0,+$G$18/$G$18<>1),"Total oferta Lote incorrecto (no numérico o negativo)",IF(AND($G$18>0,$H$42>0,H55<=0),"¿importe ofertado?",IF(AND($G$18>0,$H$37<0),"acum.of.oferta sede >oferta lote",IF(AND($G$18>0,$H$42>0,H55<VLOOKUP(B55,'% admitidos'!A:M,11,FALSE)),+"min."&VLOOKUP(B55,'% admitidos'!A:M,11,FALSE),IF(AND($G$18>0,$H$42>0,H55>VLOOKUP(B55,'% admitidos'!A:M,13,FALSE)),+"max."&VLOOKUP(B55,'% admitidos'!A:M,13,FALSE),+H55))))))
A56: __0b | B56: . | C56: =+IF(LEN('Anx I pg 1 oferta'!$C$56)>0,"","min. "&VLOOKUP(B55,'% admitidos'!A:M,11,FALSE)&" - med. "&VLOOKUP(B55,'% admitidos'!A:M,12,FALSE)&" - max. "&VLOOKUP(B55,'% admitidos'!A:M,13,FALSE)) -> min. 0 - med. 0 - max. 0
A57: =+'Anx I pg 1 oferta'!$B$18&"T2_L05_inst_"&B57 -> T2_L05_inst_L05-14 | B57: L05-14 | C57: =+VLOOKUP(B57,'DATOS CENTROS'!B:F,4,FALSE) -> C.T. RTVE Islas Baleares | E57: =+VLOOKUP(B57,'DATOS CENTROS'!B:F,3,FALSE) -> A + C | F57: =+VLOOKUP(B57,'DATOS CENTROS'!B:F,5,FALSE) -> 0.081 | G57: =+IF(OR($G$18=0,LEN($G$18)=0),"",+ROUND(((H57)/$G$18),6)) | M57: =+IFERROR(IF(N57<>TRUNC(N57,2),".+ de 2 decim.",IF(COUNTA($H$29:$H$67)<18,18-COUNTA($H$29:$H$68)&" Items ptes.ofertar ",IF(AND($G$18>0,$H$42>0,(N57)/(N57)=1),"ok","mal"))),"¿max.min.ofertado?") -> ¿max.min.ofertado? | N57: =+IF(OR($G$18=0,LEN($G$18)=0),"",IF(OR($G$18<0,+$G$18/$G$18<>1),"Total oferta Lote incorrecto (no numérico o negativo)",IF(AND($G$18>0,$H$42>0,H57<=0),"¿importe ofertado?",IF(AND($G$18>0,$H$37<0),"acum.of.oferta sede >oferta lote",IF(AND($G$18>0,$H$42>0,H57<VLOOKUP(B57,'% admitidos'!A:M,11,FALSE)),+"min."&VLOOKUP(B57,'% admitidos'!A:M,11,FALSE),IF(AND($G$18>0,$H$42>0,H57>VLOOKUP(B57,'% admitidos'!A:M,13,FALSE)),+"max."&VLOOKUP(B57,'% admitidos'!A:M,13,FALSE),+H57))))))
A58: __0b | B58: . | C58: =+IF(LEN('Anx I pg 1 oferta'!$C$56)>0,"","min. "&VLOOKUP(B57,'% admitidos'!A:M,11,FALSE)&" - med. "&VLOOKUP(B57,'% admitidos'!A:M,12,FALSE)&" - max. "&VLOOKUP(B57,'% admitidos'!A:M,13,FALSE)) -> min. 0 - med. 0 - max. 0
A59: =+'Anx I pg 1 oferta'!$B$18&"T2_L05_inst_"&B59 -> T2_L05_inst_L05-15 | B59: L05-15 | C59: =+VLOOKUP(B59,'DATOS CENTROS'!B:F,4,FALSE) -> D.I. RTVE Ibiza | E59: =+VLOOKUP(B59,'DATOS CENTROS'!B:F,3,FALSE) -> C | F59: =+VLOOKUP(B59,'DATOS CENTROS'!B:F,5,FALSE) -> 0.016 | G59: =+IF(OR($G$18=0,LEN($G$18)=0),"",+ROUND(((H59)/$G$18),6)) | M59: =+IFERROR(IF(N59<>TRUNC(N59,2),".+ de 2 decim.",IF(COUNTA($H$29:$H$67)<18,18-COUNTA($H$29:$H$68)&" Items ptes.ofertar ",IF(AND($G$18>0,$H$42>0,(N59)/(N59)=1),"ok","mal"))),"¿max.min.ofertado?") -> ¿max.min.ofertado? | N59: =+IF(OR($G$18=0,LEN($G$18)=0),"",IF(OR($G$18<0,+$G$18/$G$18<>1),"Total oferta Lote incorrecto (no numérico o negativo)",IF(AND($G$18>0,$H$42>0,H59<=0),"¿importe ofertado?",IF(AND($G$18>0,$H$37<0),"acum.of.oferta sede >oferta lote",IF(AND($G$18>0,$H$42>0,H59<VLOOKUP(B59,'% admitidos'!A:M,11,FALSE)),+"min."&VLOOKUP(B59,'% admitidos'!A:M,11,FALSE),IF(AND($G$18>0,$H$42>0,H59>VLOOKUP(B59,'% admitidos'!A:M,13,FALSE)),+"max."&+ROUND(VLOOKUP(B59,'% admitidos'!A:M,13,FALSE),4),+H59))))))
A60: __0b | B60: . | C60: =+IF(LEN('Anx I pg 1 oferta'!$C$56)>0,"","min. "&VLOOKUP(B59,'% admitidos'!A:M,11,FALSE)&" - med. "&VLOOKUP(B59,'% admitidos'!A:M,12,FALSE)&" - max. "&+ROUND(VLOOKUP(B59,'% admitidos'!A:M,13,FALSE),6)) -> min. 0 - med. 0 - max. 0
A61: =+'Anx I pg 1 oferta'!$B$18&"T2_L05_cab4(CA)" -> T2_L05_cab4(CA) | B61: . | C61: MURCIA
A62: =+'Anx I pg 1 oferta'!$B$18&"T2_L05_inst_"&B62 -> T2_L05_inst_L05-16 | B62: L05-16 | C62: =+VLOOKUP(B62,'DATOS CENTROS'!B:F,4,FALSE) -> C.T. RTVE Murcia | E62: =+VLOOKUP(B62,'DATOS CENTROS'!B:F,3,FALSE) -> A + C | F62: =+VLOOKUP(B62,'DATOS CENTROS'!B:F,5,FALSE) -> 0.11 | G62: =+IF(OR($G$18=0,LEN($G$18)=0),"",+ROUND(((H62)/$G$18),6)) | M62: =+IFERROR(IF(N62<>TRUNC(N62,2),".+ de 2 decim.",IF(COUNTA($H$29:$H$67)<18,18-COUNTA($H$29:$H$68)&" Items ptes.ofertar ",IF(AND($G$18>0,$H$42>0,(N62)/(N62)=1),"ok","mal"))),"¿max.min.ofertado?") -> ¿max.min.ofertado? | N62: =+IF(OR($G$18=0,LEN($G$18)=0),"",IF(OR($G$18<0,+$G$18/$G$18<>1),"Total oferta Lote incorrecto (no numérico o negativo)",IF(AND($G$18>0,$H$42>0,H62<=0),"¿importe ofertado?",IF(AND($G$18>0,$H$37<0),"acum.of.oferta sede >oferta lote",IF(AND($G$18>0,$H$37<>0,H62<VLOOKUP(B62,'% admitidos'!A:M,11,FALSE)),+"min."&VLOOKUP(B62,'% admitidos'!A:M,11,FALSE),IF(AND($G$18>0,$H$42>0,H62>VLOOKUP(B62,'% admitidos'!A:M,13,FALSE)),+"max."&VLOOKUP(B62,'% admitidos'!A:M,13,FALSE),+H62))))))
A63: __0b | B63: . | C63: =+IF(LEN('Anx I pg 1 oferta'!$C$56)>0,"","min. "&VLOOKUP(B62,'% admitidos'!A:M,11,FALSE)&" - med. "&VLOOKUP(B62,'% admitidos'!A:M,12,FALSE)&" - max. "&VLOOKUP(B62,'% admitidos'!A:M,13,FALSE)) -> min. 0 - med. 0 - max. 0
A64: =+'Anx I pg 1 oferta'!$B$18&"T2_L05_inst_"&B64 -> T2_L05_inst_L05-17 | B64: L05-17 | C64: =+VLOOKUP(B64,'DATOS CENTROS'!B:F,4,FALSE) -> U.I. RTVE Cartagena | E64: =+VLOOKUP(B64,'DATOS CENTROS'!B:F,3,FALSE) -> C | F64: =+VLOOKUP(B64,'DATOS CENTROS'!B:F,5,FALSE) -> 0.016 | G64: =+IF(OR($G$18=0,LEN($G$18)=0),"",+ROUND(((H64)/$G$18),6)) | M64: =+IFERROR(IF(N64<>TRUNC(N64,2),".+ de 2 decim.",IF(COUNTA($H$29:$H$67)<18,18-COUNTA($H$29:$H$68)&" Items ptes.ofertar ",IF(AND($G$18>0,$H$42>0,(N64)/(N64)=1),"ok","mal"))),"¿max.min.ofertado?") -> ¿max.min.ofertado? | N64: =+IF(OR($G$18=0,LEN($G$18)=0),"",IF(OR($G$18<0,+$G$18/$G$18<>1),"Total oferta Lote incorrecto (no numérico o negativo)",IF(AND($G$18>0,$H$42>0,H64<=0),"¿importe ofertado?",IF(AND($G$18>0,$H$37<0),"acum.of.oferta sede >oferta lote",IF(AND($G$18>0,$H$42>0,H64<VLOOKUP(B64,'% admitidos'!A:M,11,FALSE)),+"min."&VLOOKUP(B64,'% admitidos'!A:M,11,FALSE),IF(AND($G$18>0,$H$42>0,H64>VLOOKUP(B64,'% admitidos'!A:M,13,FALSE)),+"max."&VLOOKUP(B64,'% admitidos'!A:M,13,FALSE),+H64))))))
A65: __0b | B65: . | C65: =+IF(LEN('Anx I pg 1 oferta'!$C$56)>0,"","min. "&VLOOKUP(B64,'% admitidos'!A:M,11,FALSE)&" - med. "&VLOOKUP(B64,'% admitidos'!A:M,12,FALSE)&" - max. "&VLOOKUP(B64,'% admitidos'!A:M,13,FALSE)) -> min. 0 - med. 0 - max. 0
A66: =+'Anx I pg 1 oferta'!$B$18&"T2_L05_inst_"&B66 -> T2_L05_inst_L05-18 | B66: L05-18 | C66: =+VLOOKUP(B66,'DATOS CENTROS'!B:F,4,FALSE) -> S.U. Murcia (La Olma) | E66: =+VLOOKUP(B66,'DATOS CENTROS'!B:F,3,FALSE) -> C | F66: =+VLOOKUP(B66,'DATOS CENTROS'!B:F,5,FALSE) -> 0.035 | G66: =+IF(OR($G$18=0,LEN($G$18)=0),"",+ROUND(((H66)/$G$18),6)) | M66: =+IFERROR(IF(N66<>TRUNC(N66,2),".+ de 2 decim.",IF(COUNTA($H$29:$H$67)<18,18-COUNTA($H$29:$H$68)&" Items ptes.ofertar ",IF(AND($G$18>0,$H$42>0,(N66)/(N66)=1),"ok","mal"))),"¿max.min.ofertado?") -> ¿max.min.ofertado? | N66: =+IF(OR($G$18=0,LEN($G$18)=0),"",IF(OR($G$18<0,+$G$18/$G$18<>1),"Total oferta Lote incorrecto (no numérico o negativo)",IF(AND($G$18>0,$H$42>0,H66<=0),"¿importe ofertado?",IF(AND($G$18>0,$H$37<0),"acum.of.oferta sede >oferta lote",IF(AND($G$18>0,$H$42>0,H66<VLOOKUP(B66,'% admitidos'!A:M,11,FALSE)),+"min."&VLOOKUP(B66,'% admitidos'!A:M,11,FALSE),IF(AND($G$18>0,$H$42>0,H66>VLOOKUP(B66,'% admitidos'!A:M,13,FALSE)),+"max."&VLOOKUP(B66,'% admitidos'!A:M,13,FALSE),+H66))))))
A67: __0b | B67: . | C67: =+IF(LEN('Anx I pg 1 oferta'!$C$56)>0,"","min. "&VLOOKUP(B66,'% admitidos'!A:M,11,FALSE)&" - med. "&VLOOKUP(B66,'% admitidos'!A:M,12,FALSE)&" - max. "&VLOOKUP(B66,'% admitidos'!A:M,13,FALSE)) -> min. 0 - med. 0 - max. 0
A68: =+'Anx I pg 1 oferta'!$B$18&"T2_L05_TOT" -> T2_L05_TOT | F68: =SUM(F29:F67) -> 1 | G68: =SUM(G29:G67) -> 0 | H68: =SUM(H29:H67) -> 0
A69: __0a
A70: __0a
A71: __0a
A72: __0a | B72: Desglose 3
A73: __0a
A74: __0a | B74: DETALLE DE IMPORTES OFERTADOS POR SEDE Y FASES ACTUACIONES BASICAS
A75: __0a | B75: =+$B$11 -> Lote 5 : CCAA Valencia, Castilla-La Mancha, Illes Balears y Murcia.
A76: =+'Anx I pg 1 oferta'!$B$18&"T3_L05_cab0a" -> T3_L05_cab0a | B76: LOTES | C76: CC.AA./ C-A DIRECCIÓN | D76: trabajo | E76: SEDES INMUEBLES | F76: RELACIÓN % s/LOTE | G76: % ofertado (4 decim.) | H76: ACTUACIONES BÁSICAS (A.B) | I76: % POR A.B | J76: IMPORTE POR A.B | K76: IMPORTE ofertado POR SEDE
A77: =+'Anx I pg 1 oferta'!$B$18&"T3_L05_cab0b" -> T3_L05_cab0b | B77: =+B27 -> LOTE-05 | C77: =+C27 -> (plazo de 3 meses) | F77: 1
A78: =+'Anx I pg 1 oferta'!$B$18&"T3_L05_cab1(CA)" -> T3_L05_cab1(CA) | B78: . | C78: =+C28 -> VALENCIA | K78: =+G18 -> 0
A79: =+'Anx I pg 1 oferta'!$B$18&"T3_L05_inst_"&B79&"DA1" -> T3_L05_inst_L05-01DA1 | B79: L05-01 | C79: =+VLOOKUP(B79,'DATOS CENTROS'!B:E,2,FALSE) -> Picayo | D79: =+VLOOKUP(B79,'DATOS CENTROS'!B:E,3,FALSE) -> A + C | E79: =+VLOOKUP(B79,'DATOS CENTROS'!B:E,4,FALSE) -> C.E. FM PICAYO | F79: =+VLOOKUP(B79,'DATOS CENTROS'!B:F,5,FALSE) -> 0.039 | G79: =+IF(G29>0,G29,"") | H79: Recopilación de información y toma de datos | I79: 0.15 | J79: =+IF($K$79>0,+ROUND($K$79*I79,0),"") -> #VALUE! | K79: =+IFERROR(IF(OR($G$18=0,LEN($G$18)=0),"",IF(AND(M29="ok",(H29/H29)=1),N29,"")),"¿?")
A80: =+'Anx I pg 1 oferta'!$B$18&"T3_L05_inst_"&B79&"DA2" -> T3_L05_inst_L05-01DA2 | H80: Análisis y evaluación, determinación del balance de energía | I80: 0.1 | J80: =+IF($K$79>0,+ROUND($K$79*I80,0),"") -> #VALUE!
A81: =+'Anx I pg 1 oferta'!$B$18&"T3_L05_inst_"&B79&"DA3" -> T3_L05_inst_L05-01DA3 | H81: Redacción del Informe Final | I81: 0.2 | J81: =+IF($K$79>0,+ROUND($K$79*I81,0),"") -> #VALUE!
A82: =+'Anx I pg 1 oferta'!$B$18&"T3_L05_inst_"&B79&"DA4" -> T3_L05_inst_L05-01DA4 | H82: Aportación de ficheros ofimáticos soporte del Informe Final | I82: 0.05 | J82: =+IF($K$79>0,+ROUND($K$79*I82,0),"") -> #VALUE!
A83: =+'Anx I pg 1 oferta'!$B$18&"T3_L05_inst_"&B79&"DA5" -> T3_L05_inst_L05-01DA5 | H83: Registro en la Comunidad Autónoma o en el MITECO del Informe Final | I83: 0.5 | J83: =+IF($K$79>0,+$K$79-SUM(J79:J82),"") -> #VALUE!
A84: =+'Anx I pg 1 oferta'!$B$18&"T3_L05_inst_"&B84&"DA1" -> T3_L05_inst_L05-02DA1 | B84: L05-02 | C84: =+VLOOKUP(B84,'DATOS CENTROS'!B:E,2,FALSE) -> C/. Colón, 13, Plantas 3ª y 4ª. | D84: =+VLOOKUP(B84,'DATOS CENTROS'!B:E,3,FALSE) -> A + C | E84: =+VLOOKUP(B84,'DATOS CENTROS'!B:E,4,FALSE) -> C.T. RNE Valencia | F84: =+VLOOKUP(B84,'DATOS CENTROS'!B:F,5,FALSE) -> 0.052 | G84: =+IF(G31>0,G31,"") | H84: Recopilación de información y toma de datos | I84: 0.15 | J84: =+IF($K$84>0,+ROUND($K$84*I84,0),"") -> #VALUE! | K84: =+IFERROR(IF(OR($G$18=0,LEN($G$18)=0),"",IF(AND(M31="ok",(H31/H31)=1),N31,"")),"¿?")
A85: =+'Anx I pg 1 oferta'!$B$18&"T3_L05_inst_"&B84&"DA2" -> T3_L05_inst_L05-02DA2 | H85: Análisis y evaluación, determinación del balance de energía | I85: 0.1 | J85: =+IF($K$84>0,+ROUND($K$84*I85,0),"") -> #VALUE!
A86: =+'Anx I pg 1 oferta'!$B$18&"T3_L05_inst_"&B84&"DA3" -> T3_L05_inst_L05-02DA3 | H86: Redacción del Informe Final | I86: 0.2 | J86: =+IF($K$84>0,+ROUND($K$84*I86,0),"") -> #VALUE!
A87: =+'Anx I pg 1 oferta'!$B$18&"T3_L05_inst_"&B84&"DA4" -> T3_L05_inst_L05-02DA4 | H87: Aportación de ficheros ofimáticos soporte del Informe Final | I87: 0.05 | J87: =+IF($K$84>0,+ROUND($K$84*I87,0),"") -> #VALUE!
A88: =+'Anx I pg 1 oferta'!$B$18&"T3_L05_inst_"&B84&"DA5" -> T3_L05_inst_L05-02DA5 | H88: Registro en la Comunidad Autónoma o en el MITECO del Informe Final | I88: 0.5 | J88: =+IF($K$84>0,+$K$84-SUM(J84:J87),"") -> #VALUE!
A89: =+'Anx I pg 1 oferta'!$B$18&"T3_L05_inst_"&B89&"DA1" -> T3_L05_inst_L05-03DA1 | B89: L05-03 | C89: =+VLOOKUP(B89,'DATOS CENTROS'!B:E,2,FALSE) -> Calle Charles Robert Darwin 46980 | D89: =+VLOOKUP(B89,'DATOS CENTROS'!B:E,3,FALSE) -> C | E89: =+VLOOKUP(B89,'DATOS CENTROS'!B:E,4,FALSE) -> C.T. TVE Valencia | F89: =+VLOOKUP(B89,'DATOS CENTROS'!B:F,5,FALSE) -> 0.035 | G89: =+IF(G33>0,G33,"") | H89: Recopilación de información y toma de datos | I89: 0.15 | J89: =+IF($K$89>0,+ROUND($K$89*I89,0),"") -> #VALUE! | K89: =+IFERROR(IF(OR($G$18=0,LEN($G$18)=0),"",IF(AND(M33="ok",(H33/H33)=1),N33,"")),"¿?")
A90: =+'Anx I pg 1 oferta'!$B$18&"T3_L05_inst_"&B89&"DA2" -> T3_L05_inst_L05-03DA2 | H90: Análisis y evaluación, determinación del balance de energía | I90: 0.1 | J90: =+IF($K$89>0,+ROUND($K$89*I90,0),"") -> #VALUE!
A91: =+'Anx I pg 1 oferta'!$B$18&"T3_L05_inst_"&B89&"DA3" -> T3_L05_inst_L05-03DA3 | H91: Redacción del Informe Final | I91: 0.2 | J91: =+IF($K$89>0,+ROUND($K$89*I91,0),"") -> #VALUE!
A92: =+'Anx I pg 1 oferta'!$B$18&"T3_L05_inst_"&B89&"DA4" -> T3_L05_inst_L05-03DA4 | H92: Aportación de ficheros ofimáticos soporte del Informe Final | I92: 0.05 | J92: =+IF($K$89>0,+ROUND($K$89*I92,0),"") -> #VALUE!
A93: =+'Anx I pg 1 oferta'!$B$18&"T3_L05_inst_"&B89&"DA5" -> T3_L05_inst_L05-03DA5 | H93: Registro en la Comunidad Autónoma o en el MITECO del Informe Final | I93: 0.5 | J93: =+IF($K$89>0,+$K$89-SUM(J89:J92),"") -> #VALUE!
A94: =+'Anx I pg 1 oferta'!$B$18&"T3_L05_inst_"&B94&"DA1" -> T3_L05_inst_L05-04DA1 | B94: L05-04 | C94: =+VLOOKUP(B94,'DATOS CENTROS'!B:E,2,FALSE) -> Avenida Juan Carlos I 37 03202 | D94: =+VLOOKUP(B94,'DATOS CENTROS'!B:E,3,FALSE) -> C | E94: =+VLOOKUP(B94,'DATOS CENTROS'!B:E,4,FALSE) -> S.U. Elche | F94: =+VLOOKUP(B94,'DATOS CENTROS'!B:F,5,FALSE) -> 0.016 | G94: =+IF(G35>0,G35,"") | H94: Recopilación de información y toma de datos | I94: 0.15 | J94: =+IF($K$94>0,+ROUND($K$94*I94,0),"") -> #VALUE! | K94: =+IFERROR(IF(OR($G$18=0,LEN($G$18)=0),"",IF(AND(M35="ok",(H35/H35)=1),N35,"")),"¿?")
A95: =+'Anx I pg 1 oferta'!$B$18&"T3_L05_inst_"&B94&"DA2" -> T3_L05_inst_L05-04DA2 | H95: Análisis y evaluación, determinación del balance de energía | I95: 0.1 | J95: =+IF($K$94>0,+ROUND($K$94*I95,0),"") -> #VALUE!
A96: =+'Anx I pg 1 oferta'!$B$18&"T3_L05_inst_"&B94&"DA3" -> T3_L05_inst_L05-04DA3 | H96: Redacción del Informe Final | I96: 0.2 | J96: =+IF($K$94>0,+ROUND($K$94*I96,0),"") -> #VALUE!
A97: =+'Anx I pg 1 oferta'!$B$18&"T3_L05_inst_"&B94&"DA4" -> T3_L05_inst_L05-04DA4 | H97: Aportación de ficheros ofimáticos soporte del Informe Final | I97: 0.05 | J97: =+IF($K$94>0,+ROUND($K$94*I97,0),"") -> #VALUE!
A98: =+'Anx I pg 1 oferta'!$B$18&"T3_L05_inst_"&B94&"DA5" -> T3_L05_inst_L05-04DA5 | H98: Registro en la Comunidad Autónoma o en el MITECO del Informe Final | I98: 0.5 | J98: =+IF($K$94>0,+$K$94-SUM(J94:J97),"") -> #VALUE!
A99: =+'Anx I pg 1 oferta'!$B$18&"T3_L05_inst_"&B99&"DA1" -> T3_L05_inst_L05-05DA1 | B99: L05-05 | C99: =+VLOOKUP(B99,'DATOS CENTROS'!B:E,2,FALSE) -> Paseo Ribalta 5 Plta. Entresuelo 5, 6 y 7 12001 | D99: =+VLOOKUP(B99,'DATOS CENTROS'!B:E,3,FALSE) -> C | E99: =+VLOOKUP(B99,'DATOS CENTROS'!B:E,4,FALSE) -> U.I. RTVE Castellón | F99: =+VLOOKUP(B99,'DATOS CENTROS'!B:F,5,FALSE) -> 0.016 | G99: =+IF(G37>0,G37,"") | H99: Recopilación de información y toma de datos | I99: 0.15 | J99: =+IF($K$99>0,+ROUND($K$99*I99,0),"") -> #VALUE! | K99: =+IFERROR(IF(OR($G$18=0,LEN($G$18)=0),"",IF(AND(M37="ok",(H37/H37)=1),N37,"")),"¿?")
A100: =+'Anx I pg 1 oferta'!$B$18&"T3_L05_inst_"&B99&"DA2" -> T3_L05_inst_L05-05DA2 | H100: Análisis y evaluación, determinación del balance de energía | I100: 0.1 | J100: =+IF($K$99>0,+ROUND($K$99*I100,0),"") -> #VALUE!
...

Sheet L6 CANT CLEON ASTU
A1: __0a
A2: __0a | B2: NOTA IMPORTANTE: ESTE DESGLOSE SE PRESENTARA FIRMADO EN FORMATO PDF
A3: __0a
A4: __0a
A5: __0a | H5: “A.T. para redacción de auditorías energéticas
A6: __0a | H6: y certificados energéticos de SEDES CRTVE"
A7: __0a | H7: Expediente n.º S/01533/2025
A8: __0a | B8: ANEXO I: DESGLOSE PRECIO LOTE 6
A9: __0a | B9: Desglose 1
A10: __0a | B10: S-01533-2025 - A.T. para redacción de auditorías energéticas y certificados energéticos de SEDES CRTVE
A11: __0a | B11: =CONCATENATE("Lote ",RIGHT(B8,2)," : ",VLOOKUP(_xlfn.NUMBERVALUE(RIGHT(B8,1)),'RESUMEN LOTES'!B:C,2,FALSE)) -> Lote 6 : CCAA Cantabria, Castilla-León y Asturias.
A12: =+'Anx I pg 1 oferta'!$B$18&"T1_L06_cab" -> T1_L06_cab | B12: ID | C12: ACTUACIONES BÁSICAS | G12: IMPORTE | H12: %
A13: =+'Anx I pg 1 oferta'!$B$18&"T1_L06_DAB1" -> T1_L06_DAB1 | B13: A.B-01 | C13: =+IFERROR(IF(OR($G$18=0,LEN($G$18)=0),"Lote NO ofertado, introduzca TOTAL OFERTA LOTE",IF(OR($G$18<0,+$G$18/$G$18<>1),"Total oferta Lote incorrecto (no numérico o negativo)",IF($G$18<>TRUNC($G$18,2),"ERROR: TOTAL OFERTA LOTE más de 2 decimales",IF(VLOOKUP(6,'RESUMEN LOTES'!B7:E15,4,FALSE)<G18,"Importe ofertado supera max. € "&VLOOKUP(6,'RESUMEN LOTES'!B7:E15,4,FALSE),IF(COUNTIFS($M$29:$M$66,"ok")<>16,"Debe revisar Desglose 2 IMPORTE ofertado POR SEDE","Recopilación de información y toma de datos"))))),"TOTAL OFERTA LOTE incorrecto, no es un dato numérico") -> Lote NO ofertado, introduzca TOTAL OFERTA LOTE | G13: =+IF(OR($G$18=0,LEN($G$18)=0),"¿?",IF(COUNTIFS($M$29:$M$66,"ok")<>16,"¿?",+IF(C13="Debe revisar Desglose 2 IMPORTE ofertado POR SEDE","¿?",+SUMIFS($J$78:$J$169,$H$78:$H$169,C13)))) -> ¿? | H13: 0.15
A14: =+'Anx I pg 1 oferta'!$B$18&"T1_L06_DAB2" -> T1_L06_DAB2 | B14: A.B-02 | C14: =+IFERROR(IF(OR($G$18=0,LEN($G$18)=0),"Lote NO ofertado, introduzca TOTAL OFERTA LOTE",IF(OR($G$18<0,+$G$18/$G$18<>1),"Total oferta Lote incorrecto (no numérico o negativo)",IF($G$18<>TRUNC($G$18,2),"ERROR: TOTAL OFERTA LOTE más de 2 decimales",IF(VLOOKUP(6,'RESUMEN LOTES'!B7:E15,4,FALSE)<G18,"Importe ofertado supera max. € "&VLOOKUP(6,'RESUMEN LOTES'!B7:E15,4,FALSE),IF(COUNTIFS($M$29:$M$66,"ok")<>16,"Debe revisar Desglose 2 IMPORTE ofertado POR SEDE","Análisis y evaluación, determinación del balance de energía"))))),"TOTAL OFERTA LOTE incorrecto, no es un dato numérico") -> Lote NO ofertado, introduzca TOTAL OFERTA LOTE | G14: =+IF(OR($G$18=0,LEN($G$18)=0),"¿?",IF(COUNTIFS($M$29:$M$66,"ok")<>16,"¿?",+IF(C14="Debe revisar Desglose 2 IMPORTE ofertado POR SEDE","¿?",+SUMIFS($J$78:$J$169,$H$78:$H$169,C14)))) -> ¿? | H14: 0.1
A15: =+'Anx I pg 1 oferta'!$B$18&"T1_L06_DAB3" -> T1_L06_DAB3 | B15: A.B-03 | C15: =+IFERROR(IF(OR($G$18=0,LEN($G$18)=0),"Lote NO ofertado, introduzca TOTAL OFERTA LOTE",IF(OR($G$18<0,+$G$18/$G$18<>1),"Total oferta Lote incorrecto (no numérico o negativo)",IF($G$18<>TRUNC($G$18,2),"ERROR: TOTAL OFERTA LOTE más de 2 decimales",IF(VLOOKUP(6,'RESUMEN LOTES'!B7:E15,4,FALSE)<G18,"Importe ofertado supera max. € "&VLOOKUP(6,'RESUMEN LOTES'!B7:E15,4,FALSE),IF(COUNTIFS($M$29:$M$66,"ok")<>16,"Debe revisar Desglose 2 IMPORTE ofertado POR SEDE","Redacción del Informe Final"))))),"TOTAL OFERTA LOTE incorrecto, no es un dato numérico") -> Lote NO ofertado, introduzca TOTAL OFERTA LOTE | G15: =+IF(OR($G$18=0,LEN($G$18)=0),"¿?",IF(COUNTIFS($M$29:$M$66,"ok")<>16,"¿?",+IF(C15="Debe revisar Desglose 2 IMPORTE ofertado POR SEDE","¿?",+SUMIFS($J$78:$J$169,$H$78:$H$169,C15)))) -> ¿? | H15: 0.2
A16: =+'Anx I pg 1 oferta'!$B$18&"T1_L06_DAB4" -> T1_L06_DAB4 | B16: A.B-04 | C16: =+IFERROR(IF(OR($G$18=0,LEN($G$18)=0),"Lote NO ofertado, introduzca TOTAL OFERTA LOTE",IF(OR($G$18<0,+$G$18/$G$18<>1),"Total oferta Lote incorrecto (no numérico o negativo)",IF($G$18<>TRUNC($G$18,2),"ERROR: TOTAL OFERTA LOTE más de 2 decimales",IF(VLOOKUP(6,'RESUMEN LOTES'!B7:E15,4,FALSE)<G18,"Importe ofertado supera max. € "&VLOOKUP(6,'RESUMEN LOTES'!B7:E15,4,FALSE),IF(COUNTIFS($M$29:$M$66,"ok")<>16,"Debe revisar Desglose 2 IMPORTE ofertado POR SEDE","Aportación de ficheros ofimáticos soporte del Informe Final"))))),"TOTAL OFERTA LOTE incorrecto, no es un dato numérico") -> Lote NO ofertado, introduzca TOTAL OFERTA LOTE | G16: =+IF(OR($G$18=0,LEN($G$18)=0),"¿?",IF(COUNTIFS($M$29:$M$66,"ok")<>16,"¿?",+IF(C16="Debe revisar Desglose 2 IMPORTE ofertado POR SEDE","¿?",+SUMIFS($J$78:$J$169,$H$78:$H$169,C16)))) -> ¿? | H16: 0.05
A17: =+'Anx I pg 1 oferta'!$B$18&"T1_L06_DAB5" -> T1_L06_DAB5 | B17: A.B-05 | C17: =+IFERROR(IF(OR($G$18=0,LEN($G$18)=0),"Lote NO ofertado, introduzca TOTAL OFERTA LOTE",IF(OR($G$18<0,+$G$18/$G$18<>1),"Total oferta Lote incorrecto (no numérico o negativo)",IF($G$18<>TRUNC($G$18,2),"ERROR: TOTAL OFERTA LOTE más de 2 decimales",IF(VLOOKUP(6,'RESUMEN LOTES'!B7:E15,4,FALSE)<G18,"Importe ofertado supera max. € "&VLOOKUP(6,'RESUMEN LOTES'!B7:E15,4,FALSE),IF(COUNTIFS($M$29:$M$66,"ok")<>16,"Debe revisar Desglose 2 IMPORTE ofertado POR SEDE","Registro en la Comunidad Autónoma o en el Ministerio para la Transición Ecológica del Informe Final"))))),"TOTAL OFERTA LOTE incorrecto, no es un dato numérico") -> Lote NO ofertado, introduzca TOTAL OFERTA LOTE | G17: =+IF(OR($G$18=0,LEN($G$18)=0),"¿?",IF(COUNTIFS($M$29:$M$66,"ok")<>16,"¿?",+IF(C17="Debe revisar Desglose 2 IMPORTE ofertado POR SEDE","¿?",+SUMIFS($J$78:$J$169,$H$78:$H$169,"Registro en la Comunidad Autónoma o en el MITECO del Informe Final")))) -> ¿? | H17: 0.5 | M17: chck total
A18: =+'Anx I pg 1 oferta'!$B$18&"T1_L06_TOT" -> T1_L06_TOT | F18: TOTAL OFERTA LOTE : | G18: 0 | N18: =+SUM(G13:G17) -> 0
A19: __0a
A20: __0a | C20: Fdo.:
A21: __0a
A22: __0a | B22: Desglose 2
A23: __0a
A24: __0a | B24: DESGLOSE DE IMPORTES OFERTADOS POR SEDE
A25: __0a | J25: =+COUNTIFS(M29:M38,"ok") -> 0
A26: =+'Anx I pg 1 oferta'!$B$18&"T2_L06_cab0a" -> T2_L06_cab0a | B26: LOTES | C26: SEDES INMUEBLES | E26: trabajo | F26: RELACIÓN % s/LOTE | G26: % ofertado s/Lote (4 decim.) | H26: IMPORTE ofertado POR SEDE | I26: TOTAL OFERTADO POR LOTE | M26: CHECK DETALLE LOTE POR SEDE
A27: =+'Anx I pg 1 oferta'!$B$18&"T2_L06_cab0b" -> T2_L06_cab0b | B27: LOTE-06 | C27: (plazo de 2 meses) | F27: 1
A28: =+'Anx I pg 1 oferta'!$B$18&"T2_L06_cab1(CA)" -> T2_L06_cab1(CA) | B28: . | C28: CANTABRIA | I28: =+G18 -> 0
A29: =+'Anx I pg 1 oferta'!$B$18&"T2_L06_inst_"&B29 -> T2_L06_inst_L06-01 | B29: L06-01 | C29: =+VLOOKUP(B29,'DATOS CENTROS'!B:F,4,FALSE) -> C.E. FM SANTANDER | E29: =+VLOOKUP(B29,'DATOS CENTROS'!B:F,3,FALSE) -> A + C | F29: =+VLOOKUP(B29,'DATOS CENTROS'!B:F,5,FALSE) -> 0.144 | G29: =+IF(OR($G$18=0,LEN($G$18)=0),"",+ROUND(((H29)/$G$18),6)) | M29: =+IFERROR(IF(N29<>TRUNC(N29,2),".+ de 2 decim.",IF(COUNTA($H$29:$H$66)<16,16-COUNTA($H$29:$H$66)&" Items ptes.ofertar ",IF(AND($G$18>0,$H$61>0,(N29)/(N29)=1),"ok","mal"))),"¿max.min.ofertado?") -> ¿max.min.ofertado? | N29: =+IF(OR($G$18=0,LEN($G$18)=0),"",IF(OR($G$18<0,+$G$18/$G$18<>1),"Total oferta Lote incorrecto (no numérico o negativo)",IF(AND($G$18>0,$H$61>0,H29<=0),"¿importe ofertado?",IF(AND($G$18>0,$H$61<0),"acum.of.oferta sede >oferta lote",IF(AND($G$18>0,$H$61<>0,H29<VLOOKUP(B29,'% admitidos'!A:M,11,FALSE)),+"min."&VLOOKUP(B29,'% admitidos'!A:M,11,FALSE),IF(AND($G$18>0,$H$61>0,H29>VLOOKUP(B29,'% admitidos'!A:M,13,FALSE)),+"max."&VLOOKUP(B29,'% admitidos'!A:M,13,FALSE),+H29))))))
A30: __0b | B30: . | C30: =+IF(LEN('Anx I pg 1 oferta'!$C$56)>0,"","min. "&VLOOKUP(B29,'% admitidos'!A:M,11,FALSE)&" - med. "&VLOOKUP(B29,'% admitidos'!A:M,12,FALSE)&" - max. "&VLOOKUP(B29,'% admitidos'!A:M,13,FALSE)) -> min. 0 - med. 0 - max. 0
A31: =+'Anx I pg 1 oferta'!$B$18&"T2_L06_inst_"&B31 -> T2_L06_inst_L06-02 | B31: L06-02 | C31: =+VLOOKUP(B31,'DATOS CENTROS'!B:F,4,FALSE) -> C.T. RTVE Santander | E31: =+VLOOKUP(B31,'DATOS CENTROS'!B:F,3,FALSE) -> A + C | F31: =+VLOOKUP(B31,'DATOS CENTROS'!B:F,5,FALSE) -> 0.137 | G31: =+IF(OR($G$18=0,LEN($G$18)=0),"",+ROUND(((H31)/$G$18),6)) | M31: =+IFERROR(IF(N31<>TRUNC(N31,2),".+ de 2 decim.",IF(COUNTA($H$29:$H$66)<16,16-COUNTA($H$29:$H$66)&" Items ptes.ofertar ",IF(AND($G$18>0,$H$61>0,(N31)/(N31)=1),"ok","mal"))),"¿max.min.ofertado?") -> ¿max.min.ofertado? | N31: =+IF(OR($G$18=0,LEN($G$18)=0),"",IF(OR($G$18<0,+$G$18/$G$18<>1),"Total oferta Lote incorrecto (no numérico o negativo)",IF(AND($G$18>0,$H$61>0,H31<=0),"¿importe ofertado?",IF(AND($G$18>0,$H$61<0),"acum.of.oferta sede >oferta lote",IF(AND($G$18>0,$H$61>0,H31<VLOOKUP(B31,'% admitidos'!A:M,11,FALSE)),+"min."&VLOOKUP(B31,'% admitidos'!A:M,11,FALSE),IF(AND($G$18>0,$H$61>0,H31>VLOOKUP(B31,'% admitidos'!A:M,13,FALSE)),+"max."&VLOOKUP(B31,'% admitidos'!A:M,13,FALSE),+H31))))))
A32: __0b | B32: . | C32: =+IF(LEN('Anx I pg 1 oferta'!$C$56)>0,"","min. "&VLOOKUP(B31,'% admitidos'!A:M,11,FALSE)&" - med. "&VLOOKUP(B31,'% admitidos'!A:M,12,FALSE)&" - max. "&VLOOKUP(B31,'% admitidos'!A:M,13,FALSE)) -> min. 0 - med. 0 - max. 0
A33: =+'Anx I pg 1 oferta'!$B$18&"T2_L06_inst_"&B33 -> T2_L06_inst_L06-03 | B33: L06-03 | C33: =+VLOOKUP(B33,'DATOS CENTROS'!B:F,4,FALSE) -> S.U. Santander (Vargas) | E33: =+VLOOKUP(B33,'DATOS CENTROS'!B:F,3,FALSE) -> C | F33: =+VLOOKUP(B33,'DATOS CENTROS'!B:F,5,FALSE) -> 0.032 | G33: =+IF(OR($G$18=0,LEN($G$18)=0),"",+ROUND(((H33)/$G$18),6)) | M33: =+IFERROR(IF(N33<>TRUNC(N33,2),".+ de 2 decim.",IF(COUNTA($H$29:$H$66)<16,16-COUNTA($H$29:$H$66)&" Items ptes.ofertar ",IF(AND($G$18>0,$H$61>0,(N33)/(N33)=1),"ok","mal"))),"¿max.min.ofertado?") -> ¿max.min.ofertado? | N33: =+IF(OR($G$18=0,LEN($G$18)=0),"",IF(OR($G$18<0,+$G$18/$G$18<>1),"Total oferta Lote incorrecto (no numérico o negativo)",IF(AND($G$18>0,$H$61>0,H33<=0),"¿importe ofertado?",IF(AND($G$18>0,$H$61<0),"acum.of.oferta sede >oferta lote",IF(AND($G$18>0,$H$61>0,H33<VLOOKUP(B33,'% admitidos'!A:M,11,FALSE)),+"min."&VLOOKUP(B33,'% admitidos'!A:M,11,FALSE),IF(AND($G$18>0,$H$61>0,H33>VLOOKUP(B33,'% admitidos'!A:M,13,FALSE)),+"max."&VLOOKUP(B33,'% admitidos'!A:M,13,FALSE),+H33))))))
A34: __0b | B34: . | C34: =+IF(LEN('Anx I pg 1 oferta'!$C$56)>0,"","min. "&VLOOKUP(B33,'% admitidos'!A:M,11,FALSE)&" - med. "&VLOOKUP(B33,'% admitidos'!A:M,12,FALSE)&" - max. "&VLOOKUP(B33,'% admitidos'!A:M,13,FALSE)) -> min. 0 - med. 0 - max. 0
A35: =+'Anx I pg 1 oferta'!$B$18&"T2_L06_inst_"&B35 -> T2_L06_inst_L06-04 | B35: L06-04 | C35: =+VLOOKUP(B35,'DATOS CENTROS'!B:F,4,FALSE) -> S.U. Torrelavega | E35: =+VLOOKUP(B35,'DATOS CENTROS'!B:F,3,FALSE) -> C | F35: =+VLOOKUP(B35,'DATOS CENTROS'!B:F,5,FALSE) -> 0.021 | G35: =+IF(OR($G$18=0,LEN($G$18)=0),"",+ROUND(((H35)/$G$18),6)) | M35: =+IFERROR(IF(N35<>TRUNC(N35,2),".+ de 2 decim.",IF(COUNTA($H$29:$H$66)<16,16-COUNTA($H$29:$H$66)&" Items ptes.ofertar ",IF(AND($G$18>0,$H$61>0,(N35)/(N35)=1),"ok","mal"))),"¿max.min.ofertado?") -> ¿max.min.ofertado? | N35: =+IF(OR($G$18=0,LEN($G$18)=0),"",IF(OR($G$18<0,+$G$18/$G$18<>1),"Total oferta Lote incorrecto (no numérico o negativo)",IF(AND($G$18>0,$H$61>0,H35<=0),"¿importe ofertado?",IF(AND($G$18>0,$H$61<0),"acum.of.oferta sede >oferta lote",IF(AND($G$18>0,$H$61>0,H35<VLOOKUP(B35,'% admitidos'!A:M,11,FALSE)),+"min."&VLOOKUP(B35,'% admitidos'!A:M,11,FALSE),IF(AND($G$18>0,$H$61>0,H35>VLOOKUP(B35,'% admitidos'!A:M,13,FALSE)),+"max."&VLOOKUP(B35,'% admitidos'!A:M,13,FALSE),+H35))))))
A36: __0b | B36: . | C36: =+IF(LEN('Anx I pg 1 oferta'!$C$56)>0,"","min. "&VLOOKUP(B35,'% admitidos'!A:M,11,FALSE)&" - med. "&VLOOKUP(B35,'% admitidos'!A:M,12,FALSE)&" - max. "&VLOOKUP(B35,'% admitidos'!A:M,13,FALSE)) -> min. 0 - med. 0 - max. 0
A37: =+'Anx I pg 1 oferta'!$B$18&"T2_L06_cab2(CA)" -> T2_L06_cab2(CA) | B37: . | C37: CASTILLA LEÓN
A38: =+'Anx I pg 1 oferta'!$B$18&"T2_L06_inst_"&B38 -> T2_L06_inst_L06-05 | B38: L06-05 | C38: =+VLOOKUP(B38,'DATOS CENTROS'!B:F,4,FALSE) -> C.E. SAN CRISTOBAL | E38: =+VLOOKUP(B38,'DATOS CENTROS'!B:F,3,FALSE) -> A + C | F38: =+VLOOKUP(B38,'DATOS CENTROS'!B:F,5,FALSE) -> 0.092 | G38: =+IF(OR($G$18=0,LEN($G$18)=0),"",+ROUND(((H38)/$G$18),6)) | M38: =+IFERROR(IF(N38<>TRUNC(N38,2),".+ de 2 decim.",IF(COUNTA($H$29:$H$66)<16,16-COUNTA($H$29:$H$66)&" Items ptes.ofertar ",IF(AND($G$18>0,$H$61>0,(N38)/(N38)=1),"ok","mal"))),"¿max.min.ofertado?") -> ¿max.min.ofertado? | N38: =+IF(OR($G$18=0,LEN($G$18)=0),"",IF(OR($G$18<0,+$G$18/$G$18<>1),"Total oferta Lote incorrecto (no numérico o negativo)",IF(AND($G$18>0,$H$61>0,H38<=0),"¿importe ofertado?",IF(AND($G$18>0,$H$61<0),"acum.of.oferta sede >oferta lote",IF(AND($G$18>0,$H$61>0,H38<VLOOKUP(B38,'% admitidos'!A:M,11,FALSE)),+"min."&VLOOKUP(B38,'% admitidos'!A:M,11,FALSE),IF(AND($G$18>0,$H$61>0,H38>VLOOKUP(B38,'% admitidos'!A:M,13,FALSE)),+"max."&+ROUND(VLOOKUP(B38,'% admitidos'!A:M,13,FALSE),4),+H38))))))
A39: __0b | B39: . | C39: =+IF(LEN('Anx I pg 1 oferta'!$C$56)>0,"","min. "&VLOOKUP(B38,'% admitidos'!A:M,11,FALSE)&" - med. "&VLOOKUP(B38,'% admitidos'!A:M,12,FALSE)&" - max. "&+ROUND(VLOOKUP(B38,'% admitidos'!A:M,13,FALSE),6)) -> min. 0 - med. 0 - max. 0
A40: =+'Anx I pg 1 oferta'!$B$18&"T2_L06_inst_"&B40 -> T2_L06_inst_L06-06 | B40: L06-06 | C40: =+VLOOKUP(B40,'DATOS CENTROS'!B:F,4,FALSE) -> C.T. TVE Valladolid | E40: =+VLOOKUP(B40,'DATOS CENTROS'!B:F,3,FALSE) -> A + C | F40: =+VLOOKUP(B40,'DATOS CENTROS'!B:F,5,FALSE) -> 0.12 | G40: =+IF(OR($G$18=0,LEN($G$18)=0),"",+ROUND(((H40)/$G$18),6)) | M40: =+IFERROR(IF(N40<>TRUNC(N40,2),".+ de 2 decim.",IF(COUNTA($H$29:$H$66)<16,16-COUNTA($H$29:$H$66)&" Items ptes.ofertar ",IF(AND($G$18>0,$H$61>0,(N40)/(N40)=1),"ok","mal"))),"¿max.min.ofertado?") -> ¿max.min.ofertado? | N40: =+IF(OR($G$18=0,LEN($G$18)=0),"",IF(OR($G$18<0,+$G$18/$G$18<>1),"Total oferta Lote incorrecto (no numérico o negativo)",IF(AND($G$18>0,$H$61>0,H40<=0),"¿importe ofertado?",IF(AND($G$18>0,$H$61<0),"acum.of.oferta sede >oferta lote",IF(AND($G$18>0,$H$61>0,H40<VLOOKUP(B40,'% admitidos'!A:M,11,FALSE)),+"min."&VLOOKUP(B40,'% admitidos'!A:M,11,FALSE),IF(AND($G$18>0,$H$61>0,H40>VLOOKUP(B40,'% admitidos'!A:M,13,FALSE)),+"max."&VLOOKUP(B40,'% admitidos'!A:M,13,FALSE),+H40))))))
A41: __0b | B41: . | C41: =+IF(LEN('Anx I pg 1 oferta'!$C$56)>0,"","min. "&VLOOKUP(B40,'% admitidos'!A:M,11,FALSE)&" - med. "&VLOOKUP(B40,'% admitidos'!A:M,12,FALSE)&" - max. "&+ROUND(VLOOKUP(B40,'% admitidos'!A:M,13,FALSE),6)) -> min. 0 - med. 0 - max. 0
A42: =+'Anx I pg 1 oferta'!$B$18&"T2_L06_inst_"&B42 -> T2_L06_inst_L06-07 | B42: L06-07 | C42: =+VLOOKUP(B42,'DATOS CENTROS'!B:F,4,FALSE) -> U.I. RTVE Soria | E42: =+VLOOKUP(B42,'DATOS CENTROS'!B:F,3,FALSE) -> C | F42: =+VLOOKUP(B42,'DATOS CENTROS'!B:F,5,FALSE) -> 0.021 | G42: =+IF(OR($G$18=0,LEN($G$18)=0),"",+ROUND(((H42)/$G$18),6)) | M42: =+IFERROR(IF(N42<>TRUNC(N42,2),".+ de 2 decim.",IF(COUNTA($H$29:$H$66)<16,16-COUNTA($H$29:$H$66)&" Items ptes.ofertar ",IF(AND($G$18>0,$H$61>0,(N42)/(N42)=1),"ok","mal"))),"¿max.min.ofertado?") -> ¿max.min.ofertado? | N42: =+IF(OR($G$18=0,LEN($G$18)=0),"",IF(OR($G$18<0,+$G$18/$G$18<>1),"Total oferta Lote incorrecto (no numérico o negativo)",IF(AND($G$18>0,$H$61>0,H42<=0),"¿importe ofertado?",IF(AND($G$18>0,$H$61<0),"acum.of.oferta sede >oferta lote",IF(AND($G$18>0,$H$61>0,H42<VLOOKUP(B42,'% admitidos'!A:M,11,FALSE)),+"min."&VLOOKUP(B42,'% admitidos'!A:M,11,FALSE),IF(AND($G$18>0,$H$61>0,H42>VLOOKUP(B42,'% admitidos'!A:M,13,FALSE)),+"max."&VLOOKUP(B42,'% admitidos'!A:M,13,FALSE),+H42))))))
A43: __0b | B43: . | C43: =+IF(LEN('Anx I pg 1 oferta'!$C$56)>0,"","min. "&VLOOKUP(B42,'% admitidos'!A:M,11,FALSE)&" - med. "&VLOOKUP(B42,'% admitidos'!A:M,12,FALSE)&" - max. "&VLOOKUP(B42,'% admitidos'!A:M,13,FALSE)) -> min. 0 - med. 0 - max. 0
A44: =+'Anx I pg 1 oferta'!$B$18&"T2_L06_inst_"&B44 -> T2_L06_inst_L06-08 | B44: L06-08 | C44: =+VLOOKUP(B44,'DATOS CENTROS'!B:F,4,FALSE) -> U.I. RTVE Ponferrada | E44: =+VLOOKUP(B44,'DATOS CENTROS'!B:F,3,FALSE) -> C | F44: =+VLOOKUP(B44,'DATOS CENTROS'!B:F,5,FALSE) -> 0.021 | G44: =+IF(OR($G$18=0,LEN($G$18)=0),"",+ROUND(((H44)/$G$18),6)) | M44: =+IFERROR(IF(N44<>TRUNC(N44,2),".+ de 2 decim.",IF(COUNTA($H$29:$H$66)<16,16-COUNTA($H$29:$H$66)&" Items ptes.ofertar ",IF(AND($G$18>0,$H$61>0,(N44)/(N44)=1),"ok","mal"))),"¿max.min.ofertado?") -> ¿max.min.ofertado? | N44: =+IF(OR($G$18=0,LEN($G$18)=0),"",IF(OR($G$18<0,+$G$18/$G$18<>1),"Total oferta Lote incorrecto (no numérico o negativo)",IF(AND($G$18>0,$H$61>0,H44<=0),"¿importe ofertado?",IF(AND($G$18>0,$H$61<0),"acum.of.oferta sede >oferta lote",IF(AND($G$18>0,$H$61>0,H44<VLOOKUP(B44,'% admitidos'!A:M,11,FALSE)),+"min."&VLOOKUP(B44,'% admitidos'!A:M,11,FALSE),IF(AND($G$18>0,$H$61>0,H44>VLOOKUP(B44,'% admitidos'!A:M,13,FALSE)),+"max."&VLOOKUP(B44,'% admitidos'!A:M,13,FALSE),+H44))))))
A45: __0b | B45: . | C45: =+IF(LEN('Anx I pg 1 oferta'!$C$56)>0,"","min. "&VLOOKUP(B44,'% admitidos'!A:M,11,FALSE)&" - med. "&VLOOKUP(B44,'% admitidos'!A:M,12,FALSE)&" - max. "&VLOOKUP(B44,'% admitidos'!A:M,13,FALSE)) -> min. 0 - med. 0 - max. 0
A46: =+'Anx I pg 1 oferta'!$B$18&"T2_L06_inst_"&B46 -> T2_L06_inst_L06-09 | B46: L06-09 | C46: =+VLOOKUP(B46,'DATOS CENTROS'!B:F,4,FALSE) -> U.I. RTVE Ávila | E46: =+VLOOKUP(B46,'DATOS CENTROS'!B:F,3,FALSE) -> C | F46: =+VLOOKUP(B46,'DATOS CENTROS'!B:F,5,FALSE) -> 0.028 | G46: =+IF(OR($G$18=0,LEN($G$18)=0),"",+ROUND(((H46)/$G$18),6)) | M46: =+IFERROR(IF(N46<>TRUNC(N46,2),".+ de 2 decim.",IF(COUNTA($H$29:$H$66)<16,16-COUNTA($H$29:$H$66)&" Items ptes.ofertar ",IF(AND($G$18>0,$H$61>0,(N46)/(N46)=1),"ok","mal"))),"¿max.min.ofertado?") -> ¿max.min.ofertado? | N46: =+IF(OR($G$18=0,LEN($G$18)=0),"",IF(OR($G$18<0,+$G$18/$G$18<>1),"Total oferta Lote incorrecto (no numérico o negativo)",IF(AND($G$18>0,$H$61>0,H46<=0),"¿importe ofertado?",IF(AND($G$18>0,$H$61<0),"acum.of.oferta sede >oferta lote",IF(AND($G$18>0,$H$61>0,H46<VLOOKUP(B46,'% admitidos'!A:M,11,FALSE)),+"min."&VLOOKUP(B46,'% admitidos'!A:M,11,FALSE),IF(AND($G$18>0,$H$61>0,H46>VLOOKUP(B46,'% admitidos'!A:M,13,FALSE)),+"max."&VLOOKUP(B46,'% admitidos'!A:M,13,FALSE),+H46))))))
A47: __0b | B47: . | C47: =+IF(LEN('Anx I pg 1 oferta'!$C$56)>0,"","min. "&VLOOKUP(B46,'% admitidos'!A:M,11,FALSE)&" - med. "&VLOOKUP(B46,'% admitidos'!A:M,12,FALSE)&" - max. "&VLOOKUP(B46,'% admitidos'!A:M,13,FALSE)) -> min. 0 - med. 0 - max. 0
A48: =+'Anx I pg 1 oferta'!$B$18&"T2_L06_inst_"&B48 -> T2_L06_inst_L06-10 | B48: L06-10 | C48: =+VLOOKUP(B48,'DATOS CENTROS'!B:F,4,FALSE) -> U.I. RTVE Burgos | E48: =+VLOOKUP(B48,'DATOS CENTROS'!B:F,3,FALSE) -> C | F48: =+VLOOKUP(B48,'DATOS CENTROS'!B:F,5,FALSE) -> 0.035 | G48: =+IF(OR($G$18=0,LEN($G$18)=0),"",+ROUND(((H48)/$G$18),6)) | M48: =+IFERROR(IF(N48<>TRUNC(N48,2),".+ de 2 decim.",IF(COUNTA($H$29:$H$66)<16,16-COUNTA($H$29:$H$66)&" Items ptes.ofertar ",IF(AND($G$18>0,$H$61>0,(N48)/(N48)=1),"ok","mal"))),"¿max.min.ofertado?") -> ¿max.min.ofertado? | N48: =+IF(OR($G$18=0,LEN($G$18)=0),"",IF(OR($G$18<0,+$G$18/$G$18<>1),"Total oferta Lote incorrecto (no numérico o negativo)",IF(AND($G$18>0,$H$61>0,H48<=0),"¿importe ofertado?",IF(AND($G$18>0,$H$61<0),"acum.of.oferta sede >oferta lote",IF(AND($G$18>0,$H$61>0,H48<VLOOKUP(B48,'% admitidos'!A:M,11,FALSE)),+"min."&VLOOKUP(B48,'% admitidos'!A:M,11,FALSE),IF(AND($G$18>0,$H$61>0,H48>VLOOKUP(B48,'% admitidos'!A:M,13,FALSE)),+"max."&VLOOKUP(B48,'% admitidos'!A:M,13,FALSE),+H48))))))
A49: __0b | B49: . | C49: =+IF(LEN('Anx I pg 1 oferta'!$C$56)>0,"","min. "&VLOOKUP(B48,'% admitidos'!A:M,11,FALSE)&" - med. "&VLOOKUP(B48,'% admitidos'!A:M,12,FALSE)&" - max. "&+ROUND(VLOOKUP(B48,'% admitidos'!A:M,13,FALSE),6)) -> min. 0 - med. 0 - max. 0
